Workbook
Name \z: #REF!
Name \z: #REF!
Name \z: #REF!
Name \z: #REF!
Name \z: #REF!
Name Arial: #REF!
Name Arial: #REF!
Name Arial: #REF!
Name Arial: #REF!
Name Aut_original: #REF!
Name Aut_original: #REF!
Name Aut_original: #REF!
Name Aut_resumo: #REF!
Name Aut_resumo: #REF!
Name Aut_resumo: #REF!
Name CC: éformula
Name CC: éformula
Name CC: éformula
Name CC: éformula
Name COMP: #REF!
Name COMP: #REF!
Name COMP: #REF!
Name COMP: #REF!
Name COMP: #REF!
Name COT.3: #REF!
Name COT.3: #REF!
Name COT.3: #REF!
Name COT.3: #REF!
Name COT.3: #REF!
Name COT.4: #REF!
Name COT.4: #REF!
Name COT.4: #REF!
Name CRONOGRAMA: #REF!
Name CRONOGRAMA: #REF!
Name CRONOGRAMA: #REF!
Name CRONOGRAMA: #REF!
Name DDDDD: #REF!
Name DDDDD: #REF!
Name DEZEMBRO2021: #REF!
Name DEZEMBRO2021: #REF!
Name ff: #REF!
Name ff: #REF!
Name flavio: #REF!
Name flavio: #REF!
Name flavio: #REF!
Name flavio: #REF!
Name flavio: #REF!
Name formato.formula: CELL(48,INDIRECT("rc",FALSE))
Name formatoformula: éformula
Name formatoformula: éformula
Name formatoformula: éformula
Name formatoformula: éformula
Name formatoformula: éformula
Name GGGG: #REF!
Name GGGG: #REF!
Name GGGG: #REF!
Name GGGG: #REF!
Name GGGG: #REF!
Name HHH: #REF!
Name HHH: #REF!

Sheet CLIENTE-OBJETO
A1: Dados da Obra | M1: RESUMO | P1: ESCOLHIDO
A2: Cliente | B2: PREFEITURA MUNICIPAL DE SANTA BRANCA | M2: BDI Geral | N2: DESONERADO | O2: ONERADO
A3: Objeto | B3: PROJETO DE INFRAESTRUTURA - RUA LARANJEIRAS | M3: BDI Diferen. | N3: 0 | O3: 0 | P3: =IF($C$7="Desonerado",N3,O3) -> 0
A4: Local | B4: RUA LARANJEIRAS - SANTA BRANCA/SP | M4: Valor Global | N4: =BDI!G28 -> 0.2685 | O4: =BDI!G27 -> 0.2073 | P4: =IF($C$7="Desonerado",N4,O4) -> 0.2073
A5: Base | B5: =M10&" - "&N10&" | "&M11&" - "&N11&" | "&M12&" - "&N12&" | "&M13&" - "&N13&" | "&M14&" - "&N14&" " -> SINAPI - JUN.2025 | CDHU - MAI.2025 (198) | SIURB EDIF - JAN.2025 | SIURB INFRA - JAN.2025 | SICRO NOVO - ABR.2025 | M5: Diferença | N5: 0 | O5: 0
A6: Leis Sociais: | B6: =M10&" - "&O10*100&"%"&" | "&M11&" - "&O11*100&"%"&" | "&M12&" - "&O12*100&"%"&" | "&M13&" - "&O13*100&"%"&" | "&M14&" " -> SINAPI - 115,48% | CDHU - 128,23% | SIURB EDIF - 129,17% | SIURB INFRA - 129,17% | SICRO NOVO | N6: 0
A7: BDI | B7: =P4 -> 0.2073 | C7: ONERADO
M9: BASE - FONTE | N9: VERSÃO BASE | O9: LEIS SOCIAIS | P9: ATUALIZAÇÃO | Q9: INTERVALO (MÊS)
A10: Data: | B10: =TODAY() -> 45947 | M10: SINAPI | N10: JUN.2025 | O10: 1.1548 | P10: MENSAL | Q10: (1-2-3-...)
M11: CDHU | N11: MAI.2025 (198) | O11: 1.2823 | P11: TRIMESTRAL | Q11: (3-6-9-12)
M12: SIURB EDIF | N12: JAN.2025 | O12: 1.2917 | P12: SEMESTRAL | Q12: (01-07)
M13: SIURB INFRA | N13: JAN.2025 | O13: 1.2917 | P13: SEMESTRAL | Q13: (01-07)
M14: SICRO NOVO | N14: ABR.2025
A15: ASSINATURA: | B15: DARIO NASCIMENTO
B16: ENGENHEIRO CIVIL
B17: CREA 5069979311
A20: VERSÃO | B20: DATA | C20: ELAB. | D20: VER. | E20: APROV. | F20: DESCRIÇÃO
A21: V00 | B21: 45881 | C21: K.M | D21: D.N | E21: D.N | F21: EMISSÃO INICIAL

Sheet RESUMO
A1: Dados da Obra
A2: Cliente | B2: ='CLIENTE-OBJETO'!B2 -> PREFEITURA MUNICIPAL DE SANTA BRANCA
A3: Objeto | B3: ='CLIENTE-OBJETO'!B3 -> PROJETO DE INFRAESTRUTURA - RUA LARANJEIRAS
A4: Local | B4: ='CLIENTE-OBJETO'!B4 -> RUA LARANJEIRAS - SANTA BRANCA/SP
A5: Base | B5: ='CLIENTE-OBJETO'!B5:K5 -> SINAPI - JUN.2025 | CDHU - MAI.2025 (198) | SIURB EDIF - JAN.2025 | SIURB INFRA - JAN.2025 | SICRO NOVO - ABR.2025
A6: Leis Sociais: | B6: ='CLIENTE-OBJETO'!B6 -> SINAPI - 115,48% | CDHU - 128,23% | SIURB EDIF - 129,17% | SIURB INFRA - 129,17% | SICRO NOVO
A7: BDI | B7: ='CLIENTE-OBJETO'!B7 -> 0.2073 | C7: ='CLIENTE-OBJETO'!C7 -> ONERADO
C9: RESUMO
E10: CONTRATADO - ORIGINAL
E11: =E26 -> 1038925.4
A13: Item | B13: Descrição dos Serviços | E13: Preço Total | H13: % TOTAL
A15: 1 | B15: =IF(A15<>0,INDEX('Plan. Orçamentária'!$D$1:$M$1808,MATCH(A15,'Plan. Orçamentária'!$D$1:$D$1808,0),2),0) -> EQUIPE TÉCNICA | E15: =IF(A15<>0,INDEX('Plan. Orçamentária'!$D$1:$M$1808,MATCH(A15,'Plan. Orçamentária'!$D$1:$D$1808,0),9),0) -> 0 | H15: =IFERROR(E15/$E$11,0) -> 0 | I15: =IFERROR(E15/$E$11,0) -> 0
A16: =A15+1 -> 2 | B16: =IF(A16<>0,INDEX('Plan. Orçamentária'!$D$1:$M$1808,MATCH(A16,'Plan. Orçamentária'!$D$1:$D$1808,0),2),0) -> CANTEIRO DE OBRAS | E16: =IF(A16<>0,INDEX('Plan. Orçamentária'!$D$1:$M$1808,MATCH(A16,'Plan. Orçamentária'!$D$1:$D$1808,0),9),0) -> 15250.02 | H16: =IFERROR(E16/$E$11,0) -> 0.0147 | I16: =IFERROR(E16/$E$11,0) -> 0.0147
A17: =A16+1 -> 3 | B17: =IF(A17<>0,INDEX('Plan. Orçamentária'!$D$1:$M$1808,MATCH(A17,'Plan. Orçamentária'!$D$1:$D$1808,0),2),0) -> ESTUDO DE IMPACTO DE VIZINHANÇA | E17: =IF(A17<>0,INDEX('Plan. Orçamentária'!$D$1:$M$1808,MATCH(A17,'Plan. Orçamentária'!$D$1:$D$1808,0),9),0) -> 0 | H17: =IFERROR(E17/$E$11,0) -> 0 | I17: =IFERROR(E17/#REF!,0) -> 0
A18: =A17+1 -> 4 | B18: =IF(A18<>0,INDEX('Plan. Orçamentária'!$D$1:$M$1808,MATCH(A18,'Plan. Orçamentária'!$D$1:$D$1808,0),2),0) -> TERRAPLANAGEM | E18: =IF(A18<>0,INDEX('Plan. Orçamentária'!$D$1:$M$1808,MATCH(A18,'Plan. Orçamentária'!$D$1:$D$1808,0),9),0) -> 67438.86 | H18: =IFERROR(E18/$E$11,0) -> 0.0649 | I18: =IFERROR(E18/#REF!,0) -> 0
A19: =A18+1 -> 5 | B19: =IF(A19<>0,INDEX('Plan. Orçamentária'!$D$1:$M$1808,MATCH(A19,'Plan. Orçamentária'!$D$1:$D$1808,0),2),0) -> PAVIMENTAÇÃO ASFÁLTICA | E19: =IF(A19<>0,INDEX('Plan. Orçamentária'!$D$1:$M$1808,MATCH(A19,'Plan. Orçamentária'!$D$1:$D$1808,0),9),0) -> 630086.48 | H19: =IFERROR(E19/$E$11,0) -> 0.6065 | I19: =IFERROR(E19/#REF!,0) -> 0
A20: =A19+1 -> 6 | B20: =IF(A20<>0,INDEX('Plan. Orçamentária'!$D$1:$M$1808,MATCH(A20,'Plan. Orçamentária'!$D$1:$D$1808,0),2),0) -> SARJETÃO | E20: =IF(A20<>0,INDEX('Plan. Orçamentária'!$D$1:$M$1808,MATCH(A20,'Plan. Orçamentária'!$D$1:$D$1808,0),9),0) -> 315504.39 | H20: =IFERROR(E20/$E$11,0) -> 0.3037 | I20: =IFERROR(E20/#REF!,0) -> 0
A21: =A20+1 -> 7 | B21: =IF(A21<>0,INDEX('Plan. Orçamentária'!$D$1:$M$1808,MATCH(A21,'Plan. Orçamentária'!$D$1:$D$1808,0),2),0) -> INFRAESTRUTURA COMPLEMENTAR | E21: =IF(A21<>0,INDEX('Plan. Orçamentária'!$D$1:$M$1808,MATCH(A21,'Plan. Orçamentária'!$D$1:$D$1808,0),9),0) -> 10645.62 | H21: =IFERROR(E21/$E$11,0) -> 0.0102 | I21: =IFERROR(E21/#REF!,0) -> 0
A22: =A21+1 -> 8 | B22: =IF(A22<>0,INDEX('Plan. Orçamentária'!$D$1:$M$1808,MATCH(A22,'Plan. Orçamentária'!$D$1:$D$1808,0),2),0) -> LIMPEZA FINAL | E22: =IF(A22<>0,INDEX('Plan. Orçamentária'!$D$1:$M$1808,MATCH(A22,'Plan. Orçamentária'!$D$1:$D$1808,0),9),0) -> 0 | H22: =IFERROR(E22/$E$11,0) -> 0 | I22: =IFERROR(E22/#REF!,0) -> 0
A23: =A22+1 -> 9 | B23: =IF(A23<>0,INDEX('Plan. Orçamentária'!$D$1:$M$1808,MATCH(A23,'Plan. Orçamentária'!$D$1:$D$1808,0),2),0) -> CONTROLE TECNOLÓGICO | E23: =IF(A23<>0,INDEX('Plan. Orçamentária'!$D$1:$M$1808,MATCH(A23,'Plan. Orçamentária'!$D$1:$D$1808,0),9),0) -> 0 | H23: =IFERROR(E23/$E$11,0) -> 0 | I23: =IFERROR(E23/#REF!,0) -> 0
A24: =A23+1 -> 10 | B24: =IF(A24<>0,INDEX('Plan. Orçamentária'!$D$1:$M$1808,MATCH(A24,'Plan. Orçamentária'!$D$1:$D$1808,0),2),0) -> PROJETO EXECUTIVO | E24: =IF(A24<>0,INDEX('Plan. Orçamentária'!$D$1:$M$1808,MATCH(A24,'Plan. Orçamentária'!$D$1:$D$1808,0),9),0) -> 0 | H24: =IFERROR(E24/$E$11,0) -> 0 | I24: =IFERROR(E24/#REF!,0) -> 0
A26: ='CLIENTE-OBJETO'!A10 -> Data: | B26: ='CLIENTE-OBJETO'!B10 -> 45947 | E26: =SUM(E15:E16,E17:E18,E19:E22,E23:E24) -> 1038925.4
C29: ='CLIENTE-OBJETO'!B15 -> DARIO NASCIMENTO
C30: ='CLIENTE-OBJETO'!B16 -> ENGENHEIRO CIVIL
C31: ='CLIENTE-OBJETO'!B17 -> CREA 5069979311

Sheet Plan. Orçamentária
D1: Dados da Obra | H1: ='CLIENTE-OBJETO'!A20 -> VERSÃO | I1: ='CLIENTE-OBJETO'!B20 -> DATA | J1: ='CLIENTE-OBJETO'!C20 -> ELAB. | K1: ='CLIENTE-OBJETO'!D20 -> VER. | L1: ='CLIENTE-OBJETO'!E20 -> APROV. | N1: x
D2: Cliente | E2: ='CLIENTE-OBJETO'!B2 -> PREFEITURA MUNICIPAL DE SANTA BRANCA | H2: ='CLIENTE-OBJETO'!A21 -> V00 | I2: ='CLIENTE-OBJETO'!B21 -> 45881 | J2: ='CLIENTE-OBJETO'!C21 -> K.M | K2: ='CLIENTE-OBJETO'!D21 -> D.N | L2: ='CLIENTE-OBJETO'!E21 -> D.N
D3: Objeto | E3: ='CLIENTE-OBJETO'!B3 -> PROJETO DE INFRAESTRUTURA - RUA LARANJEIRAS
D4: Local | E4: ='CLIENTE-OBJETO'!B4 -> RUA LARANJEIRAS - SANTA BRANCA/SP
D5: Base | E5: ='CLIENTE-OBJETO'!B5 -> SINAPI - JUN.2025 | CDHU - MAI.2025 (198) | SIURB EDIF - JAN.2025 | SIURB INFRA - JAN.2025 | SICRO NOVO - ABR.2025
D6: Leis Sociais: | E6: ='CLIENTE-OBJETO'!B6 -> SINAPI - 115,48% | CDHU - 128,23% | SIURB EDIF - 129,17% | SIURB INFRA - 129,17% | SICRO NOVO
D7: BDI | E7: ='CLIENTE-OBJETO'!B7 -> 0.2073 | F7: ='CLIENTE-OBJETO'!C7 -> ONERADO
D10: PLANILHA ORÇAMENTÁRIA
I12: CONTRATADO - ORIGINAL | P12: verificação de formulas em celulas
H13: T | I13: VALOR GLOBAL | L13: =L99 -> 1038925.4
D15: Item | E15: Fonte | F15: Código | G15: Descrição dos Serviços | H15: Unid. | I15: Quant. | J15: Custo Unitário | K15: Preço Unitário | L15: Preço Total
A17: =LEFT(D17,1) -> 1 | B17: =D17 -> 1 | C17: =IF(D17="",0,B17) -> 1 | D17: 1 | E17: EQUIPE TÉCNICA | K17: SUBTOTAL | L17: =SUMIF(C17:C97,D17,L18:L87) -> 0 | O17: =IFERROR(L17/$L$13,0) -> 0
A18: =LEFT(D18,1) -> 1 | B18: =B17 -> 1 | C18: =C17 -> 1 | D18: =(D17*1000)+1 -> 1001 | E18: SINAPI | F18: 90778 | G18: =IF($E18="SINAPI",VLOOKUP(F18,'SINAPI_ONERADO-06.25'!$B$11:$E$9657,2,FALSE),IF($E18="CDHU",VLOOKUP($F18,'CDHU_Onerado-05.25-(198)'!$A$9:$F$4118,2,FALSE),IF($E18="FDE",VLOOKUP($F18,#REF!,2,FALSE),IF($E18="SIURB (E)",VLOOKUP($F18,'EDIF sem Des Jan25'!$A$3:$D$3000,2,FALSE),IF($E18="SIURB (I)",VLOOKUP($F18,'INFRA sem Des Jan25'!$A$2:$D$1000,2,FALSE),IF($E18="SICRO NOVO",VLOOKUP($F18,'SICRO.DNIT ONERADA 04.25'!$A$4:$D$7000,2,FALSE),IF($E18="COMPOSIÇÃO",VLOOKUP($F18,#REF!,2),IF($E18="DER",VLOOKUP($F18,#REF!,2,0))))))))) -> ENGENHEIRO CIVIL DE OBRA PLENO COM ENCARGOS COMPLEMENTARES | H18: =IF($E18="SINAPI",VLOOKUP($F18,'SINAPI_ONERADO-06.25'!$B$11:$E$9657,3,FALSE),IF($E18="CDHU",VLOOKUP($F18,'CDHU_Onerado-05.25-(198)'!$A$9:$F$4118,3,FALSE),IF($E18="FDE",VLOOKUP($F18,#REF!,3,FALSE),IF($E18="SIURB (E)",VLOOKUP($F18,'EDIF sem Des Jan25'!$A$3:$D$3000,3,FALSE),IF($E18="SIURB (I)",VLOOKUP($F18,'INFRA sem Des Jan25'!$A$2:$D$1000,3,FALSE),IF($E18="SICRO NOVO",VLOOKUP($F18,'SICRO.DNIT ONERADA 04.25'!$A$4:$D$7000,3,FALSE),IF($E18="DER",VLOOKUP($F18,#REF!,3,0)))))))) -> H | I18: 0 | J18: =IF($E18="SINAPI",VLOOKUP($F18,'SINAPI_ONERADO-06.25'!$B$11:$E$9657,4,FALSE),IF($E18="CDHU",VLOOKUP($F18,'CDHU_Onerado-05.25-(198)'!$A$9:$F$4118,6,FALSE),IF($E18="FDE",VLOOKUP($F18,#REF!,5,FALSE),IF($E18="SIURB (E)",VLOOKUP($F18,'EDIF sem Des Jan25'!$A$3:$D$3000,4,FALSE),IF($E18="SIURB (I)",VLOOKUP($F18,'INFRA sem Des Jan25'!$A$2:$D$1000,4,FALSE),IF($E18="SICRO NOVO",VLOOKUP($F18,'SICRO.DNIT ONERADA 04.25'!$A$4:$D$7000,4,FALSE),IF($E18="DER",VLOOKUP($F18,#REF!,4,0)))))))) -> 132.73 | K18: =J18*(1+IF(N18="x",'CLIENTE-OBJETO'!$P$3,$E$7)) -> 160.24 | L18: =ROUND(ROUND(I18,2)*ROUND(K18,2),2) -> 0 | O18: =IFERROR(L18/$L$13,0) -> 0 | P18: =IF(_xlfn.ISFORMULA(J18)&_xlfn.ISFORMULA(K18)&_xlfn.ISFORMULA(L18)&_xlfn.ISFORMULA(I18)="verdadeiroverdadeiroverdadeiroverdadeiro","ok","verificar formulas") -> verificar formulas
A19: =LEFT(D19,1) -> 1 | B19: =B18 -> 1 | C19: =C18 -> 1 | D19: =(D18+1) -> 1002 | E19: SINAPI | F19: 100309 | G19: =IF($E19="SINAPI",VLOOKUP(F19,'SINAPI_ONERADO-06.25'!$B$11:$E$9657,2,FALSE),IF($E19="CDHU",VLOOKUP($F19,'CDHU_Onerado-05.25-(198)'!$A$9:$F$4118,2,FALSE),IF($E19="FDE",VLOOKUP($F19,#REF!,2,FALSE),IF($E19="SIURB (E)",VLOOKUP($F19,'EDIF sem Des Jan25'!$A$3:$D$3000,2,FALSE),IF($E19="SIURB (I)",VLOOKUP($F19,'INFRA sem Des Jan25'!$A$2:$D$1000,2,FALSE),IF($E19="SICRO NOVO",VLOOKUP($F19,'SICRO.DNIT ONERADA 04.25'!$A$4:$D$7000,2,FALSE),IF($E19="COMPOSIÇÃO",VLOOKUP($F19,#REF!,2),IF($E19="DER",VLOOKUP($F19,#REF!,2,0))))))))) -> TÉCNICO EM SEGURANÇA DO TRABALHO COM ENCARGOS COMPLEMENTARES | H19: =IF($E19="SINAPI",VLOOKUP($F19,'SINAPI_ONERADO-06.25'!$B$11:$E$9657,3,FALSE),IF($E19="CDHU",VLOOKUP($F19,'CDHU_Onerado-05.25-(198)'!$A$9:$F$4118,3,FALSE),IF($E19="FDE",VLOOKUP($F19,#REF!,3,FALSE),IF($E19="SIURB (E)",VLOOKUP($F19,'EDIF sem Des Jan25'!$A$3:$D$3000,3,FALSE),IF($E19="SIURB (I)",VLOOKUP($F19,'INFRA sem Des Jan25'!$A$2:$D$1000,3,FALSE),IF($E19="SICRO NOVO",VLOOKUP($F19,'SICRO.DNIT ONERADA 04.25'!$A$4:$D$7000,3,FALSE),IF($E19="DER",VLOOKUP($F19,#REF!,3,0)))))))) -> H | I19: 0 | J19: =IF($E19="SINAPI",VLOOKUP($F19,'SINAPI_ONERADO-06.25'!$B$11:$E$9657,4,FALSE),IF($E19="CDHU",VLOOKUP($F19,'CDHU_Onerado-05.25-(198)'!$A$9:$F$4118,6,FALSE),IF($E19="FDE",VLOOKUP($F19,#REF!,5,FALSE),IF($E19="SIURB (E)",VLOOKUP($F19,'EDIF sem Des Jan25'!$A$3:$D$3000,4,FALSE),IF($E19="SIURB (I)",VLOOKUP($F19,'INFRA sem Des Jan25'!$A$2:$D$1000,4,FALSE),IF($E19="SICRO NOVO",VLOOKUP($F19,'SICRO.DNIT ONERADA 04.25'!$A$4:$D$7000,4,FALSE),IF($E19="DER",VLOOKUP($F19,#REF!,4,0)))))))) -> 77.13 | K19: =J19*(1+IF(N19="x",'CLIENTE-OBJETO'!$P$3,$E$7)) -> 93.12 | L19: =ROUND(ROUND(I19,2)*ROUND(K19,2),2) -> 0 | O19: =IFERROR(L19/$L$13,0) -> 0 | P19: =IF(_xlfn.ISFORMULA(J19)&_xlfn.ISFORMULA(K19)&_xlfn.ISFORMULA(L19)&_xlfn.ISFORMULA(I19)="verdadeiroverdadeiroverdadeiroverdadeiro","ok","verificar formulas") -> verificar formulas
A20: =LEFT(D20,1) -> 1 | B20: =B19 -> 1 | C20: =C19 -> 1 | D20: =(D19+1) -> 1003 | E20: SINAPI | F20: 100289 | G20: =IF($E20="SINAPI",VLOOKUP(F20,'SINAPI_ONERADO-06.25'!$B$11:$E$9657,2,FALSE),IF($E20="CDHU",VLOOKUP($F20,'CDHU_Onerado-05.25-(198)'!$A$9:$F$4118,2,FALSE),IF($E20="FDE",VLOOKUP($F20,#REF!,2,FALSE),IF($E20="SIURB (E)",VLOOKUP($F20,'EDIF sem Des Jan25'!$A$3:$D$3000,2,FALSE),IF($E20="SIURB (I)",VLOOKUP($F20,'INFRA sem Des Jan25'!$A$2:$D$1000,2,FALSE),IF($E20="SICRO NOVO",VLOOKUP($F20,'SICRO.DNIT ONERADA 04.25'!$A$4:$D$7000,2,FALSE),IF($E20="COMPOSIÇÃO",VLOOKUP($F20,#REF!,2),IF($E20="DER",VLOOKUP($F20,#REF!,2,0))))))))) -> VIGIA DIURNO COM ENCARGOS COMPLEMENTARES | H20: =IF($E20="SINAPI",VLOOKUP($F20,'SINAPI_ONERADO-06.25'!$B$11:$E$9657,3,FALSE),IF($E20="CDHU",VLOOKUP($F20,'CDHU_Onerado-05.25-(198)'!$A$9:$F$4118,3,FALSE),IF($E20="FDE",VLOOKUP($F20,#REF!,3,FALSE),IF($E20="SIURB (E)",VLOOKUP($F20,'EDIF sem Des Jan25'!$A$3:$D$3000,3,FALSE),IF($E20="SIURB (I)",VLOOKUP($F20,'INFRA sem Des Jan25'!$A$2:$D$1000,3,FALSE),IF($E20="SICRO NOVO",VLOOKUP($F20,'SICRO.DNIT ONERADA 04.25'!$A$4:$D$7000,3,FALSE),IF($E20="DER",VLOOKUP($F20,#REF!,3,0)))))))) -> H | I20: 0 | J20: =IF($E20="SINAPI",VLOOKUP($F20,'SINAPI_ONERADO-06.25'!$B$11:$E$9657,4,FALSE),IF($E20="CDHU",VLOOKUP($F20,'CDHU_Onerado-05.25-(198)'!$A$9:$F$4118,6,FALSE),IF($E20="FDE",VLOOKUP($F20,#REF!,5,FALSE),IF($E20="SIURB (E)",VLOOKUP($F20,'EDIF sem Des Jan25'!$A$3:$D$3000,4,FALSE),IF($E20="SIURB (I)",VLOOKUP($F20,'INFRA sem Des Jan25'!$A$2:$D$1000,4,FALSE),IF($E20="SICRO NOVO",VLOOKUP($F20,'SICRO.DNIT ONERADA 04.25'!$A$4:$D$7000,4,FALSE),IF($E20="DER",VLOOKUP($F20,#REF!,4,0)))))))) -> 32.95 | K20: =J20*(1+IF(N20="x",'CLIENTE-OBJETO'!$P$3,$E$7)) -> 39.78 | L20: =ROUND(ROUND(I20,2)*ROUND(K20,2),2) -> 0 | O20: =IFERROR(L20/$L$13,0) -> 0 | P20: =IF(_xlfn.ISFORMULA(J20)&_xlfn.ISFORMULA(K20)&_xlfn.ISFORMULA(L20)&_xlfn.ISFORMULA(I20)="verdadeiroverdadeiroverdadeiroverdadeiro","ok","verificar formulas") -> verificar formulas
A22: =LEFT(D22,1) -> 2 | B22: =D22 -> 2 | C22: =IF(D22="",0,B22) -> 2 | D22: =D17+1 -> 2 | E22: CANTEIRO DE OBRAS | K22: SUBTOTAL | L22: =SUMIF(C23:C97,D22,L23:L97) -> 15250.02 | O22: =IFERROR(L22/$L$13,0) -> 0.0147
A23: =LEFT(D23,1) -> 2 | B23: =B22 -> 2 | C23: =IF(D23="",0,B23) -> 2 | D23: =(D22*1000)+1 -> 2001 | E23: CDHU | F23: 02.02.150 | G23: =IF($E23="SINAPI",VLOOKUP(F23,'SINAPI_ONERADO-06.25'!$B$11:$E$9657,2,FALSE),IF($E23="CDHU",VLOOKUP($F23,'CDHU_Onerado-05.25-(198)'!$A$9:$F$4118,2,FALSE),IF($E23="FDE",VLOOKUP($F23,#REF!,2,FALSE),IF($E23="SIURB (E)",VLOOKUP($F23,'EDIF sem Des Jan25'!$A$3:$D$3000,2,FALSE),IF($E23="SIURB (I)",VLOOKUP($F23,'INFRA sem Des Jan25'!$A$2:$D$1000,2,FALSE),IF($E23="SICRO NOVO",VLOOKUP($F23,'SICRO.DNIT ONERADA 04.25'!$A$4:$D$7000,2,FALSE),IF($E23="COMPOSIÇÃO",VLOOKUP($F23,#REF!,2),IF($E23="DER",VLOOKUP($F23,#REF!,2,0))))))))) -> Locação de container tipo depósito - área mínima de 13,80 m² | H23: =IF($E23="SINAPI",VLOOKUP($F23,'SINAPI_ONERADO-06.25'!$B$11:$E$9657,3,FALSE),IF($E23="CDHU",VLOOKUP($F23,'CDHU_Onerado-05.25-(198)'!$A$9:$F$4118,3,FALSE),IF($E23="FDE",VLOOKUP($F23,#REF!,3,FALSE),IF($E23="SIURB (E)",VLOOKUP($F23,'EDIF sem Des Jan25'!$A$3:$D$3000,3,FALSE),IF($E23="SIURB (I)",VLOOKUP($F23,'INFRA sem Des Jan25'!$A$2:$D$1000,3,FALSE),IF($E23="SICRO NOVO",VLOOKUP($F23,'SICRO.DNIT ONERADA 04.25'!$A$4:$D$7000,3,FALSE),IF($E23="DER",VLOOKUP($F23,#REF!,3,0)))))))) -> UNMES | I23: 0 | J23: =IF($E23="SINAPI",VLOOKUP($F23,'SINAPI_ONERADO-06.25'!$B$11:$E$9657,4,FALSE),IF($E23="CDHU",VLOOKUP($F23,'CDHU_Onerado-05.25-(198)'!$A$9:$F$4118,6,FALSE),IF($E23="FDE",VLOOKUP($F23,#REF!,5,FALSE),IF($E23="SIURB (E)",VLOOKUP($F23,'EDIF sem Des Jan25'!$A$3:$D$3000,4,FALSE),IF($E23="SIURB (I)",VLOOKUP($F23,'INFRA sem Des Jan25'!$A$2:$D$1000,4,FALSE),IF($E23="SICRO NOVO",VLOOKUP($F23,'SICRO.DNIT ONERADA 04.25'!$A$4:$D$7000,4,FALSE),IF($E23="DER",VLOOKUP($F23,#REF!,4,0)))))))) -> 962.54 | K23: =J23*(1+IF(N23="x",'CLIENTE-OBJETO'!$P$3,$E$7)) -> 1162.07 | L23: =ROUND(ROUND(I23,2)*ROUND(K23,2),2) -> 0 | O23: =IFERROR(L23/$L$13,0) -> 0 | P23: =IF(_xlfn.ISFORMULA(J23)&_xlfn.ISFORMULA(K23)&_xlfn.ISFORMULA(L23)&_xlfn.ISFORMULA(I23)="verdadeiroverdadeiroverdadeiroverdadeiro","ok","verificar formulas") -> verificar formulas
A24: =LEFT(D24,1) -> 2 | B24: =B23 -> 2 | C24: =IF(D24="",0,B24) -> 2 | D24: =D23+1 -> 2002 | E24: CDHU | F24: 02.02.140 | G24: =IF($E24="SINAPI",VLOOKUP(F24,'SINAPI_ONERADO-06.25'!$B$11:$E$9657,2,FALSE),IF($E24="CDHU",VLOOKUP($F24,'CDHU_Onerado-05.25-(198)'!$A$9:$F$4118,2,FALSE),IF($E24="FDE",VLOOKUP($F24,#REF!,2,FALSE),IF($E24="SIURB (E)",VLOOKUP($F24,'EDIF sem Des Jan25'!$A$3:$D$3000,2,FALSE),IF($E24="SIURB (I)",VLOOKUP($F24,'INFRA sem Des Jan25'!$A$2:$D$1000,2,FALSE),IF($E24="SICRO NOVO",VLOOKUP($F24,'SICRO.DNIT ONERADA 04.25'!$A$4:$D$7000,2,FALSE),IF($E24="COMPOSIÇÃO",VLOOKUP($F24,#REF!,2),IF($E24="DER",VLOOKUP($F24,#REF!,2,0))))))))) -> Locação de container tipo sanitário com 2 vasos sanitários, 2 lavatórios, 2 mictórios e 4 pontos para chuveiro - área mínima de 13,80 m² | H24: =IF($E24="SINAPI",VLOOKUP($F24,'SINAPI_ONERADO-06.25'!$B$11:$E$9657,3,FALSE),IF($E24="CDHU",VLOOKUP($F24,'CDHU_Onerado-05.25-(198)'!$A$9:$F$4118,3,FALSE),IF($E24="FDE",VLOOKUP($F24,#REF!,3,FALSE),IF($E24="SIURB (E)",VLOOKUP($F24,'EDIF sem Des Jan25'!$A$3:$D$3000,3,FALSE),IF($E24="SIURB (I)",VLOOKUP($F24,'INFRA sem Des Jan25'!$A$2:$D$1000,3,FALSE),IF($E24="SICRO NOVO",VLOOKUP($F24,'SICRO.DNIT ONERADA 04.25'!$A$4:$D$7000,3,FALSE),IF($E24="DER",VLOOKUP($F24,#REF!,3,0)))))))) -> UNMES | I24: 0 | J24: =IF($E24="SINAPI",VLOOKUP($F24,'SINAPI_ONERADO-06.25'!$B$11:$E$9657,4,FALSE),IF($E24="CDHU",VLOOKUP($F24,'CDHU_Onerado-05.25-(198)'!$A$9:$F$4118,6,FALSE),IF($E24="FDE",VLOOKUP($F24,#REF!,5,FALSE),IF($E24="SIURB (E)",VLOOKUP($F24,'EDIF sem Des Jan25'!$A$3:$D$3000,4,FALSE),IF($E24="SIURB (I)",VLOOKUP($F24,'INFRA sem Des Jan25'!$A$2:$D$1000,4,FALSE),IF($E24="SICRO NOVO",VLOOKUP($F24,'SICRO.DNIT ONERADA 04.25'!$A$4:$D$7000,4,FALSE),IF($E24="DER",VLOOKUP($F24,#REF!,4,0)))))))) -> 1458.52 | K24: =J24*(1+IF(N24="x",'CLIENTE-OBJETO'!$P$3,$E$7)) -> 1760.87 | L24: =ROUND(ROUND(I24,2)*ROUND(K24,2),2) -> 0 | O24: =IFERROR(L24/$L$13,0) -> 0 | P24: =IF(_xlfn.ISFORMULA(J24)&_xlfn.ISFORMULA(K24)&_xlfn.ISFORMULA(L24)&_xlfn.ISFORMULA(I24)="verdadeiroverdadeiroverdadeiroverdadeiro","ok","verificar formulas") -> verificar formulas
A25: =LEFT(D25,1) -> 2 | B25: =B24 -> 2 | C25: =IF(D25="",0,B25) -> 2 | D25: =D24+1 -> 2003 | E25: CDHU | F25: 02.02.130 | G25: =IF($E25="SINAPI",VLOOKUP(F25,'SINAPI_ONERADO-06.25'!$B$11:$E$9657,2,FALSE),IF($E25="CDHU",VLOOKUP($F25,'CDHU_Onerado-05.25-(198)'!$A$9:$F$4118,2,FALSE),IF($E25="FDE",VLOOKUP($F25,#REF!,2,FALSE),IF($E25="SIURB (E)",VLOOKUP($F25,'EDIF sem Des Jan25'!$A$3:$D$3000,2,FALSE),IF($E25="SIURB (I)",VLOOKUP($F25,'INFRA sem Des Jan25'!$A$2:$D$1000,2,FALSE),IF($E25="SICRO NOVO",VLOOKUP($F25,'SICRO.DNIT ONERADA 04.25'!$A$4:$D$7000,2,FALSE),IF($E25="COMPOSIÇÃO",VLOOKUP($F25,#REF!,2),IF($E25="DER",VLOOKUP($F25,#REF!,2,0))))))))) -> Locação de container tipo escritório com 1 vaso sanitário, 1 lavatório e 1 ponto para chuveiro - área mínima de 13,80 m² | H25: =IF($E25="SINAPI",VLOOKUP($F25,'SINAPI_ONERADO-06.25'!$B$11:$E$9657,3,FALSE),IF($E25="CDHU",VLOOKUP($F25,'CDHU_Onerado-05.25-(198)'!$A$9:$F$4118,3,FALSE),IF($E25="FDE",VLOOKUP($F25,#REF!,3,FALSE),IF($E25="SIURB (E)",VLOOKUP($F25,'EDIF sem Des Jan25'!$A$3:$D$3000,3,FALSE),IF($E25="SIURB (I)",VLOOKUP($F25,'INFRA sem Des Jan25'!$A$2:$D$1000,3,FALSE),IF($E25="SICRO NOVO",VLOOKUP($F25,'SICRO.DNIT ONERADA 04.25'!$A$4:$D$7000,3,FALSE),IF($E25="DER",VLOOKUP($F25,#REF!,3,0)))))))) -> UNMES | I25: 0 | J25: =IF($E25="SINAPI",VLOOKUP($F25,'SINAPI_ONERADO-06.25'!$B$11:$E$9657,4,FALSE),IF($E25="CDHU",VLOOKUP($F25,'CDHU_Onerado-05.25-(198)'!$A$9:$F$4118,6,FALSE),IF($E25="FDE",VLOOKUP($F25,#REF!,5,FALSE),IF($E25="SIURB (E)",VLOOKUP($F25,'EDIF sem Des Jan25'!$A$3:$D$3000,4,FALSE),IF($E25="SIURB (I)",VLOOKUP($F25,'INFRA sem Des Jan25'!$A$2:$D$1000,4,FALSE),IF($E25="SICRO NOVO",VLOOKUP($F25,'SICRO.DNIT ONERADA 04.25'!$A$4:$D$7000,4,FALSE),IF($E25="DER",VLOOKUP($F25,#REF!,4,0)))))))) -> 1567.65 | K25: =J25*(1+IF(N25="x",'CLIENTE-OBJETO'!$P$3,$E$7)) -> 1892.62 | L25: =ROUND(ROUND(I25,2)*ROUND(K25,2),2) -> 0 | O25: =IFERROR(L25/$L$13,0) -> 0 | P25: =IF(_xlfn.ISFORMULA(J25)&_xlfn.ISFORMULA(K25)&_xlfn.ISFORMULA(L25)&_xlfn.ISFORMULA(I25)="verdadeiroverdadeiroverdadeiroverdadeiro","ok","verificar formulas") -> verificar formulas
A26: =LEFT(D26,1) -> 2 | B26: =B25 -> 2 | C26: =IF(D26="",0,B26) -> 2 | D26: =D25+1 -> 2004 | E26: CDHU | F26: 02.02.160 | G26: =IF($E26="SINAPI",VLOOKUP(F26,'SINAPI_ONERADO-06.25'!$B$11:$E$9657,2,FALSE),IF($E26="CDHU",VLOOKUP($F26,'CDHU_Onerado-05.25-(198)'!$A$9:$F$4118,2,FALSE),IF($E26="FDE",VLOOKUP($F26,#REF!,2,FALSE),IF($E26="SIURB (E)",VLOOKUP($F26,'EDIF sem Des Jan25'!$A$3:$D$3000,2,FALSE),IF($E26="SIURB (I)",VLOOKUP($F26,'INFRA sem Des Jan25'!$A$2:$D$1000,2,FALSE),IF($E26="SICRO NOVO",VLOOKUP($F26,'SICRO.DNIT ONERADA 04.25'!$A$4:$D$7000,2,FALSE),IF($E26="COMPOSIÇÃO",VLOOKUP($F26,#REF!,2),IF($E26="DER",VLOOKUP($F26,#REF!,2,0))))))))) -> Locação de container tipo guarita - área mínima de 4,60 m² | H26: =IF($E26="SINAPI",VLOOKUP($F26,'SINAPI_ONERADO-06.25'!$B$11:$E$9657,3,FALSE),IF($E26="CDHU",VLOOKUP($F26,'CDHU_Onerado-05.25-(198)'!$A$9:$F$4118,3,FALSE),IF($E26="FDE",VLOOKUP($F26,#REF!,3,FALSE),IF($E26="SIURB (E)",VLOOKUP($F26,'EDIF sem Des Jan25'!$A$3:$D$3000,3,FALSE),IF($E26="SIURB (I)",VLOOKUP($F26,'INFRA sem Des Jan25'!$A$2:$D$1000,3,FALSE),IF($E26="SICRO NOVO",VLOOKUP($F26,'SICRO.DNIT ONERADA 04.25'!$A$4:$D$7000,3,FALSE),IF($E26="DER",VLOOKUP($F26,#REF!,3,0)))))))) -> UNMES | I26: 0 | J26: =IF($E26="SINAPI",VLOOKUP($F26,'SINAPI_ONERADO-06.25'!$B$11:$E$9657,4,FALSE),IF($E26="CDHU",VLOOKUP($F26,'CDHU_Onerado-05.25-(198)'!$A$9:$F$4118,6,FALSE),IF($E26="FDE",VLOOKUP($F26,#REF!,5,FALSE),IF($E26="SIURB (E)",VLOOKUP($F26,'EDIF sem Des Jan25'!$A$3:$D$3000,4,FALSE),IF($E26="SIURB (I)",VLOOKUP($F26,'INFRA sem Des Jan25'!$A$2:$D$1000,4,FALSE),IF($E26="SICRO NOVO",VLOOKUP($F26,'SICRO.DNIT ONERADA 04.25'!$A$4:$D$7000,4,FALSE),IF($E26="DER",VLOOKUP($F26,#REF!,4,0)))))))) -> 951.71 | K26: =J26*(1+IF(N26="x",'CLIENTE-OBJETO'!$P$3,$E$7)) -> 1149 | L26: =ROUND(ROUND(I26,2)*ROUND(K26,2),2) -> 0 | O26: =IFERROR(L26/$L$13,0) -> 0 | P26: =IF(_xlfn.ISFORMULA(J26)&_xlfn.ISFORMULA(K26)&_xlfn.ISFORMULA(L26)&_xlfn.ISFORMULA(I26)="verdadeiroverdadeiroverdadeiroverdadeiro","ok","verificar formulas") -> verificar formulas
A27: =LEFT(D27,1) -> 2 | B27: =B26 -> 2 | C27: =IF(D27="",0,B27) -> 2 | D27: =D26+1 -> 2005 | E27: CDHU | F27: 02.03.120 | G27: =IF($E27="SINAPI",VLOOKUP(F27,'SINAPI_ONERADO-06.25'!$B$11:$E$9657,2,FALSE),IF($E27="CDHU",VLOOKUP($F27,'CDHU_Onerado-05.25-(198)'!$A$9:$F$4118,2,FALSE),IF($E27="FDE",VLOOKUP($F27,#REF!,2,FALSE),IF($E27="SIURB (E)",VLOOKUP($F27,'EDIF sem Des Jan25'!$A$3:$D$3000,2,FALSE),IF($E27="SIURB (I)",VLOOKUP($F27,'INFRA sem Des Jan25'!$A$2:$D$1000,2,FALSE),IF($E27="SICRO NOVO",VLOOKUP($F27,'SICRO.DNIT ONERADA 04.25'!$A$4:$D$7000,2,FALSE),IF($E27="COMPOSIÇÃO",VLOOKUP($F27,#REF!,2),IF($E27="DER",VLOOKUP($F27,#REF!,2,0))))))))) -> Tapume fixo para fechamento de áreas, com portão | H27: =IF($E27="SINAPI",VLOOKUP($F27,'SINAPI_ONERADO-06.25'!$B$11:$E$9657,3,FALSE),IF($E27="CDHU",VLOOKUP($F27,'CDHU_Onerado-05.25-(198)'!$A$9:$F$4118,3,FALSE),IF($E27="FDE",VLOOKUP($F27,#REF!,3,FALSE),IF($E27="SIURB (E)",VLOOKUP($F27,'EDIF sem Des Jan25'!$A$3:$D$3000,3,FALSE),IF($E27="SIURB (I)",VLOOKUP($F27,'INFRA sem Des Jan25'!$A$2:$D$1000,3,FALSE),IF($E27="SICRO NOVO",VLOOKUP($F27,'SICRO.DNIT ONERADA 04.25'!$A$4:$D$7000,3,FALSE),IF($E27="DER",VLOOKUP($F27,#REF!,3,0)))))))) -> M2 | I27: 0 | J27: =IF($E27="SINAPI",VLOOKUP($F27,'SINAPI_ONERADO-06.25'!$B$11:$E$9657,4,FALSE),IF($E27="CDHU",VLOOKUP($F27,'CDHU_Onerado-05.25-(198)'!$A$9:$F$4118,6,FALSE),IF($E27="FDE",VLOOKUP($F27,#REF!,5,FALSE),IF($E27="SIURB (E)",VLOOKUP($F27,'EDIF sem Des Jan25'!$A$3:$D$3000,4,FALSE),IF($E27="SIURB (I)",VLOOKUP($F27,'INFRA sem Des Jan25'!$A$2:$D$1000,4,FALSE),IF($E27="SICRO NOVO",VLOOKUP($F27,'SICRO.DNIT ONERADA 04.25'!$A$4:$D$7000,4,FALSE),IF($E27="DER",VLOOKUP($F27,#REF!,4,0)))))))) -> 114.77 | K27: =J27*(1+IF(N27="x",'CLIENTE-OBJETO'!$P$3,$E$7)) -> 138.56 | L27: =ROUND(ROUND(I27,2)*ROUND(K27,2),2) -> 0 | O27: =IFERROR(L27/$L$13,0) -> 0 | P27: =IF(_xlfn.ISFORMULA(J27)&_xlfn.ISFORMULA(K27)&_xlfn.ISFORMULA(L27)&_xlfn.ISFORMULA(I27)="verdadeiroverdadeiroverdadeiroverdadeiro","ok","verificar formulas") -> verificar formulas
A28: =LEFT(D28,1) -> 2 | B28: =B27 -> 2 | C28: =IF(D28="",0,B28) -> 2 | D28: =D27+1 -> 2006 | E28: SIURB (E) | F28: 1005007 | G28: =IF($E28="SINAPI",VLOOKUP(F28,'SINAPI_ONERADO-06.25'!$B$11:$E$9657,2,FALSE),IF($E28="CDHU",VLOOKUP($F28,'CDHU_Onerado-05.25-(198)'!$A$9:$F$4118,2,FALSE),IF($E28="FDE",VLOOKUP($F28,#REF!,2,FALSE),IF($E28="SIURB (E)",VLOOKUP($F28,'EDIF sem Des Jan25'!$A$3:$D$3000,2,FALSE),IF($E28="SIURB (I)",VLOOKUP($F28,'INFRA sem Des Jan25'!$A$2:$D$1000,2,FALSE),IF($E28="SICRO NOVO",VLOOKUP($F28,'SICRO.DNIT ONERADA 04.25'!$A$4:$D$7000,2,FALSE),IF($E28="COMPOSIÇÃO",VLOOKUP($F28,#REF!,2),IF($E28="DER",VLOOKUP($F28,#REF!,2,0))))))))) -> PORTÃO DE PEDESTRES - 1,15M, PARA TAPUME | H28: =IF($E28="SINAPI",VLOOKUP($F28,'SINAPI_ONERADO-06.25'!$B$11:$E$9657,3,FALSE),IF($E28="CDHU",VLOOKUP($F28,'CDHU_Onerado-05.25-(198)'!$A$9:$F$4118,3,FALSE),IF($E28="FDE",VLOOKUP($F28,#REF!,3,FALSE),IF($E28="SIURB (E)",VLOOKUP($F28,'EDIF sem Des Jan25'!$A$3:$D$3000,3,FALSE),IF($E28="SIURB (I)",VLOOKUP($F28,'INFRA sem Des Jan25'!$A$2:$D$1000,3,FALSE),IF($E28="SICRO NOVO",VLOOKUP($F28,'SICRO.DNIT ONERADA 04.25'!$A$4:$D$7000,3,FALSE),IF($E28="DER",VLOOKUP($F28,#REF!,3,0)))))))) -> M2 | I28: 0 | J28: =IF($E28="SINAPI",VLOOKUP($F28,'SINAPI_ONERADO-06.25'!$B$11:$E$9657,4,FALSE),IF($E28="CDHU",VLOOKUP($F28,'CDHU_Onerado-05.25-(198)'!$A$9:$F$4118,6,FALSE),IF($E28="FDE",VLOOKUP($F28,#REF!,5,FALSE),IF($E28="SIURB (E)",VLOOKUP($F28,'EDIF sem Des Jan25'!$A$3:$D$3000,4,FALSE),IF($E28="SIURB (I)",VLOOKUP($F28,'INFRA sem Des Jan25'!$A$2:$D$1000,4,FALSE),IF($E28="SICRO NOVO",VLOOKUP($F28,'SICRO.DNIT ONERADA 04.25'!$A$4:$D$7000,4,FALSE),IF($E28="DER",VLOOKUP($F28,#REF!,4,0)))))))) -> 277.23 | K28: =J28*(1+IF(N28="x",'CLIENTE-OBJETO'!$P$3,$E$7)) -> 334.7 | L28: =ROUND(ROUND(I28,2)*ROUND(K28,2),2) -> 0 | O28: =IFERROR(L28/$L$13,0) -> 0 | P28: =IF(_xlfn.ISFORMULA(J28)&_xlfn.ISFORMULA(K28)&_xlfn.ISFORMULA(L28)&_xlfn.ISFORMULA(I28)="verdadeiroverdadeiroverdadeiroverdadeiro","ok","verificar formulas") -> verificar formulas
A29: =LEFT(D29,1) -> 2 | B29: =B28 -> 2 | C29: =IF(D29="",0,B29) -> 2 | D29: =D28+1 -> 2007 | E29: CDHU | F29: 02.01.180 | G29: =IF($E29="SINAPI",VLOOKUP(F29,'SINAPI_ONERADO-06.25'!$B$11:$E$9657,2,FALSE),IF($E29="CDHU",VLOOKUP($F29,'CDHU_Onerado-05.25-(198)'!$A$9:$F$4118,2,FALSE),IF($E29="FDE",VLOOKUP($F29,#REF!,2,FALSE),IF($E29="SIURB (E)",VLOOKUP($F29,'EDIF sem Des Jan25'!$A$3:$D$3000,2,FALSE),IF($E29="SIURB (I)",VLOOKUP($F29,'INFRA sem Des Jan25'!$A$2:$D$1000,2,FALSE),IF($E29="SICRO NOVO",VLOOKUP($F29,'SICRO.DNIT ONERADA 04.25'!$A$4:$D$7000,2,FALSE),IF($E29="COMPOSIÇÃO",VLOOKUP($F29,#REF!,2),IF($E29="DER",VLOOKUP($F29,#REF!,2,0))))))))) -> Banheiro químico modelo Standard, com manutenção conforme exigências da CETESB | H29: =IF($E29="SINAPI",VLOOKUP($F29,'SINAPI_ONERADO-06.25'!$B$11:$E$9657,3,FALSE),IF($E29="CDHU",VLOOKUP($F29,'CDHU_Onerado-05.25-(198)'!$A$9:$F$4118,3,FALSE),IF($E29="FDE",VLOOKUP($F29,#REF!,3,FALSE),IF($E29="SIURB (E)",VLOOKUP($F29,'EDIF sem Des Jan25'!$A$3:$D$3000,3,FALSE),IF($E29="SIURB (I)",VLOOKUP($F29,'INFRA sem Des Jan25'!$A$2:$D$1000,3,FALSE),IF($E29="SICRO NOVO",VLOOKUP($F29,'SICRO.DNIT ONERADA 04.25'!$A$4:$D$7000,3,FALSE),IF($E29="DER",VLOOKUP($F29,#REF!,3,0)))))))) -> UNMES | I29: 6 | J29: =IF($E29="SINAPI",VLOOKUP($F29,'SINAPI_ONERADO-06.25'!$B$11:$E$9657,4,FALSE),IF($E29="CDHU",VLOOKUP($F29,'CDHU_Onerado-05.25-(198)'!$A$9:$F$4118,6,FALSE),IF($E29="FDE",VLOOKUP($F29,#REF!,5,FALSE),IF($E29="SIURB (E)",VLOOKUP($F29,'EDIF sem Des Jan25'!$A$3:$D$3000,4,FALSE),IF($E29="SIURB (I)",VLOOKUP($F29,'INFRA sem Des Jan25'!$A$2:$D$1000,4,FALSE),IF($E29="SICRO NOVO",VLOOKUP($F29,'SICRO.DNIT ONERADA 04.25'!$A$4:$D$7000,4,FALSE),IF($E29="DER",VLOOKUP($F29,#REF!,4,0)))))))) -> 1157.98 | K29: =J29*(1+IF(N29="x",'CLIENTE-OBJETO'!$P$3,$E$7)) -> 1398.03 | L29: =ROUND(ROUND(I29,2)*ROUND(K29,2),2) -> 8388.18 | O29: =IFERROR(L29/$L$13,0) -> 0.0081 | P29: =IF(_xlfn.ISFORMULA(J29)&_xlfn.ISFORMULA(K29)&_xlfn.ISFORMULA(L29)&_xlfn.ISFORMULA(I29)="verdadeiroverdadeiroverdadeiroverdadeiro","ok","verificar formulas") -> verificar formulas
A30: =LEFT(D30,1) -> 2 | B30: =B29 -> 2 | C30: =IF(D30="",0,B30) -> 2 | D30: =D29+1 -> 2008 | E30: CDHU | F30: 02.08.020 | G30: =IF($E30="SINAPI",VLOOKUP(F30,'SINAPI_ONERADO-06.25'!$B$11:$E$9657,2,FALSE),IF($E30="CDHU",VLOOKUP($F30,'CDHU_Onerado-05.25-(198)'!$A$9:$F$4118,2,FALSE),IF($E30="FDE",VLOOKUP($F30,#REF!,2,FALSE),IF($E30="SIURB (E)",VLOOKUP($F30,'EDIF sem Des Jan25'!$A$3:$D$3000,2,FALSE),IF($E30="SIURB (I)",VLOOKUP($F30,'INFRA sem Des Jan25'!$A$2:$D$1000,2,FALSE),IF($E30="SICRO NOVO",VLOOKUP($F30,'SICRO.DNIT ONERADA 04.25'!$A$4:$D$7000,2,FALSE),IF($E30="COMPOSIÇÃO",VLOOKUP($F30,#REF!,2),IF($E30="DER",VLOOKUP($F30,#REF!,2,0))))))))) -> Placa de identificação para obra | H30: =IF($E30="SINAPI",VLOOKUP($F30,'SINAPI_ONERADO-06.25'!$B$11:$E$9657,3,FALSE),IF($E30="CDHU",VLOOKUP($F30,'CDHU_Onerado-05.25-(198)'!$A$9:$F$4118,3,FALSE),IF($E30="FDE",VLOOKUP($F30,#REF!,3,FALSE),IF($E30="SIURB (E)",VLOOKUP($F30,'EDIF sem Des Jan25'!$A$3:$D$3000,3,FALSE),IF($E30="SIURB (I)",VLOOKUP($F30,'INFRA sem Des Jan25'!$A$2:$D$1000,3,FALSE),IF($E30="SICRO NOVO",VLOOKUP($F30,'SICRO.DNIT ONERADA 04.25'!$A$4:$D$7000,3,FALSE),IF($E30="DER",VLOOKUP($F30,#REF!,3,0)))))))) -> M2 | I30: =IF(D30<>0,INDEX('MEMORIA CALCULO'!$A$1:$P$2515,MATCH(D30,'MEMORIA CALCULO'!$A$1:$A$2515,0),16),0) -> 6 | J30: =IF($E30="SINAPI",VLOOKUP($F30,'SINAPI_ONERADO-06.25'!$B$11:$E$9657,4,FALSE),IF($E30="CDHU",VLOOKUP($F30,'CDHU_Onerado-05.25-(198)'!$A$9:$F$4118,6,FALSE),IF($E30="FDE",VLOOKUP($F30,#REF!,5,FALSE),IF($E30="SIURB (E)",VLOOKUP($F30,'EDIF sem Des Jan25'!$A$3:$D$3000,4,FALSE),IF($E30="SIURB (I)",VLOOKUP($F30,'INFRA sem Des Jan25'!$A$2:$D$1000,4,FALSE),IF($E30="SICRO NOVO",VLOOKUP($F30,'SICRO.DNIT ONERADA 04.25'!$A$4:$D$7000,4,FALSE),IF($E30="DER",VLOOKUP($F30,#REF!,4,0)))))))) -> 947.27 | K30: =J30*(1+IF(N30="x",'CLIENTE-OBJETO'!$P$3,$E$7)) -> 1143.64 | L30: =ROUND(ROUND(I30,2)*ROUND(K30,2),2) -> 6861.84 | O30: =IFERROR(L30/$L$13,0) -> 0.0066 | P30: =IF(_xlfn.ISFORMULA(J30)&_xlfn.ISFORMULA(K30)&_xlfn.ISFORMULA(L30)&_xlfn.ISFORMULA(I30)="verdadeiroverdadeiroverdadeiroverdadeiro","ok","verificar formulas") -> ok
A32: =LEFT(D32,2) -> 3 | B32: =D32 -> 3 | D32: =D22+1 -> 3 | E32: ESTUDO DE IMPACTO DE VIZINHANÇA | K32: SUBTOTAL | L32: =SUMIF(C33:C352,D32,L33:L360) -> 0 | O32: =IFERROR(L32/$L$13,0) -> 0
A33: =LEFT(D33,1) -> 3 | B33: =B32 -> 3 | C33: =IF(D33="",0,B33) -> 3 | D33: =(D32*1000)+1 -> 3001 | E33: CDHU | F33: 01.27.091 | G33: =IF($E33="SINAPI",VLOOKUP(F33,'SINAPI_ONERADO-06.25'!$B$11:$E$9657,2,FALSE),IF($E33="CDHU",VLOOKUP($F33,'CDHU_Onerado-05.25-(198)'!$A$9:$F$4118,2,FALSE),IF($E33="FDE",VLOOKUP($F33,#REF!,2,FALSE),IF($E33="SIURB (E)",VLOOKUP($F33,'EDIF sem Des Jan25'!$A$3:$D$3000,2,FALSE),IF($E33="SIURB (I)",VLOOKUP($F33,'INFRA sem Des Jan25'!$A$2:$D$1000,2,FALSE),IF($E33="SICRO NOVO",VLOOKUP($F33,'SICRO.DNIT ONERADA 04.25'!$A$4:$D$7000,2,FALSE),IF($E33="COMPOSIÇÃO",VLOOKUP($F33,#REF!,2),IF($E33="DER",VLOOKUP($F33,#REF!,2,0))))))))) -> Estudo de impacto de vizinhança, em área urbana até 10.000 m² | H33: =IF($E33="SINAPI",VLOOKUP($F33,'SINAPI_ONERADO-06.25'!$B$11:$E$9657,3,FALSE),IF($E33="CDHU",VLOOKUP($F33,'CDHU_Onerado-05.25-(198)'!$A$9:$F$4118,3,FALSE),IF($E33="FDE",VLOOKUP($F33,#REF!,3,FALSE),IF($E33="SIURB (E)",VLOOKUP($F33,'EDIF sem Des Jan25'!$A$3:$D$3000,3,FALSE),IF($E33="SIURB (I)",VLOOKUP($F33,'INFRA sem Des Jan25'!$A$2:$D$1000,3,FALSE),IF($E33="SICRO NOVO",VLOOKUP($F33,'SICRO.DNIT ONERADA 04.25'!$A$4:$D$7000,3,FALSE),IF($E33="DER",VLOOKUP($F33,#REF!,3,0)))))))) -> UN | I33: 0 | J33: =IF($E33="SINAPI",VLOOKUP($F33,'SINAPI_ONERADO-06.25'!$B$11:$E$9657,4,FALSE),IF($E33="CDHU",VLOOKUP($F33,'CDHU_Onerado-05.25-(198)'!$A$9:$F$4118,6,FALSE),IF($E33="FDE",VLOOKUP($F33,#REF!,5,FALSE),IF($E33="SIURB (E)",VLOOKUP($F33,'EDIF sem Des Jan25'!$A$3:$D$3000,4,FALSE),IF($E33="SIURB (I)",VLOOKUP($F33,'INFRA sem Des Jan25'!$A$2:$D$1000,4,FALSE),IF($E33="SICRO NOVO",VLOOKUP($F33,'SICRO.DNIT ONERADA 04.25'!$A$4:$D$7000,4,FALSE),IF($E33="DER",VLOOKUP($F33,#REF!,4,0)))))))) -> 33631.13 | K33: =J33*(1+IF(N33="x",'CLIENTE-OBJETO'!$P$3,$E$7)) -> 40602.86 | L33: =ROUND(ROUND(I33,2)*ROUND(K33,2),2) -> 0 | O33: =IFERROR(L33/$L$13,0) -> 0 | P33: =IF(_xlfn.ISFORMULA(J33)&_xlfn.ISFORMULA(K33)&_xlfn.ISFORMULA(L33)&_xlfn.ISFORMULA(I33)="verdadeiroverdadeiroverdadeiroverdadeiro","ok","verificar formulas") -> verificar formulas
D35: 4 | E35: TERRAPLANAGEM | K35: SUBTOTAL | L35: =SUMIF(C36:C362,D35,L36:L370) -> 67438.86 | O35: =IFERROR(L35/$L$13,0) -> 0.0649
E36: MOVIMENTAÇÕES DE TERRA
A37: =LEFT(D37,1) -> 4 | B37: =D35 -> 4 | C37: =IF(D37="",0,B37) -> 4 | D37: =(D35*1000)+1 -> 4001 | E37: CDHU | F37: 07.01.020 | G37: =IF($E37="SINAPI",VLOOKUP(F37,'SINAPI_ONERADO-06.25'!$B$11:$E$9657,2,FALSE),IF($E37="CDHU",VLOOKUP($F37,'CDHU_Onerado-05.25-(198)'!$A$9:$F$4118,2,FALSE),IF($E37="FDE",VLOOKUP($F37,#REF!,2,FALSE),IF($E37="SIURB (E)",VLOOKUP($F37,'EDIF sem Des Jan25'!$A$3:$D$3000,2,FALSE),IF($E37="SIURB (I)",VLOOKUP($F37,'INFRA sem Des Jan25'!$A$2:$D$1000,2,FALSE),IF($E37="SICRO NOVO",VLOOKUP($F37,'SICRO.DNIT ONERADA 04.25'!$A$4:$D$7000,2,FALSE),IF($E37="COMPOSIÇÃO",VLOOKUP($F37,#REF!,2),IF($E37="DER",VLOOKUP($F37,#REF!,2,0))))))))) -> Escavação e carga mecanizada em solo de 1ª categoria, em campo aberto | H37: =IF($E37="SINAPI",VLOOKUP($F37,'SINAPI_ONERADO-06.25'!$B$11:$E$9657,3,FALSE),IF($E37="CDHU",VLOOKUP($F37,'CDHU_Onerado-05.25-(198)'!$A$9:$F$4118,3,FALSE),IF($E37="FDE",VLOOKUP($F37,#REF!,3,FALSE),IF($E37="SIURB (E)",VLOOKUP($F37,'EDIF sem Des Jan25'!$A$3:$D$3000,3,FALSE),IF($E37="SIURB (I)",VLOOKUP($F37,'INFRA sem Des Jan25'!$A$2:$D$1000,3,FALSE),IF($E37="SICRO NOVO",VLOOKUP($F37,'SICRO.DNIT ONERADA 04.25'!$A$4:$D$7000,3,FALSE),IF($E37="DER",VLOOKUP($F37,#REF!,3,0)))))))) -> M3 | I37: =IF(D37<>0,INDEX('MEMORIA CALCULO'!$A$1:$P$2515,MATCH(D37,'MEMORIA CALCULO'!$A$1:$A$2515,0),16),0) -> 875.15 | J37: =IF($E37="SINAPI",VLOOKUP($F37,'SINAPI_ONERADO-06.25'!$B$11:$E$9657,4,FALSE),IF($E37="CDHU",VLOOKUP($F37,'CDHU_Onerado-05.25-(198)'!$A$9:$F$4118,6,FALSE),IF($E37="FDE",VLOOKUP($F37,#REF!,5,FALSE),IF($E37="SIURB (E)",VLOOKUP($F37,'EDIF sem Des Jan25'!$A$3:$D$3000,4,FALSE),IF($E37="SIURB (I)",VLOOKUP($F37,'INFRA sem Des Jan25'!$A$2:$D$1000,4,FALSE),IF($E37="SICRO NOVO",VLOOKUP($F37,'SICRO.DNIT ONERADA 04.25'!$A$4:$D$7000,4,FALSE),IF($E37="DER",VLOOKUP($F37,#REF!,4,0)))))))) -> 16.79 | K37: =J37*(1+IF(N37="x",'CLIENTE-OBJETO'!$P$3,$E$7)) -> 20.27 | L37: =ROUND(ROUND(I37,2)*ROUND(K37,2),2) -> 17739.29 | O37: =IFERROR(L37/$L$13,0) -> 0.0171 | P37: =IF(_xlfn.ISFORMULA(J37)&_xlfn.ISFORMULA(K37)&_xlfn.ISFORMULA(L37)&_xlfn.ISFORMULA(I37)="verdadeiroverdadeiroverdadeiroverdadeiro","ok","verificar formulas") -> ok
A38: =LEFT(D38,1) -> 4 | B38: =B37 -> 4 | C38: =IF(D38="",0,B38) -> 4 | D38: =D37+1 -> 4002 | E38: CDHU | F38: 07.11.020 | G38: =IF($E38="SINAPI",VLOOKUP(F38,'SINAPI_ONERADO-06.25'!$B$11:$E$9657,2,FALSE),IF($E38="CDHU",VLOOKUP($F38,'CDHU_Onerado-05.25-(198)'!$A$9:$F$4118,2,FALSE),IF($E38="FDE",VLOOKUP($F38,#REF!,2,FALSE),IF($E38="SIURB (E)",VLOOKUP($F38,'EDIF sem Des Jan25'!$A$3:$D$3000,2,FALSE),IF($E38="SIURB (I)",VLOOKUP($F38,'INFRA sem Des Jan25'!$A$2:$D$1000,2,FALSE),IF($E38="SICRO NOVO",VLOOKUP($F38,'SICRO.DNIT ONERADA 04.25'!$A$4:$D$7000,2,FALSE),IF($E38="COMPOSIÇÃO",VLOOKUP($F38,#REF!,2),IF($E38="DER",VLOOKUP($F38,#REF!,2,0))))))))) -> Reaterro compactado mecanizado de vala ou cava com compactador | H38: =IF($E38="SINAPI",VLOOKUP($F38,'SINAPI_ONERADO-06.25'!$B$11:$E$9657,3,FALSE),IF($E38="CDHU",VLOOKUP($F38,'CDHU_Onerado-05.25-(198)'!$A$9:$F$4118,3,FALSE),IF($E38="FDE",VLOOKUP($F38,#REF!,3,FALSE),IF($E38="SIURB (E)",VLOOKUP($F38,'EDIF sem Des Jan25'!$A$3:$D$3000,3,FALSE),IF($E38="SIURB (I)",VLOOKUP($F38,'INFRA sem Des Jan25'!$A$2:$D$1000,3,FALSE),IF($E38="SICRO NOVO",VLOOKUP($F38,'SICRO.DNIT ONERADA 04.25'!$A$4:$D$7000,3,FALSE),IF($E38="DER",VLOOKUP($F38,#REF!,3,0)))))))) -> M3 | I38: =IF(D38<>0,INDEX('MEMORIA CALCULO'!$A$1:$P$2515,MATCH(D38,'MEMORIA CALCULO'!$A$1:$A$2515,0),16),0) -> 360.91 | J38: =IF($E38="SINAPI",VLOOKUP($F38,'SINAPI_ONERADO-06.25'!$B$11:$E$9657,4,FALSE),IF($E38="CDHU",VLOOKUP($F38,'CDHU_Onerado-05.25-(198)'!$A$9:$F$4118,6,FALSE),IF($E38="FDE",VLOOKUP($F38,#REF!,5,FALSE),IF($E38="SIURB (E)",VLOOKUP($F38,'EDIF sem Des Jan25'!$A$3:$D$3000,4,FALSE),IF($E38="SIURB (I)",VLOOKUP($F38,'INFRA sem Des Jan25'!$A$2:$D$1000,4,FALSE),IF($E38="SICRO NOVO",VLOOKUP($F38,'SICRO.DNIT ONERADA 04.25'!$A$4:$D$7000,4,FALSE),IF($E38="DER",VLOOKUP($F38,#REF!,4,0)))))))) -> 7.57 | K38: =J38*(1+IF(N38="x",'CLIENTE-OBJETO'!$P$3,$E$7)) -> 9.14 | L38: =ROUND(ROUND(I38,2)*ROUND(K38,2),2) -> 3298.72 | O38: =IFERROR(L38/$L$13,0) -> 0.0032 | P38: =IF(_xlfn.ISFORMULA(J38)&_xlfn.ISFORMULA(K38)&_xlfn.ISFORMULA(L38)&_xlfn.ISFORMULA(I38)="verdadeiroverdadeiroverdadeiroverdadeiro","ok","verificar formulas") -> ok
E39: VOLUME DE TERRA BOTA FORA
A40: =LEFT(D40,1) -> 4 | B40: =B38 -> 4 | C40: =IF(D40="",0,B40) -> 4 | D40: =D38+1 -> 4003 | E40: CDHU | F40: 05.10.023 | G40: =IF($E40="SINAPI",VLOOKUP(F40,'SINAPI_ONERADO-06.25'!$B$11:$E$9657,2,FALSE),IF($E40="CDHU",VLOOKUP($F40,'CDHU_Onerado-05.25-(198)'!$A$9:$F$4118,2,FALSE),IF($E40="FDE",VLOOKUP($F40,#REF!,2,FALSE),IF($E40="SIURB (E)",VLOOKUP($F40,'EDIF sem Des Jan25'!$A$3:$D$3000,2,FALSE),IF($E40="SIURB (I)",VLOOKUP($F40,'INFRA sem Des Jan25'!$A$2:$D$1000,2,FALSE),IF($E40="SICRO NOVO",VLOOKUP($F40,'SICRO.DNIT ONERADA 04.25'!$A$4:$D$7000,2,FALSE),IF($E40="COMPOSIÇÃO",VLOOKUP($F40,#REF!,2),IF($E40="DER",VLOOKUP($F40,#REF!,2,0))))))))) -> Transporte de solo de 1ª e 2ª categoria por caminhão para distâncias superiores ao 5° km até o 10° km | H40: =IF($E40="SINAPI",VLOOKUP($F40,'SINAPI_ONERADO-06.25'!$B$11:$E$9657,3,FALSE),IF($E40="CDHU",VLOOKUP($F40,'CDHU_Onerado-05.25-(198)'!$A$9:$F$4118,3,FALSE),IF($E40="FDE",VLOOKUP($F40,#REF!,3,FALSE),IF($E40="SIURB (E)",VLOOKUP($F40,'EDIF sem Des Jan25'!$A$3:$D$3000,3,FALSE),IF($E40="SIURB (I)",VLOOKUP($F40,'INFRA sem Des Jan25'!$A$2:$D$1000,3,FALSE),IF($E40="SICRO NOVO",VLOOKUP($F40,'SICRO.DNIT ONERADA 04.25'!$A$4:$D$7000,3,FALSE),IF($E40="DER",VLOOKUP($F40,#REF!,3,0)))))))) -> M3 | I40: =IF(D40<>0,INDEX('MEMORIA CALCULO'!$A$1:$P$2515,MATCH(D40,'MEMORIA CALCULO'!$A$1:$A$2515,0),16),0) -> 514.24 | J40: =IF($E40="SINAPI",VLOOKUP($F40,'SINAPI_ONERADO-06.25'!$B$11:$E$9657,4,FALSE),IF($E40="CDHU",VLOOKUP($F40,'CDHU_Onerado-05.25-(198)'!$A$9:$F$4118,6,FALSE),IF($E40="FDE",VLOOKUP($F40,#REF!,5,FALSE),IF($E40="SIURB (E)",VLOOKUP($F40,'EDIF sem Des Jan25'!$A$3:$D$3000,4,FALSE),IF($E40="SIURB (I)",VLOOKUP($F40,'INFRA sem Des Jan25'!$A$2:$D$1000,4,FALSE),IF($E40="SICRO NOVO",VLOOKUP($F40,'SICRO.DNIT ONERADA 04.25'!$A$4:$D$7000,4,FALSE),IF($E40="DER",VLOOKUP($F40,#REF!,4,0)))))))) -> 19.57 | K40: =J40*(1+IF(N40="x",'CLIENTE-OBJETO'!$P$3,$E$7)) -> 23.63 | L40: =ROUND(ROUND(I40,2)*ROUND(K40,2),2) -> 12151.49 | O40: =IFERROR(L40/$L$13,0) -> 0.0117 | P40: =IF(_xlfn.ISFORMULA(J40)&_xlfn.ISFORMULA(K40)&_xlfn.ISFORMULA(L40)&_xlfn.ISFORMULA(I40)="verdadeiroverdadeiroverdadeiroverdadeiro","ok","verificar formulas") -> ok
A41: =LEFT(D41,1) -> 4 | B41: =B40 -> 4 | C41: =IF(D41="",0,B41) -> 4 | D41: =D40+1 -> 4004 | E41: CDHU | F41: 07.10.020 | G41: =IF($E41="SINAPI",VLOOKUP(F41,'SINAPI_ONERADO-06.25'!$B$11:$E$9657,2,FALSE),IF($E41="CDHU",VLOOKUP($F41,'CDHU_Onerado-05.25-(198)'!$A$9:$F$4118,2,FALSE),IF($E41="FDE",VLOOKUP($F41,#REF!,2,FALSE),IF($E41="SIURB (E)",VLOOKUP($F41,'EDIF sem Des Jan25'!$A$3:$D$3000,2,FALSE),IF($E41="SIURB (I)",VLOOKUP($F41,'INFRA sem Des Jan25'!$A$2:$D$1000,2,FALSE),IF($E41="SICRO NOVO",VLOOKUP($F41,'SICRO.DNIT ONERADA 04.25'!$A$4:$D$7000,2,FALSE),IF($E41="COMPOSIÇÃO",VLOOKUP($F41,#REF!,2),IF($E41="DER",VLOOKUP($F41,#REF!,2,0))))))))) -> Espalhamento de solo em bota-fora com compactação sem controle | H41: =IF($E41="SINAPI",VLOOKUP($F41,'SINAPI_ONERADO-06.25'!$B$11:$E$9657,3,FALSE),IF($E41="CDHU",VLOOKUP($F41,'CDHU_Onerado-05.25-(198)'!$A$9:$F$4118,3,FALSE),IF($E41="FDE",VLOOKUP($F41,#REF!,3,FALSE),IF($E41="SIURB (E)",VLOOKUP($F41,'EDIF sem Des Jan25'!$A$3:$D$3000,3,FALSE),IF($E41="SIURB (I)",VLOOKUP($F41,'INFRA sem Des Jan25'!$A$2:$D$1000,3,FALSE),IF($E41="SICRO NOVO",VLOOKUP($F41,'SICRO.DNIT ONERADA 04.25'!$A$4:$D$7000,3,FALSE),IF($E41="DER",VLOOKUP($F41,#REF!,3,0)))))))) -> M3 | I41: =IF(D41<>0,INDEX('MEMORIA CALCULO'!$A$1:$P$2515,MATCH(D41,'MEMORIA CALCULO'!$A$1:$A$2515,0),16),0) -> 514.24 | J41: =IF($E41="SINAPI",VLOOKUP($F41,'SINAPI_ONERADO-06.25'!$B$11:$E$9657,4,FALSE),IF($E41="CDHU",VLOOKUP($F41,'CDHU_Onerado-05.25-(198)'!$A$9:$F$4118,6,FALSE),IF($E41="FDE",VLOOKUP($F41,#REF!,5,FALSE),IF($E41="SIURB (E)",VLOOKUP($F41,'EDIF sem Des Jan25'!$A$3:$D$3000,4,FALSE),IF($E41="SIURB (I)",VLOOKUP($F41,'INFRA sem Des Jan25'!$A$2:$D$1000,4,FALSE),IF($E41="SICRO NOVO",VLOOKUP($F41,'SICRO.DNIT ONERADA 04.25'!$A$4:$D$7000,4,FALSE),IF($E41="DER",VLOOKUP($F41,#REF!,4,0)))))))) -> 5.59 | K41: =J41*(1+IF(N41="x",'CLIENTE-OBJETO'!$P$3,$E$7)) -> 6.75 | L41: =ROUND(ROUND(I41,2)*ROUND(K41,2),2) -> 3471.12 | O41: =IFERROR(L41/$L$13,0) -> 0.0033 | P41: =IF(_xlfn.ISFORMULA(J41)&_xlfn.ISFORMULA(K41)&_xlfn.ISFORMULA(L41)&_xlfn.ISFORMULA(I41)="verdadeiroverdadeiroverdadeiroverdadeiro","ok","verificar formulas") -> ok
A42: =LEFT(D42,1) -> 4 | B42: =B40 -> 4 | C42: =IF(D42="",0,B42) -> 4 | D42: =D41+1 -> 4005 | E42: CDHU | F42: 05.09.007 | G42: =IF($E42="SINAPI",VLOOKUP(F42,'SINAPI_ONERADO-06.25'!$B$11:$E$9657,2,FALSE),IF($E42="CDHU",VLOOKUP($F42,'CDHU_Onerado-05.25-(198)'!$A$9:$F$4118,2,FALSE),IF($E42="FDE",VLOOKUP($F42,#REF!,2,FALSE),IF($E42="SIURB (E)",VLOOKUP($F42,'EDIF sem Des Jan25'!$A$3:$D$3000,2,FALSE),IF($E42="SIURB (I)",VLOOKUP($F42,'INFRA sem Des Jan25'!$A$2:$D$1000,2,FALSE),IF($E42="SICRO NOVO",VLOOKUP($F42,'SICRO.DNIT ONERADA 04.25'!$A$4:$D$7000,2,FALSE),IF($E42="COMPOSIÇÃO",VLOOKUP($F42,#REF!,2),IF($E42="DER",VLOOKUP($F42,#REF!,2,0))))))))) -> Taxa de destinação de resíduo sólido em aterro, tipo solo/terra | H42: =IF($E42="SINAPI",VLOOKUP($F42,'SINAPI_ONERADO-06.25'!$B$11:$E$9657,3,FALSE),IF($E42="CDHU",VLOOKUP($F42,'CDHU_Onerado-05.25-(198)'!$A$9:$F$4118,3,FALSE),IF($E42="FDE",VLOOKUP($F42,#REF!,3,FALSE),IF($E42="SIURB (E)",VLOOKUP($F42,'EDIF sem Des Jan25'!$A$3:$D$3000,3,FALSE),IF($E42="SIURB (I)",VLOOKUP($F42,'INFRA sem Des Jan25'!$A$2:$D$1000,3,FALSE),IF($E42="SICRO NOVO",VLOOKUP($F42,'SICRO.DNIT ONERADA 04.25'!$A$4:$D$7000,3,FALSE),IF($E42="DER",VLOOKUP($F42,#REF!,3,0)))))))) -> M3 | I42: =IF(D42<>0,INDEX('MEMORIA CALCULO'!$A$1:$P$2515,MATCH(D42,'MEMORIA CALCULO'!$A$1:$A$2515,0),16),0) -> 668.51 | J42: =IF($E42="SINAPI",VLOOKUP($F42,'SINAPI_ONERADO-06.25'!$B$11:$E$9657,4,FALSE),IF($E42="CDHU",VLOOKUP($F42,'CDHU_Onerado-05.25-(198)'!$A$9:$F$4118,6,FALSE),IF($E42="FDE",VLOOKUP($F42,#REF!,5,FALSE),IF($E42="SIURB (E)",VLOOKUP($F42,'EDIF sem Des Jan25'!$A$3:$D$3000,4,FALSE),IF($E42="SIURB (I)",VLOOKUP($F42,'INFRA sem Des Jan25'!$A$2:$D$1000,4,FALSE),IF($E42="SICRO NOVO",VLOOKUP($F42,'SICRO.DNIT ONERADA 04.25'!$A$4:$D$7000,4,FALSE),IF($E42="DER",VLOOKUP($F42,#REF!,4,0)))))))) -> 30.67 | K42: =J42*(1+IF(N42="x",'CLIENTE-OBJETO'!$P$3,$E$7)) -> 37.03 | L42: =ROUND(ROUND(I42,2)*ROUND(K42,2),2) -> 24754.93 | O42: =IFERROR(L42/$L$13,0) -> 0.0238 | P42: =IF(_xlfn.ISFORMULA(J42)&_xlfn.ISFORMULA(K42)&_xlfn.ISFORMULA(L42)&_xlfn.ISFORMULA(I42)="verdadeiroverdadeiroverdadeiroverdadeiro","ok","verificar formulas") -> ok
E43: PAISAGISMO - PLANTIO DE GRAMA
A44: =LEFT(D44,1) -> 4 | B44: =B41 -> 4 | C44: =IF(D44="",0,B44) -> 4 | D44: =D42+1 -> 4006 | E44: CDHU | F44: 34.02.020 | G44: =IF($E44="SINAPI",VLOOKUP(F44,'SINAPI_ONERADO-06.25'!$B$11:$E$9657,2,FALSE),IF($E44="CDHU",VLOOKUP($F44,'CDHU_Onerado-05.25-(198)'!$A$9:$F$4118,2,FALSE),IF($E44="FDE",VLOOKUP($F44,#REF!,2,FALSE),IF($E44="SIURB (E)",VLOOKUP($F44,'EDIF sem Des Jan25'!$A$3:$D$3000,2,FALSE),IF($E44="SIURB (I)",VLOOKUP($F44,'INFRA sem Des Jan25'!$A$2:$D$1000,2,FALSE),IF($E44="SICRO NOVO",VLOOKUP($F44,'SICRO.DNIT ONERADA 04.25'!$A$4:$D$7000,2,FALSE),IF($E44="COMPOSIÇÃO",VLOOKUP($F44,#REF!,2),IF($E44="DER",VLOOKUP($F44,#REF!,2,0))))))))) -> Plantio de grama batatais em placas (praças e áreas abertas) | H44: =IF($E44="SINAPI",VLOOKUP($F44,'SINAPI_ONERADO-06.25'!$B$11:$E$9657,3,FALSE),IF($E44="CDHU",VLOOKUP($F44,'CDHU_Onerado-05.25-(198)'!$A$9:$F$4118,3,FALSE),IF($E44="FDE",VLOOKUP($F44,#REF!,3,FALSE),IF($E44="SIURB (E)",VLOOKUP($F44,'EDIF sem Des Jan25'!$A$3:$D$3000,3,FALSE),IF($E44="SIURB (I)",VLOOKUP($F44,'INFRA sem Des Jan25'!$A$2:$D$1000,3,FALSE),IF($E44="SICRO NOVO",VLOOKUP($F44,'SICRO.DNIT ONERADA 04.25'!$A$4:$D$7000,3,FALSE),IF($E44="DER",VLOOKUP($F44,#REF!,3,0)))))))) -> M2 | I44: =IF(D44<>0,INDEX('MEMORIA CALCULO'!$A$1:$P$2515,MATCH(D44,'MEMORIA CALCULO'!$A$1:$A$2515,0),16),0) -> 177 | J44: =IF($E44="SINAPI",VLOOKUP($F44,'SINAPI_ONERADO-06.25'!$B$11:$E$9657,4,FALSE),IF($E44="CDHU",VLOOKUP($F44,'CDHU_Onerado-05.25-(198)'!$A$9:$F$4118,6,FALSE),IF($E44="FDE",VLOOKUP($F44,#REF!,5,FALSE),IF($E44="SIURB (E)",VLOOKUP($F44,'EDIF sem Des Jan25'!$A$3:$D$3000,4,FALSE),IF($E44="SIURB (I)",VLOOKUP($F44,'INFRA sem Des Jan25'!$A$2:$D$1000,4,FALSE),IF($E44="SICRO NOVO",VLOOKUP($F44,'SICRO.DNIT ONERADA 04.25'!$A$4:$D$7000,4,FALSE),IF($E44="DER",VLOOKUP($F44,#REF!,4,0)))))))) -> 14.47 | K44: =J44*(1+IF(N44="x",'CLIENTE-OBJETO'!$P$3,$E$7)) -> 17.47 | L44: =ROUND(ROUND(I44,2)*ROUND(K44,2),2) -> 3092.19 | O44: =IFERROR(L44/$L$13,0) -> 0.003 | P44: =IF(_xlfn.ISFORMULA(J44)&_xlfn.ISFORMULA(K44)&_xlfn.ISFORMULA(L44)&_xlfn.ISFORMULA(I44)="verdadeiroverdadeiroverdadeiroverdadeiro","ok","verificar formulas") -> ok
A45: =LEFT(D45,1) -> 4 | B45: =B44 -> 4 | C45: =IF(D45="",0,B45) -> 4 | D45: =D44+1 -> 4007 | E45: CDHU | F45: 34.02.400 | G45: =IF($E45="SINAPI",VLOOKUP(F45,'SINAPI_ONERADO-06.25'!$B$11:$E$9657,2,FALSE),IF($E45="CDHU",VLOOKUP($F45,'CDHU_Onerado-05.25-(198)'!$A$9:$F$4118,2,FALSE),IF($E45="FDE",VLOOKUP($F45,#REF!,2,FALSE),IF($E45="SIURB (E)",VLOOKUP($F45,'EDIF sem Des Jan25'!$A$3:$D$3000,2,FALSE),IF($E45="SIURB (I)",VLOOKUP($F45,'INFRA sem Des Jan25'!$A$2:$D$1000,2,FALSE),IF($E45="SICRO NOVO",VLOOKUP($F45,'SICRO.DNIT ONERADA 04.25'!$A$4:$D$7000,2,FALSE),IF($E45="COMPOSIÇÃO",VLOOKUP($F45,#REF!,2),IF($E45="DER",VLOOKUP($F45,#REF!,2,0))))))))) -> Plantio de grama pelo processo hidrossemeadura | H45: =IF($E45="SINAPI",VLOOKUP($F45,'SINAPI_ONERADO-06.25'!$B$11:$E$9657,3,FALSE),IF($E45="CDHU",VLOOKUP($F45,'CDHU_Onerado-05.25-(198)'!$A$9:$F$4118,3,FALSE),IF($E45="FDE",VLOOKUP($F45,#REF!,3,FALSE),IF($E45="SIURB (E)",VLOOKUP($F45,'EDIF sem Des Jan25'!$A$3:$D$3000,3,FALSE),IF($E45="SIURB (I)",VLOOKUP($F45,'INFRA sem Des Jan25'!$A$2:$D$1000,3,FALSE),IF($E45="SICRO NOVO",VLOOKUP($F45,'SICRO.DNIT ONERADA 04.25'!$A$4:$D$7000,3,FALSE),IF($E45="DER",VLOOKUP($F45,#REF!,3,0)))))))) -> M2 | I45: =IF(D45<>0,INDEX('MEMORIA CALCULO'!$A$1:$P$2515,MATCH(D45,'MEMORIA CALCULO'!$A$1:$A$2515,0),16),0) -> 177 | J45: =IF($E45="SINAPI",VLOOKUP($F45,'SINAPI_ONERADO-06.25'!$B$11:$E$9657,4,FALSE),IF($E45="CDHU",VLOOKUP($F45,'CDHU_Onerado-05.25-(198)'!$A$9:$F$4118,6,FALSE),IF($E45="FDE",VLOOKUP($F45,#REF!,5,FALSE),IF($E45="SIURB (E)",VLOOKUP($F45,'EDIF sem Des Jan25'!$A$3:$D$3000,4,FALSE),IF($E45="SIURB (I)",VLOOKUP($F45,'INFRA sem Des Jan25'!$A$2:$D$1000,4,FALSE),IF($E45="SICRO NOVO",VLOOKUP($F45,'SICRO.DNIT ONERADA 04.25'!$A$4:$D$7000,4,FALSE),IF($E45="DER",VLOOKUP($F45,#REF!,4,0)))))))) -> 13.72 | K45: =J45*(1+IF(N45="x",'CLIENTE-OBJETO'!$P$3,$E$7)) -> 16.56 | L45: =ROUND(ROUND(I45,2)*ROUND(K45,2),2) -> 2931.12 | O45: =IFERROR(L45/$L$13,0) -> 0.0028 | P45: =IF(_xlfn.ISFORMULA(J45)&_xlfn.ISFORMULA(K45)&_xlfn.ISFORMULA(L45)&_xlfn.ISFORMULA(I45)="verdadeiroverdadeiroverdadeiroverdadeiro","ok","verificar formulas") -> ok
A47: =LEFT(D47,2) -> 5 | B47: =D47 -> 5 | C47: =IF(D47="",0,B47) -> 5 | D47: =D35+1 -> 5 | E47: PAVIMENTAÇÃO ASFÁLTICA | K47: SUBTOTAL | L47: =SUMIF(C49:C382,D47,L49:L390) -> 630086.48 | O47: =IFERROR(L47/$L$13,0) -> 0.6065
E48: LOCAÇÃO DE VIAS
A49: =LEFT(D49,1) -> 5 | B49: =B47 -> 5 | C49: =IF(D49="",0,B49) -> 5 | D49: =(D47*1000)+1 -> 5001 | E49: CDHU | F49: 02.10.060 | G49: =IF($E49="SINAPI",VLOOKUP(F49,'SINAPI_ONERADO-06.25'!$B$11:$E$9657,2,FALSE),IF($E49="CDHU",VLOOKUP($F49,'CDHU_Onerado-05.25-(198)'!$A$9:$F$4118,2,FALSE),IF($E49="FDE",VLOOKUP($F49,#REF!,2,FALSE),IF($E49="SIURB (E)",VLOOKUP($F49,'EDIF sem Des Jan25'!$A$3:$D$3000,2,FALSE),IF($E49="SIURB (I)",VLOOKUP($F49,'INFRA sem Des Jan25'!$A$2:$D$1000,2,FALSE),IF($E49="SICRO NOVO",VLOOKUP($F49,'SICRO.DNIT ONERADA 04.25'!$A$4:$D$7000,2,FALSE),IF($E49="COMPOSIÇÃO",VLOOKUP($F49,#REF!,2),IF($E49="DER",VLOOKUP($F49,#REF!,2,0))))))))) -> Locação de vias, calçadas, tanques e lagoas | H49: =IF($E49="SINAPI",VLOOKUP($F49,'SINAPI_ONERADO-06.25'!$B$11:$E$9657,3,FALSE),IF($E49="CDHU",VLOOKUP($F49,'CDHU_Onerado-05.25-(198)'!$A$9:$F$4118,3,FALSE),IF($E49="FDE",VLOOKUP($F49,#REF!,3,FALSE),IF($E49="SIURB (E)",VLOOKUP($F49,'EDIF sem Des Jan25'!$A$3:$D$3000,3,FALSE),IF($E49="SIURB (I)",VLOOKUP($F49,'INFRA sem Des Jan25'!$A$2:$D$1000,3,FALSE),IF($E49="SICRO NOVO",VLOOKUP($F49,'SICRO.DNIT ONERADA 04.25'!$A$4:$D$7000,3,FALSE),IF($E49="DER",VLOOKUP($F49,#REF!,3,0)))))))) -> M2 | I49: =IF(D49<>0,INDEX('MEMORIA CALCULO'!$A$1:$P$2515,MATCH(D49,'MEMORIA CALCULO'!$A$1:$A$2515,0),16),0) -> 2624 | J49: =IF($E49="SINAPI",VLOOKUP($F49,'SINAPI_ONERADO-06.25'!$B$11:$E$9657,4,FALSE),IF($E49="CDHU",VLOOKUP($F49,'CDHU_Onerado-05.25-(198)'!$A$9:$F$4118,6,FALSE),IF($E49="FDE",VLOOKUP($F49,#REF!,5,FALSE),IF($E49="SIURB (E)",VLOOKUP($F49,'EDIF sem Des Jan25'!$A$3:$D$3000,4,FALSE),IF($E49="SIURB (I)",VLOOKUP($F49,'INFRA sem Des Jan25'!$A$2:$D$1000,4,FALSE),IF($E49="SICRO NOVO",VLOOKUP($F49,'SICRO.DNIT ONERADA 04.25'!$A$4:$D$7000,4,FALSE),IF($E49="DER",VLOOKUP($F49,#REF!,4,0)))))))) -> 1.88 | K49: =J49*(1+IF(N49="x",'CLIENTE-OBJETO'!$P$3,$E$7)) -> 2.27 | L49: =ROUND(ROUND(I49,2)*ROUND(K49,2),2) -> 5956.48 | O49: =IFERROR(L49/$L$13,0) -> 0.0057 | P49: =IF(_xlfn.ISFORMULA(J49)&_xlfn.ISFORMULA(K49)&_xlfn.ISFORMULA(L49)&_xlfn.ISFORMULA(I49)="verdadeiroverdadeiroverdadeiroverdadeiro","ok","verificar formulas") -> ok
A50: =LEFT(D50,2) | E50: EXECUÇÃO DE BASE E SUBBASE | O50: =IFERROR(L50/$L$13,0) -> 0
A51: =LEFT(D51,1) -> 5 | B51: =B49 -> 5 | C51: =IF(D51="",0,B51) -> 5 | D51: =D49+1 -> 5002 | E51: CDHU | F51: 54.01.050 | G51: =IF($E51="SINAPI",VLOOKUP(F51,'SINAPI_ONERADO-06.25'!$B$11:$E$9657,2,FALSE),IF($E51="CDHU",VLOOKUP($F51,'CDHU_Onerado-05.25-(198)'!$A$9:$F$4118,2,FALSE),IF($E51="FDE",VLOOKUP($F51,#REF!,2,FALSE),IF($E51="SIURB (E)",VLOOKUP($F51,'EDIF sem Des Jan25'!$A$3:$D$3000,2,FALSE),IF($E51="SIURB (I)",VLOOKUP($F51,'INFRA sem Des Jan25'!$A$2:$D$1000,2,FALSE),IF($E51="SICRO NOVO",VLOOKUP($F51,'SICRO.DNIT ONERADA 04.25'!$A$4:$D$7000,2,FALSE),IF($E51="COMPOSIÇÃO",VLOOKUP($F51,#REF!,2),IF($E51="DER",VLOOKUP($F51,#REF!,2,0))))))))) -> Compactação do subleito mínimo de 95% do PN | H51: =IF($E51="SINAPI",VLOOKUP($F51,'SINAPI_ONERADO-06.25'!$B$11:$E$9657,3,FALSE),IF($E51="CDHU",VLOOKUP($F51,'CDHU_Onerado-05.25-(198)'!$A$9:$F$4118,3,FALSE),IF($E51="FDE",VLOOKUP($F51,#REF!,3,FALSE),IF($E51="SIURB (E)",VLOOKUP($F51,'EDIF sem Des Jan25'!$A$3:$D$3000,3,FALSE),IF($E51="SIURB (I)",VLOOKUP($F51,'INFRA sem Des Jan25'!$A$2:$D$1000,3,FALSE),IF($E51="SICRO NOVO",VLOOKUP($F51,'SICRO.DNIT ONERADA 04.25'!$A$4:$D$7000,3,FALSE),IF($E51="DER",VLOOKUP($F51,#REF!,3,0)))))))) -> M3 | I51: =IF(D51<>0,INDEX('MEMORIA CALCULO'!$A$1:$P$2515,MATCH(D51,'MEMORIA CALCULO'!$A$1:$A$2515,0),16),0) -> 1049.6 | J51: =IF($E51="SINAPI",VLOOKUP($F51,'SINAPI_ONERADO-06.25'!$B$11:$E$9657,4,FALSE),IF($E51="CDHU",VLOOKUP($F51,'CDHU_Onerado-05.25-(198)'!$A$9:$F$4118,6,FALSE),IF($E51="FDE",VLOOKUP($F51,#REF!,5,FALSE),IF($E51="SIURB (E)",VLOOKUP($F51,'EDIF sem Des Jan25'!$A$3:$D$3000,4,FALSE),IF($E51="SIURB (I)",VLOOKUP($F51,'INFRA sem Des Jan25'!$A$2:$D$1000,4,FALSE),IF($E51="SICRO NOVO",VLOOKUP($F51,'SICRO.DNIT ONERADA 04.25'!$A$4:$D$7000,4,FALSE),IF($E51="DER",VLOOKUP($F51,#REF!,4,0)))))))) -> 21.59 | K51: =J51*(1+IF(N51="x",'CLIENTE-OBJETO'!$P$3,$E$7)) -> 26.07 | L51: =ROUND(ROUND(I51,2)*ROUND(K51,2),2) -> 27363.07 | O51: =IFERROR(L51/$L$13,0) -> 0.0263 | P51: =IF(_xlfn.ISFORMULA(J51)&_xlfn.ISFORMULA(K51)&_xlfn.ISFORMULA(L51)&_xlfn.ISFORMULA(I51)="verdadeiroverdadeiroverdadeiroverdadeiro","ok","verificar formulas") -> ok
A52: =LEFT(D52,1) -> 5 | B52: =B51 -> 5 | C52: =IF(D52="",0,B52) -> 5 | D52: =D51+1 -> 5003 | E52: CDHU | F52: 54.01.210 | G52: =IF($E52="SINAPI",VLOOKUP(F52,'SINAPI_ONERADO-06.25'!$B$11:$E$9657,2,FALSE),IF($E52="CDHU",VLOOKUP($F52,'CDHU_Onerado-05.25-(198)'!$A$9:$F$4118,2,FALSE),IF($E52="FDE",VLOOKUP($F52,#REF!,2,FALSE),IF($E52="SIURB (E)",VLOOKUP($F52,'EDIF sem Des Jan25'!$A$3:$D$3000,2,FALSE),IF($E52="SIURB (I)",VLOOKUP($F52,'INFRA sem Des Jan25'!$A$2:$D$1000,2,FALSE),IF($E52="SICRO NOVO",VLOOKUP($F52,'SICRO.DNIT ONERADA 04.25'!$A$4:$D$7000,2,FALSE),IF($E52="COMPOSIÇÃO",VLOOKUP($F52,#REF!,2),IF($E52="DER",VLOOKUP($F52,#REF!,2,0))))))))) -> Base de brita graduada | H52: =IF($E52="SINAPI",VLOOKUP($F52,'SINAPI_ONERADO-06.25'!$B$11:$E$9657,3,FALSE),IF($E52="CDHU",VLOOKUP($F52,'CDHU_Onerado-05.25-(198)'!$A$9:$F$4118,3,FALSE),IF($E52="FDE",VLOOKUP($F52,#REF!,3,FALSE),IF($E52="SIURB (E)",VLOOKUP($F52,'EDIF sem Des Jan25'!$A$3:$D$3000,3,FALSE),IF($E52="SIURB (I)",VLOOKUP($F52,'INFRA sem Des Jan25'!$A$2:$D$1000,3,FALSE),IF($E52="SICRO NOVO",VLOOKUP($F52,'SICRO.DNIT ONERADA 04.25'!$A$4:$D$7000,3,FALSE),IF($E52="DER",VLOOKUP($F52,#REF!,3,0)))))))) -> M3 | I52: =IF(D52<>0,INDEX('MEMORIA CALCULO'!$A$1:$P$2515,MATCH(D52,'MEMORIA CALCULO'!$A$1:$A$2515,0),16),0) -> 656 | J52: =IF($E52="SINAPI",VLOOKUP($F52,'SINAPI_ONERADO-06.25'!$B$11:$E$9657,4,FALSE),IF($E52="CDHU",VLOOKUP($F52,'CDHU_Onerado-05.25-(198)'!$A$9:$F$4118,6,FALSE),IF($E52="FDE",VLOOKUP($F52,#REF!,5,FALSE),IF($E52="SIURB (E)",VLOOKUP($F52,'EDIF sem Des Jan25'!$A$3:$D$3000,4,FALSE),IF($E52="SIURB (I)",VLOOKUP($F52,'INFRA sem Des Jan25'!$A$2:$D$1000,4,FALSE),IF($E52="SICRO NOVO",VLOOKUP($F52,'SICRO.DNIT ONERADA 04.25'!$A$4:$D$7000,4,FALSE),IF($E52="DER",VLOOKUP($F52,#REF!,4,0)))))))) -> 271.34 | K52: =J52*(1+IF(N52="x",'CLIENTE-OBJETO'!$P$3,$E$7)) -> 327.59 | L52: =ROUND(ROUND(I52,2)*ROUND(K52,2),2) -> 214899.04 | O52: =IFERROR(L52/$L$13,0) -> 0.2068 | P52: =IF(_xlfn.ISFORMULA(J52)&_xlfn.ISFORMULA(K52)&_xlfn.ISFORMULA(L52)&_xlfn.ISFORMULA(I52)="verdadeiroverdadeiroverdadeiroverdadeiro","ok","verificar formulas") -> ok
A53: =LEFT(D53,2) | E53: EXECUÇÃO DAS CAMADAS DE ROLAMENTO | O53: =IFERROR(L53/$L$13,0) -> 0
A54: =LEFT(D54,1) -> 5 | B54: =B52 -> 5 | C54: =IF(D54="",0,B54) -> 5 | D54: =D52+1 -> 5004 | E54: CDHU | F54: 54.03.240 | G54: =IF($E54="SINAPI",VLOOKUP(F54,'SINAPI_ONERADO-06.25'!$B$11:$E$9657,2,FALSE),IF($E54="CDHU",VLOOKUP($F54,'CDHU_Onerado-05.25-(198)'!$A$9:$F$4118,2,FALSE),IF($E54="FDE",VLOOKUP($F54,#REF!,2,FALSE),IF($E54="SIURB (E)",VLOOKUP($F54,'EDIF sem Des Jan25'!$A$3:$D$3000,2,FALSE),IF($E54="SIURB (I)",VLOOKUP($F54,'INFRA sem Des Jan25'!$A$2:$D$1000,2,FALSE),IF($E54="SICRO NOVO",VLOOKUP($F54,'SICRO.DNIT ONERADA 04.25'!$A$4:$D$7000,2,FALSE),IF($E54="COMPOSIÇÃO",VLOOKUP($F54,#REF!,2),IF($E54="DER",VLOOKUP($F54,#REF!,2,0))))))))) -> Imprimação betuminosa impermeabilizante | H54: =IF($E54="SINAPI",VLOOKUP($F54,'SINAPI_ONERADO-06.25'!$B$11:$E$9657,3,FALSE),IF($E54="CDHU",VLOOKUP($F54,'CDHU_Onerado-05.25-(198)'!$A$9:$F$4118,3,FALSE),IF($E54="FDE",VLOOKUP($F54,#REF!,3,FALSE),IF($E54="SIURB (E)",VLOOKUP($F54,'EDIF sem Des Jan25'!$A$3:$D$3000,3,FALSE),IF($E54="SIURB (I)",VLOOKUP($F54,'INFRA sem Des Jan25'!$A$2:$D$1000,3,FALSE),IF($E54="SICRO NOVO",VLOOKUP($F54,'SICRO.DNIT ONERADA 04.25'!$A$4:$D$7000,3,FALSE),IF($E54="DER",VLOOKUP($F54,#REF!,3,0)))))))) -> M2 | I54: =IF(D54<>0,INDEX('MEMORIA CALCULO'!$A$1:$P$2515,MATCH(D54,'MEMORIA CALCULO'!$A$1:$A$2515,0),16),0) -> 2624 | J54: =IF($E54="SINAPI",VLOOKUP($F54,'SINAPI_ONERADO-06.25'!$B$11:$E$9657,4,FALSE),IF($E54="CDHU",VLOOKUP($F54,'CDHU_Onerado-05.25-(198)'!$A$9:$F$4118,6,FALSE),IF($E54="FDE",VLOOKUP($F54,#REF!,5,FALSE),IF($E54="SIURB (E)",VLOOKUP($F54,'EDIF sem Des Jan25'!$A$3:$D$3000,4,FALSE),IF($E54="SIURB (I)",VLOOKUP($F54,'INFRA sem Des Jan25'!$A$2:$D$1000,4,FALSE),IF($E54="SICRO NOVO",VLOOKUP($F54,'SICRO.DNIT ONERADA 04.25'!$A$4:$D$7000,4,FALSE),IF($E54="DER",VLOOKUP($F54,#REF!,4,0)))))))) -> 13.7 | K54: =J54*(1+IF(N54="x",'CLIENTE-OBJETO'!$P$3,$E$7)) -> 16.54 | L54: =ROUND(ROUND(I54,2)*ROUND(K54,2),2) -> 43400.96 | O54: =IFERROR(L54/$L$13,0) -> 0.0418 | P54: =IF(_xlfn.ISFORMULA(J54)&_xlfn.ISFORMULA(K54)&_xlfn.ISFORMULA(L54)&_xlfn.ISFORMULA(I54)="verdadeiroverdadeiroverdadeiroverdadeiro","ok","verificar formulas") -> ok
A55: =LEFT(D55,1) -> 5 | B55: =B54 -> 5 | C55: =IF(D55="",0,B55) -> 5 | D55: =D54+1 -> 5005 | E55: CDHU | F55: 54.03.230 | G55: =IF($E55="SINAPI",VLOOKUP(F55,'SINAPI_ONERADO-06.25'!$B$11:$E$9657,2,FALSE),IF($E55="CDHU",VLOOKUP($F55,'CDHU_Onerado-05.25-(198)'!$A$9:$F$4118,2,FALSE),IF($E55="FDE",VLOOKUP($F55,#REF!,2,FALSE),IF($E55="SIURB (E)",VLOOKUP($F55,'EDIF sem Des Jan25'!$A$3:$D$3000,2,FALSE),IF($E55="SIURB (I)",VLOOKUP($F55,'INFRA sem Des Jan25'!$A$2:$D$1000,2,FALSE),IF($E55="SICRO NOVO",VLOOKUP($F55,'SICRO.DNIT ONERADA 04.25'!$A$4:$D$7000,2,FALSE),IF($E55="COMPOSIÇÃO",VLOOKUP($F55,#REF!,2),IF($E55="DER",VLOOKUP($F55,#REF!,2,0))))))))) -> Imprimação betuminosa ligante | H55: =IF($E55="SINAPI",VLOOKUP($F55,'SINAPI_ONERADO-06.25'!$B$11:$E$9657,3,FALSE),IF($E55="CDHU",VLOOKUP($F55,'CDHU_Onerado-05.25-(198)'!$A$9:$F$4118,3,FALSE),IF($E55="FDE",VLOOKUP($F55,#REF!,3,FALSE),IF($E55="SIURB (E)",VLOOKUP($F55,'EDIF sem Des Jan25'!$A$3:$D$3000,3,FALSE),IF($E55="SIURB (I)",VLOOKUP($F55,'INFRA sem Des Jan25'!$A$2:$D$1000,3,FALSE),IF($E55="SICRO NOVO",VLOOKUP($F55,'SICRO.DNIT ONERADA 04.25'!$A$4:$D$7000,3,FALSE),IF($E55="DER",VLOOKUP($F55,#REF!,3,0)))))))) -> M2 | I55: =IF(D55<>0,INDEX('MEMORIA CALCULO'!$A$1:$P$2515,MATCH(D55,'MEMORIA CALCULO'!$A$1:$A$2515,0),16),0) -> 2624 | J55: =IF($E55="SINAPI",VLOOKUP($F55,'SINAPI_ONERADO-06.25'!$B$11:$E$9657,4,FALSE),IF($E55="CDHU",VLOOKUP($F55,'CDHU_Onerado-05.25-(198)'!$A$9:$F$4118,6,FALSE),IF($E55="FDE",VLOOKUP($F55,#REF!,5,FALSE),IF($E55="SIURB (E)",VLOOKUP($F55,'EDIF sem Des Jan25'!$A$3:$D$3000,4,FALSE),IF($E55="SIURB (I)",VLOOKUP($F55,'INFRA sem Des Jan25'!$A$2:$D$1000,4,FALSE),IF($E55="SICRO NOVO",VLOOKUP($F55,'SICRO.DNIT ONERADA 04.25'!$A$4:$D$7000,4,FALSE),IF($E55="DER",VLOOKUP($F55,#REF!,4,0)))))))) -> 6.67 | K55: =J55*(1+IF(N55="x",'CLIENTE-OBJETO'!$P$3,$E$7)) -> 8.05 | L55: =ROUND(ROUND(I55,2)*ROUND(K55,2),2) -> 21123.2 | O55: =IFERROR(L55/$L$13,0) -> 0.0203 | P55: =IF(_xlfn.ISFORMULA(J55)&_xlfn.ISFORMULA(K55)&_xlfn.ISFORMULA(L55)&_xlfn.ISFORMULA(I55)="verdadeiroverdadeiroverdadeiroverdadeiro","ok","verificar formulas") -> ok
A56: =LEFT(D56,1) -> 5 | B56: =B54 -> 5 | C56: =IF(D56="",0,B56) -> 5 | D56: =D55+1 -> 5006 | E56: CDHU | F56: 54.03.210 | G56: =IF($E56="SINAPI",VLOOKUP(F56,'SINAPI_ONERADO-06.25'!$B$11:$E$9657,2,FALSE),IF($E56="CDHU",VLOOKUP($F56,'CDHU_Onerado-05.25-(198)'!$A$9:$F$4118,2,FALSE),IF($E56="FDE",VLOOKUP($F56,#REF!,2,FALSE),IF($E56="SIURB (E)",VLOOKUP($F56,'EDIF sem Des Jan25'!$A$3:$D$3000,2,FALSE),IF($E56="SIURB (I)",VLOOKUP($F56,'INFRA sem Des Jan25'!$A$2:$D$1000,2,FALSE),IF($E56="SICRO NOVO",VLOOKUP($F56,'SICRO.DNIT ONERADA 04.25'!$A$4:$D$7000,2,FALSE),IF($E56="COMPOSIÇÃO",VLOOKUP($F56,#REF!,2),IF($E56="DER",VLOOKUP($F56,#REF!,2,0))))))))) -> Camada de rolamento em concreto betuminoso usinado quente - CBUQ | H56: =IF($E56="SINAPI",VLOOKUP($F56,'SINAPI_ONERADO-06.25'!$B$11:$E$9657,3,FALSE),IF($E56="CDHU",VLOOKUP($F56,'CDHU_Onerado-05.25-(198)'!$A$9:$F$4118,3,FALSE),IF($E56="FDE",VLOOKUP($F56,#REF!,3,FALSE),IF($E56="SIURB (E)",VLOOKUP($F56,'EDIF sem Des Jan25'!$A$3:$D$3000,3,FALSE),IF($E56="SIURB (I)",VLOOKUP($F56,'INFRA sem Des Jan25'!$A$2:$D$1000,3,FALSE),IF($E56="SICRO NOVO",VLOOKUP($F56,'SICRO.DNIT ONERADA 04.25'!$A$4:$D$7000,3,FALSE),IF($E56="DER",VLOOKUP($F56,#REF!,3,0)))))))) -> M3 | I56: =IF(D56<>0,INDEX('MEMORIA CALCULO'!$A$1:$P$2515,MATCH(D56,'MEMORIA CALCULO'!$A$1:$A$2515,0),16),0) -> 104.96 | J56: =IF($E56="SINAPI",VLOOKUP($F56,'SINAPI_ONERADO-06.25'!$B$11:$E$9657,4,FALSE),IF($E56="CDHU",VLOOKUP($F56,'CDHU_Onerado-05.25-(198)'!$A$9:$F$4118,6,FALSE),IF($E56="FDE",VLOOKUP($F56,#REF!,5,FALSE),IF($E56="SIURB (E)",VLOOKUP($F56,'EDIF sem Des Jan25'!$A$3:$D$3000,4,FALSE),IF($E56="SIURB (I)",VLOOKUP($F56,'INFRA sem Des Jan25'!$A$2:$D$1000,4,FALSE),IF($E56="SICRO NOVO",VLOOKUP($F56,'SICRO.DNIT ONERADA 04.25'!$A$4:$D$7000,4,FALSE),IF($E56="DER",VLOOKUP($F56,#REF!,4,0)))))))) -> 1583.39 | K56: =J56*(1+IF(N56="x",'CLIENTE-OBJETO'!$P$3,$E$7)) -> 1911.63 | L56: =ROUND(ROUND(I56,2)*ROUND(K56,2),2) -> 200644.68 | O56: =IFERROR(L56/$L$13,0) -> 0.1931 | P56: =IF(_xlfn.ISFORMULA(J56)&_xlfn.ISFORMULA(K56)&_xlfn.ISFORMULA(L56)&_xlfn.ISFORMULA(I56)="verdadeiroverdadeiroverdadeiroverdadeiro","ok","verificar formulas") -> ok
A57: =LEFT(D57,2) | E57: DRENO DE PAVIMENTO | O57: =IFERROR(L57/$L$13,0) -> 0
A58: =LEFT(D58,1) -> 5 | B58: =B56 -> 5 | C58: =IF(D58="",0,B58) -> 5 | D58: =D56+1 -> 5007 | E58: CDHU | F58: 06.01.020 | G58: =IF($E58="SINAPI",VLOOKUP(F58,'SINAPI_ONERADO-06.25'!$B$11:$E$9657,2,FALSE),IF($E58="CDHU",VLOOKUP($F58,'CDHU_Onerado-05.25-(198)'!$A$9:$F$4118,2,FALSE),IF($E58="FDE",VLOOKUP($F58,#REF!,2,FALSE),IF($E58="SIURB (E)",VLOOKUP($F58,'EDIF sem Des Jan25'!$A$3:$D$3000,2,FALSE),IF($E58="SIURB (I)",VLOOKUP($F58,'INFRA sem Des Jan25'!$A$2:$D$1000,2,FALSE),IF($E58="SICRO NOVO",VLOOKUP($F58,'SICRO.DNIT ONERADA 04.25'!$A$4:$D$7000,2,FALSE),IF($E58="COMPOSIÇÃO",VLOOKUP($F58,#REF!,2),IF($E58="DER",VLOOKUP($F58,#REF!,2,0))))))))) -> Escavação manual em solo de 1ª e 2ª categoria em campo aberto | H58: =IF($E58="SINAPI",VLOOKUP($F58,'SINAPI_ONERADO-06.25'!$B$11:$E$9657,3,FALSE),IF($E58="CDHU",VLOOKUP($F58,'CDHU_Onerado-05.25-(198)'!$A$9:$F$4118,3,FALSE),IF($E58="FDE",VLOOKUP($F58,#REF!,3,FALSE),IF($E58="SIURB (E)",VLOOKUP($F58,'EDIF sem Des Jan25'!$A$3:$D$3000,3,FALSE),IF($E58="SIURB (I)",VLOOKUP($F58,'INFRA sem Des Jan25'!$A$2:$D$1000,3,FALSE),IF($E58="SICRO NOVO",VLOOKUP($F58,'SICRO.DNIT ONERADA 04.25'!$A$4:$D$7000,3,FALSE),IF($E58="DER",VLOOKUP($F58,#REF!,3,0)))))))) -> M3 | I58: =IF(D58<>0,INDEX('MEMORIA CALCULO'!$A$1:$P$2515,MATCH(D58,'MEMORIA CALCULO'!$A$1:$A$2515,0),16),0) -> 156.48 | J58: =IF($E58="SINAPI",VLOOKUP($F58,'SINAPI_ONERADO-06.25'!$B$11:$E$9657,4,FALSE),IF($E58="CDHU",VLOOKUP($F58,'CDHU_Onerado-05.25-(198)'!$A$9:$F$4118,6,FALSE),IF($E58="FDE",VLOOKUP($F58,#REF!,5,FALSE),IF($E58="SIURB (E)",VLOOKUP($F58,'EDIF sem Des Jan25'!$A$3:$D$3000,4,FALSE),IF($E58="SIURB (I)",VLOOKUP($F58,'INFRA sem Des Jan25'!$A$2:$D$1000,4,FALSE),IF($E58="SICRO NOVO",VLOOKUP($F58,'SICRO.DNIT ONERADA 04.25'!$A$4:$D$7000,4,FALSE),IF($E58="DER",VLOOKUP($F58,#REF!,4,0)))))))) -> 56.78 | K58: =J58*(1+IF(N58="x",'CLIENTE-OBJETO'!$P$3,$E$7)) -> 68.55 | L58: =ROUND(ROUND(I58,2)*ROUND(K58,2),2) -> 10726.7 | O58: =IFERROR(L58/$L$13,0) -> 0.0103 | P58: =IF(_xlfn.ISFORMULA(J58)&_xlfn.ISFORMULA(K58)&_xlfn.ISFORMULA(L58)&_xlfn.ISFORMULA(I58)="verdadeiroverdadeiroverdadeiroverdadeiro","ok","verificar formulas") -> ok
A59: =LEFT(D59,1) -> 5 | B59: =B58 -> 5 | C59: =IF(D59="",0,B59) -> 5 | D59: =D58+1 -> 5008 | E59: CDHU | F59: 05.10.023 | G59: =IF($E59="SINAPI",VLOOKUP(F59,'SINAPI_ONERADO-06.25'!$B$11:$E$9657,2,FALSE),IF($E59="CDHU",VLOOKUP($F59,'CDHU_Onerado-05.25-(198)'!$A$9:$F$4118,2,FALSE),IF($E59="FDE",VLOOKUP($F59,#REF!,2,FALSE),IF($E59="SIURB (E)",VLOOKUP($F59,'EDIF sem Des Jan25'!$A$3:$D$3000,2,FALSE),IF($E59="SIURB (I)",VLOOKUP($F59,'INFRA sem Des Jan25'!$A$2:$D$1000,2,FALSE),IF($E59="SICRO NOVO",VLOOKUP($F59,'SICRO.DNIT ONERADA 04.25'!$A$4:$D$7000,2,FALSE),IF($E59="COMPOSIÇÃO",VLOOKUP($F59,#REF!,2),IF($E59="DER",VLOOKUP($F59,#REF!,2,0))))))))) -> Transporte de solo de 1ª e 2ª categoria por caminhão para distâncias superiores ao 5° km até o 10° km | H59: =IF($E59="SINAPI",VLOOKUP($F59,'SINAPI_ONERADO-06.25'!$B$11:$E$9657,3,FALSE),IF($E59="CDHU",VLOOKUP($F59,'CDHU_Onerado-05.25-(198)'!$A$9:$F$4118,3,FALSE),IF($E59="FDE",VLOOKUP($F59,#REF!,3,FALSE),IF($E59="SIURB (E)",VLOOKUP($F59,'EDIF sem Des Jan25'!$A$3:$D$3000,3,FALSE),IF($E59="SIURB (I)",VLOOKUP($F59,'INFRA sem Des Jan25'!$A$2:$D$1000,3,FALSE),IF($E59="SICRO NOVO",VLOOKUP($F59,'SICRO.DNIT ONERADA 04.25'!$A$4:$D$7000,3,FALSE),IF($E59="DER",VLOOKUP($F59,#REF!,3,0)))))))) -> M3 | I59: =IF(D59<>0,INDEX('MEMORIA CALCULO'!$A$1:$P$2515,MATCH(D59,'MEMORIA CALCULO'!$A$1:$A$2515,0),16),0) -> 156.48 | J59: =IF($E59="SINAPI",VLOOKUP($F59,'SINAPI_ONERADO-06.25'!$B$11:$E$9657,4,FALSE),IF($E59="CDHU",VLOOKUP($F59,'CDHU_Onerado-05.25-(198)'!$A$9:$F$4118,6,FALSE),IF($E59="FDE",VLOOKUP($F59,#REF!,5,FALSE),IF($E59="SIURB (E)",VLOOKUP($F59,'EDIF sem Des Jan25'!$A$3:$D$3000,4,FALSE),IF($E59="SIURB (I)",VLOOKUP($F59,'INFRA sem Des Jan25'!$A$2:$D$1000,4,FALSE),IF($E59="SICRO NOVO",VLOOKUP($F59,'SICRO.DNIT ONERADA 04.25'!$A$4:$D$7000,4,FALSE),IF($E59="DER",VLOOKUP($F59,#REF!,4,0)))))))) -> 19.57 | K59: =J59*(1+IF(N59="x",'CLIENTE-OBJETO'!$P$3,$E$7)) -> 23.63 | L59: =ROUND(ROUND(I59,2)*ROUND(K59,2),2) -> 3697.62 | O59: =IFERROR(L59/$L$13,0) -> 0.0036 | P59: =IF(_xlfn.ISFORMULA(J59)&_xlfn.ISFORMULA(K59)&_xlfn.ISFORMULA(L59)&_xlfn.ISFORMULA(I59)="verdadeiroverdadeiroverdadeiroverdadeiro","ok","verificar formulas") -> ok
A60: =LEFT(D60,1) -> 5 | B60: =B59 -> 5 | C60: =IF(D60="",0,B60) -> 5 | D60: =D59+1 -> 5009 | E60: CDHU | F60: 07.10.020 | G60: =IF($E60="SINAPI",VLOOKUP(F60,'SINAPI_ONERADO-06.25'!$B$11:$E$9657,2,FALSE),IF($E60="CDHU",VLOOKUP($F60,'CDHU_Onerado-05.25-(198)'!$A$9:$F$4118,2,FALSE),IF($E60="FDE",VLOOKUP($F60,#REF!,2,FALSE),IF($E60="SIURB (E)",VLOOKUP($F60,'EDIF sem Des Jan25'!$A$3:$D$3000,2,FALSE),IF($E60="SIURB (I)",VLOOKUP($F60,'INFRA sem Des Jan25'!$A$2:$D$1000,2,FALSE),IF($E60="SICRO NOVO",VLOOKUP($F60,'SICRO.DNIT ONERADA 04.25'!$A$4:$D$7000,2,FALSE),IF($E60="COMPOSIÇÃO",VLOOKUP($F60,#REF!,2),IF($E60="DER",VLOOKUP($F60,#REF!,2,0))))))))) -> Espalhamento de solo em bota-fora com compactação sem controle | H60: =IF($E60="SINAPI",VLOOKUP($F60,'SINAPI_ONERADO-06.25'!$B$11:$E$9657,3,FALSE),IF($E60="CDHU",VLOOKUP($F60,'CDHU_Onerado-05.25-(198)'!$A$9:$F$4118,3,FALSE),IF($E60="FDE",VLOOKUP($F60,#REF!,3,FALSE),IF($E60="SIURB (E)",VLOOKUP($F60,'EDIF sem Des Jan25'!$A$3:$D$3000,3,FALSE),IF($E60="SIURB (I)",VLOOKUP($F60,'INFRA sem Des Jan25'!$A$2:$D$1000,3,FALSE),IF($E60="SICRO NOVO",VLOOKUP($F60,'SICRO.DNIT ONERADA 04.25'!$A$4:$D$7000,3,FALSE),IF($E60="DER",VLOOKUP($F60,#REF!,3,0)))))))) -> M3 | I60: =IF(D60<>0,INDEX('MEMORIA CALCULO'!$A$1:$P$2515,MATCH(D60,'MEMORIA CALCULO'!$A$1:$A$2515,0),16),0) -> 156.48 | J60: =IF($E60="SINAPI",VLOOKUP($F60,'SINAPI_ONERADO-06.25'!$B$11:$E$9657,4,FALSE),IF($E60="CDHU",VLOOKUP($F60,'CDHU_Onerado-05.25-(198)'!$A$9:$F$4118,6,FALSE),IF($E60="FDE",VLOOKUP($F60,#REF!,5,FALSE),IF($E60="SIURB (E)",VLOOKUP($F60,'EDIF sem Des Jan25'!$A$3:$D$3000,4,FALSE),IF($E60="SIURB (I)",VLOOKUP($F60,'INFRA sem Des Jan25'!$A$2:$D$1000,4,FALSE),IF($E60="SICRO NOVO",VLOOKUP($F60,'SICRO.DNIT ONERADA 04.25'!$A$4:$D$7000,4,FALSE),IF($E60="DER",VLOOKUP($F60,#REF!,4,0)))))))) -> 5.59 | K60: =J60*(1+IF(N60="x",'CLIENTE-OBJETO'!$P$3,$E$7)) -> 6.75 | L60: =ROUND(ROUND(I60,2)*ROUND(K60,2),2) -> 1056.24 | O60: =IFERROR(L60/$L$13,0) -> 0.001 | P60: =IF(_xlfn.ISFORMULA(J60)&_xlfn.ISFORMULA(K60)&_xlfn.ISFORMULA(L60)&_xlfn.ISFORMULA(I60)="verdadeiroverdadeiroverdadeiroverdadeiro","ok","verificar formulas") -> ok
A61: =LEFT(D61,1) -> 5 | B61: =B60 -> 5 | C61: =IF(D61="",0,B61) -> 5 | D61: =D60+1 -> 5010 | E61: CDHU | F61: 05.09.007 | G61: =IF($E61="SINAPI",VLOOKUP(F61,'SINAPI_ONERADO-06.25'!$B$11:$E$9657,2,FALSE),IF($E61="CDHU",VLOOKUP($F61,'CDHU_Onerado-05.25-(198)'!$A$9:$F$4118,2,FALSE),IF($E61="FDE",VLOOKUP($F61,#REF!,2,FALSE),IF($E61="SIURB (E)",VLOOKUP($F61,'EDIF sem Des Jan25'!$A$3:$D$3000,2,FALSE),IF($E61="SIURB (I)",VLOOKUP($F61,'INFRA sem Des Jan25'!$A$2:$D$1000,2,FALSE),IF($E61="SICRO NOVO",VLOOKUP($F61,'SICRO.DNIT ONERADA 04.25'!$A$4:$D$7000,2,FALSE),IF($E61="COMPOSIÇÃO",VLOOKUP($F61,#REF!,2),IF($E61="DER",VLOOKUP($F61,#REF!,2,0))))))))) -> Taxa de destinação de resíduo sólido em aterro, tipo solo/terra | H61: =IF($E61="SINAPI",VLOOKUP($F61,'SINAPI_ONERADO-06.25'!$B$11:$E$9657,3,FALSE),IF($E61="CDHU",VLOOKUP($F61,'CDHU_Onerado-05.25-(198)'!$A$9:$F$4118,3,FALSE),IF($E61="FDE",VLOOKUP($F61,#REF!,3,FALSE),IF($E61="SIURB (E)",VLOOKUP($F61,'EDIF sem Des Jan25'!$A$3:$D$3000,3,FALSE),IF($E61="SIURB (I)",VLOOKUP($F61,'INFRA sem Des Jan25'!$A$2:$D$1000,3,FALSE),IF($E61="SICRO NOVO",VLOOKUP($F61,'SICRO.DNIT ONERADA 04.25'!$A$4:$D$7000,3,FALSE),IF($E61="DER",VLOOKUP($F61,#REF!,3,0)))))))) -> M3 | I61: =IF(D61<>0,INDEX('MEMORIA CALCULO'!$A$1:$P$2515,MATCH(D61,'MEMORIA CALCULO'!$A$1:$A$2515,0),16),0) -> 203.42 | J61: =IF($E61="SINAPI",VLOOKUP($F61,'SINAPI_ONERADO-06.25'!$B$11:$E$9657,4,FALSE),IF($E61="CDHU",VLOOKUP($F61,'CDHU_Onerado-05.25-(198)'!$A$9:$F$4118,6,FALSE),IF($E61="FDE",VLOOKUP($F61,#REF!,5,FALSE),IF($E61="SIURB (E)",VLOOKUP($F61,'EDIF sem Des Jan25'!$A$3:$D$3000,4,FALSE),IF($E61="SIURB (I)",VLOOKUP($F61,'INFRA sem Des Jan25'!$A$2:$D$1000,4,FALSE),IF($E61="SICRO NOVO",VLOOKUP($F61,'SICRO.DNIT ONERADA 04.25'!$A$4:$D$7000,4,FALSE),IF($E61="DER",VLOOKUP($F61,#REF!,4,0)))))))) -> 30.67 | K61: =J61*(1+IF(N61="x",'CLIENTE-OBJETO'!$P$3,$E$7)) -> 37.03 | L61: =ROUND(ROUND(I61,2)*ROUND(K61,2),2) -> 7532.64 | O61: =IFERROR(L61/$L$13,0) -> 0.0073 | P61: =IF(_xlfn.ISFORMULA(J61)&_xlfn.ISFORMULA(K61)&_xlfn.ISFORMULA(L61)&_xlfn.ISFORMULA(I61)="verdadeiroverdadeiroverdadeiroverdadeiro","ok","verificar formulas") -> ok
A62: =LEFT(D62,1) -> 5 | B62: =B61 -> 5 | C62: =IF(D62="",0,B62) -> 5 | D62: =D61+1 -> 5011 | E62: CDHU | F62: 08.05.180 | G62: =IF($E62="SINAPI",VLOOKUP(F62,'SINAPI_ONERADO-06.25'!$B$11:$E$9657,2,FALSE),IF($E62="CDHU",VLOOKUP($F62,'CDHU_Onerado-05.25-(198)'!$A$9:$F$4118,2,FALSE),IF($E62="FDE",VLOOKUP($F62,#REF!,2,FALSE),IF($E62="SIURB (E)",VLOOKUP($F62,'EDIF sem Des Jan25'!$A$3:$D$3000,2,FALSE),IF($E62="SIURB (I)",VLOOKUP($F62,'INFRA sem Des Jan25'!$A$2:$D$1000,2,FALSE),IF($E62="SICRO NOVO",VLOOKUP($F62,'SICRO.DNIT ONERADA 04.25'!$A$4:$D$7000,2,FALSE),IF($E62="COMPOSIÇÃO",VLOOKUP($F62,#REF!,2),IF($E62="DER",VLOOKUP($F62,#REF!,2,0))))))))) -> Manta geotêxtil com resistência à tração longitudinal de 10kN/m e transversal de 9kN/m | H62: =IF($E62="SINAPI",VLOOKUP($F62,'SINAPI_ONERADO-06.25'!$B$11:$E$9657,3,FALSE),IF($E62="CDHU",VLOOKUP($F62,'CDHU_Onerado-05.25-(198)'!$A$9:$F$4118,3,FALSE),IF($E62="FDE",VLOOKUP($F62,#REF!,3,FALSE),IF($E62="SIURB (E)",VLOOKUP($F62,'EDIF sem Des Jan25'!$A$3:$D$3000,3,FALSE),IF($E62="SIURB (I)",VLOOKUP($F62,'INFRA sem Des Jan25'!$A$2:$D$1000,3,FALSE),IF($E62="SICRO NOVO",VLOOKUP($F62,'SICRO.DNIT ONERADA 04.25'!$A$4:$D$7000,3,FALSE),IF($E62="DER",VLOOKUP($F62,#REF!,3,0)))))))) -> M2 | I62: =IF(D62<>0,INDEX('MEMORIA CALCULO'!$A$1:$P$2515,MATCH(D62,'MEMORIA CALCULO'!$A$1:$A$2515,0),16),0) -> 1711.5 | J62: =IF($E62="SINAPI",VLOOKUP($F62,'SINAPI_ONERADO-06.25'!$B$11:$E$9657,4,FALSE),IF($E62="CDHU",VLOOKUP($F62,'CDHU_Onerado-05.25-(198)'!$A$9:$F$4118,6,FALSE),IF($E62="FDE",VLOOKUP($F62,#REF!,5,FALSE),IF($E62="SIURB (E)",VLOOKUP($F62,'EDIF sem Des Jan25'!$A$3:$D$3000,4,FALSE),IF($E62="SIURB (I)",VLOOKUP($F62,'INFRA sem Des Jan25'!$A$2:$D$1000,4,FALSE),IF($E62="SICRO NOVO",VLOOKUP($F62,'SICRO.DNIT ONERADA 04.25'!$A$4:$D$7000,4,FALSE),IF($E62="DER",VLOOKUP($F62,#REF!,4,0)))))))) -> 21.96 | K62: =J62*(1+IF(N62="x",'CLIENTE-OBJETO'!$P$3,$E$7)) -> 26.51 | L62: =ROUND(ROUND(I62,2)*ROUND(K62,2),2) -> 45371.87 | O62: =IFERROR(L62/$L$13,0) -> 0.0437 | P62: =IF(_xlfn.ISFORMULA(J62)&_xlfn.ISFORMULA(K62)&_xlfn.ISFORMULA(L62)&_xlfn.ISFORMULA(I62)="verdadeiroverdadeiroverdadeiroverdadeiro","ok","verificar formulas") -> ok
A63: =LEFT(D63,1) -> 5 | B63: =B62 -> 5 | C63: =IF(D63="",0,B63) -> 5 | D63: =D62+1 -> 5012 | E63: CDHU | F63: 08.05.100 | G63: =IF($E63="SINAPI",VLOOKUP(F63,'SINAPI_ONERADO-06.25'!$B$11:$E$9657,2,FALSE),IF($E63="CDHU",VLOOKUP($F63,'CDHU_Onerado-05.25-(198)'!$A$9:$F$4118,2,FALSE),IF($E63="FDE",VLOOKUP($F63,#REF!,2,FALSE),IF($E63="SIURB (E)",VLOOKUP($F63,'EDIF sem Des Jan25'!$A$3:$D$3000,2,FALSE),IF($E63="SIURB (I)",VLOOKUP($F63,'INFRA sem Des Jan25'!$A$2:$D$1000,2,FALSE),IF($E63="SICRO NOVO",VLOOKUP($F63,'SICRO.DNIT ONERADA 04.25'!$A$4:$D$7000,2,FALSE),IF($E63="COMPOSIÇÃO",VLOOKUP($F63,#REF!,2),IF($E63="DER",VLOOKUP($F63,#REF!,2,0))))))))) -> Dreno com pedra britada | H63: =IF($E63="SINAPI",VLOOKUP($F63,'SINAPI_ONERADO-06.25'!$B$11:$E$9657,3,FALSE),IF($E63="CDHU",VLOOKUP($F63,'CDHU_Onerado-05.25-(198)'!$A$9:$F$4118,3,FALSE),IF($E63="FDE",VLOOKUP($F63,#REF!,3,FALSE),IF($E63="SIURB (E)",VLOOKUP($F63,'EDIF sem Des Jan25'!$A$3:$D$3000,3,FALSE),IF($E63="SIURB (I)",VLOOKUP($F63,'INFRA sem Des Jan25'!$A$2:$D$1000,3,FALSE),IF($E63="SICRO NOVO",VLOOKUP($F63,'SICRO.DNIT ONERADA 04.25'!$A$4:$D$7000,3,FALSE),IF($E63="DER",VLOOKUP($F63,#REF!,3,0)))))))) -> M3 | I63: =IF(D63<>0,INDEX('MEMORIA CALCULO'!$A$1:$P$2515,MATCH(D63,'MEMORIA CALCULO'!$A$1:$A$2515,0),16),0) -> 156.48 | J63: =IF($E63="SINAPI",VLOOKUP($F63,'SINAPI_ONERADO-06.25'!$B$11:$E$9657,4,FALSE),IF($E63="CDHU",VLOOKUP($F63,'CDHU_Onerado-05.25-(198)'!$A$9:$F$4118,6,FALSE),IF($E63="FDE",VLOOKUP($F63,#REF!,5,FALSE),IF($E63="SIURB (E)",VLOOKUP($F63,'EDIF sem Des Jan25'!$A$3:$D$3000,4,FALSE),IF($E63="SIURB (I)",VLOOKUP($F63,'INFRA sem Des Jan25'!$A$2:$D$1000,4,FALSE),IF($E63="SICRO NOVO",VLOOKUP($F63,'SICRO.DNIT ONERADA 04.25'!$A$4:$D$7000,4,FALSE),IF($E63="DER",VLOOKUP($F63,#REF!,4,0)))))))) -> 175.91 | K63: =J63*(1+IF(N63="x",'CLIENTE-OBJETO'!$P$3,$E$7)) -> 212.38 | L63: =ROUND(ROUND(I63,2)*ROUND(K63,2),2) -> 33233.22 | O63: =IFERROR(L63/$L$13,0) -> 0.032 | P63: =IF(_xlfn.ISFORMULA(J63)&_xlfn.ISFORMULA(K63)&_xlfn.ISFORMULA(L63)&_xlfn.ISFORMULA(I63)="verdadeiroverdadeiroverdadeiroverdadeiro","ok","verificar formulas") -> ok
A64: =LEFT(D64,1) -> 5 | B64: =B63 -> 5 | C64: =IF(D64="",0,B64) -> 5 | D64: =D63+1 -> 5013 | E64: CDHU | F64: 46.13.020 | G64: =IF($E64="SINAPI",VLOOKUP(F64,'SINAPI_ONERADO-06.25'!$B$11:$E$9657,2,FALSE),IF($E64="CDHU",VLOOKUP($F64,'CDHU_Onerado-05.25-(198)'!$A$9:$F$4118,2,FALSE),IF($E64="FDE",VLOOKUP($F64,#REF!,2,FALSE),IF($E64="SIURB (E)",VLOOKUP($F64,'EDIF sem Des Jan25'!$A$3:$D$3000,2,FALSE),IF($E64="SIURB (I)",VLOOKUP($F64,'INFRA sem Des Jan25'!$A$2:$D$1000,2,FALSE),IF($E64="SICRO NOVO",VLOOKUP($F64,'SICRO.DNIT ONERADA 04.25'!$A$4:$D$7000,2,FALSE),IF($E64="COMPOSIÇÃO",VLOOKUP($F64,#REF!,2),IF($E64="DER",VLOOKUP($F64,#REF!,2,0))))))))) -> Tubo em polietileno de alta densidade corrugado perfurado, DN= 4´, inclusive conexões | H64: =IF($E64="SINAPI",VLOOKUP($F64,'SINAPI_ONERADO-06.25'!$B$11:$E$9657,3,FALSE),IF($E64="CDHU",VLOOKUP($F64,'CDHU_Onerado-05.25-(198)'!$A$9:$F$4118,3,FALSE),IF($E64="FDE",VLOOKUP($F64,#REF!,3,FALSE),IF($E64="SIURB (E)",VLOOKUP($F64,'EDIF sem Des Jan25'!$A$3:$D$3000,3,FALSE),IF($E64="SIURB (I)",VLOOKUP($F64,'INFRA sem Des Jan25'!$A$2:$D$1000,3,FALSE),IF($E64="SICRO NOVO",VLOOKUP($F64,'SICRO.DNIT ONERADA 04.25'!$A$4:$D$7000,3,FALSE),IF($E64="DER",VLOOKUP($F64,#REF!,3,0)))))))) -> M | I64: =IF(D64<>0,INDEX('MEMORIA CALCULO'!$A$1:$P$2515,MATCH(D64,'MEMORIA CALCULO'!$A$1:$A$2515,0),16),0) -> 978 | J64: =IF($E64="SINAPI",VLOOKUP($F64,'SINAPI_ONERADO-06.25'!$B$11:$E$9657,4,FALSE),IF($E64="CDHU",VLOOKUP($F64,'CDHU_Onerado-05.25-(198)'!$A$9:$F$4118,6,FALSE),IF($E64="FDE",VLOOKUP($F64,#REF!,5,FALSE),IF($E64="SIURB (E)",VLOOKUP($F64,'EDIF sem Des Jan25'!$A$3:$D$3000,4,FALSE),IF($E64="SIURB (I)",VLOOKUP($F64,'INFRA sem Des Jan25'!$A$2:$D$1000,4,FALSE),IF($E64="SICRO NOVO",VLOOKUP($F64,'SICRO.DNIT ONERADA 04.25'!$A$4:$D$7000,4,FALSE),IF($E64="DER",VLOOKUP($F64,#REF!,4,0)))))))) -> 12.77 | K64: =J64*(1+IF(N64="x",'CLIENTE-OBJETO'!$P$3,$E$7)) -> 15.42 | L64: =ROUND(ROUND(I64,2)*ROUND(K64,2),2) -> 15080.76 | O64: =IFERROR(L64/$L$13,0) -> 0.0145 | P64: =IF(_xlfn.ISFORMULA(J64)&_xlfn.ISFORMULA(K64)&_xlfn.ISFORMULA(L64)&_xlfn.ISFORMULA(I64)="verdadeiroverdadeiroverdadeiroverdadeiro","ok","verificar formulas") -> ok
A66: =LEFT(D66,2) -> 6 | B66: =D66 -> 6 | D66: 6 | E66: SARJETÃO | K66: SUBTOTAL | L66: =SUMIF(C67:C435,D66,L67:L443) -> 315504.39 | O66: =IFERROR(L66/$L$13,0) -> 0.3037
A67: =LEFT(D67,1) -> 6 | B67: =B66 -> 6 | C67: =IF(D67="",0,B67) -> 6 | D67: =(D66*1000)+1 -> 6001 | E67: CDHU | F67: 54.06.151 | G67: =IF($E67="SINAPI",VLOOKUP(F67,'SINAPI_ONERADO-06.25'!$B$11:$E$9657,2,FALSE),IF($E67="CDHU",VLOOKUP($F67,'CDHU_Onerado-05.25-(198)'!$A$9:$F$4118,2,FALSE),IF($E67="FDE",VLOOKUP($F67,#REF!,2,FALSE),IF($E67="SIURB (E)",VLOOKUP($F67,'EDIF sem Des Jan25'!$A$3:$D$3000,2,FALSE),IF($E67="SIURB (I)",VLOOKUP($F67,'INFRA sem Des Jan25'!$A$2:$D$1000,2,FALSE),IF($E67="SICRO NOVO",VLOOKUP($F67,'SICRO.DNIT ONERADA 04.25'!$A$4:$D$7000,2,FALSE),IF($E67="COMPOSIÇÃO",VLOOKUP($F67,#REF!,2),IF($E67="DER",VLOOKUP($F67,#REF!,2,0))))))))) -> Execução de perfil extrusado no local, sem concreto | H67: =IF($E67="SINAPI",VLOOKUP($F67,'SINAPI_ONERADO-06.25'!$B$11:$E$9657,3,FALSE),IF($E67="CDHU",VLOOKUP($F67,'CDHU_Onerado-05.25-(198)'!$A$9:$F$4118,3,FALSE),IF($E67="FDE",VLOOKUP($F67,#REF!,3,FALSE),IF($E67="SIURB (E)",VLOOKUP($F67,'EDIF sem Des Jan25'!$A$3:$D$3000,3,FALSE),IF($E67="SIURB (I)",VLOOKUP($F67,'INFRA sem Des Jan25'!$A$2:$D$1000,3,FALSE),IF($E67="SICRO NOVO",VLOOKUP($F67,'SICRO.DNIT ONERADA 04.25'!$A$4:$D$7000,3,FALSE),IF($E67="DER",VLOOKUP($F67,#REF!,3,0)))))))) -> M3 | I67: =IF(D67<>0,INDEX('MEMORIA CALCULO'!$A$1:$P$2515,MATCH(D67,'MEMORIA CALCULO'!$A$1:$A$2515,0),16),0) -> 149.44 | J67: =IF($E67="SINAPI",VLOOKUP($F67,'SINAPI_ONERADO-06.25'!$B$11:$E$9657,4,FALSE),IF($E67="CDHU",VLOOKUP($F67,'CDHU_Onerado-05.25-(198)'!$A$9:$F$4118,6,FALSE),IF($E67="FDE",VLOOKUP($F67,#REF!,5,FALSE),IF($E67="SIURB (E)",VLOOKUP($F67,'EDIF sem Des Jan25'!$A$3:$D$3000,4,FALSE),IF($E67="SIURB (I)",VLOOKUP($F67,'INFRA sem Des Jan25'!$A$2:$D$1000,4,FALSE),IF($E67="SICRO NOVO",VLOOKUP($F67,'SICRO.DNIT ONERADA 04.25'!$A$4:$D$7000,4,FALSE),IF($E67="DER",VLOOKUP($F67,#REF!,4,0)))))))) -> 446.55 | K67: =J67*(1+IF(N67="x",'CLIENTE-OBJETO'!$P$3,$E$7)) -> 539.12 | L67: =ROUND(ROUND(I67,2)*ROUND(K67,2),2) -> 80566.09 | O67: =IFERROR(L67/$L$13,0) -> 0.0775 | P67: =IF(_xlfn.ISFORMULA(J67)&_xlfn.ISFORMULA(K67)&_xlfn.ISFORMULA(L67)&_xlfn.ISFORMULA(I67)="verdadeiroverdadeiroverdadeiroverdadeiro","ok","verificar formulas") -> ok
A68: =LEFT(D68,1) -> 6 | B68: =B67 -> 6 | C68: =IF(D68="",0,B68) -> 6 | D68: =D67+1 -> 6002 | E68: CDHU | F68: 54.06.100 | G68: =IF($E68="SINAPI",VLOOKUP(F68,'SINAPI_ONERADO-06.25'!$B$11:$E$9657,2,FALSE),IF($E68="CDHU",VLOOKUP($F68,'CDHU_Onerado-05.25-(198)'!$A$9:$F$4118,2,FALSE),IF($E68="FDE",VLOOKUP($F68,#REF!,2,FALSE),IF($E68="SIURB (E)",VLOOKUP($F68,'EDIF sem Des Jan25'!$A$3:$D$3000,2,FALSE),IF($E68="SIURB (I)",VLOOKUP($F68,'INFRA sem Des Jan25'!$A$2:$D$1000,2,FALSE),IF($E68="SICRO NOVO",VLOOKUP($F68,'SICRO.DNIT ONERADA 04.25'!$A$4:$D$7000,2,FALSE),IF($E68="COMPOSIÇÃO",VLOOKUP($F68,#REF!,2),IF($E68="DER",VLOOKUP($F68,#REF!,2,0))))))))) -> Base em concreto com fck de 20 MPa, para guias, sarjetas ou sarjetões | H68: =IF($E68="SINAPI",VLOOKUP($F68,'SINAPI_ONERADO-06.25'!$B$11:$E$9657,3,FALSE),IF($E68="CDHU",VLOOKUP($F68,'CDHU_Onerado-05.25-(198)'!$A$9:$F$4118,3,FALSE),IF($E68="FDE",VLOOKUP($F68,#REF!,3,FALSE),IF($E68="SIURB (E)",VLOOKUP($F68,'EDIF sem Des Jan25'!$A$3:$D$3000,3,FALSE),IF($E68="SIURB (I)",VLOOKUP($F68,'INFRA sem Des Jan25'!$A$2:$D$1000,3,FALSE),IF($E68="SICRO NOVO",VLOOKUP($F68,'SICRO.DNIT ONERADA 04.25'!$A$4:$D$7000,3,FALSE),IF($E68="DER",VLOOKUP($F68,#REF!,3,0)))))))) -> M3 | I68: =IF(D68<>0,INDEX('MEMORIA CALCULO'!$A$1:$P$2515,MATCH(D68,'MEMORIA CALCULO'!$A$1:$A$2515,0),16),0) -> 88.02 | J68: =IF($E68="SINAPI",VLOOKUP($F68,'SINAPI_ONERADO-06.25'!$B$11:$E$9657,4,FALSE),IF($E68="CDHU",VLOOKUP($F68,'CDHU_Onerado-05.25-(198)'!$A$9:$F$4118,6,FALSE),IF($E68="FDE",VLOOKUP($F68,#REF!,5,FALSE),IF($E68="SIURB (E)",VLOOKUP($F68,'EDIF sem Des Jan25'!$A$3:$D$3000,4,FALSE),IF($E68="SIURB (I)",VLOOKUP($F68,'INFRA sem Des Jan25'!$A$2:$D$1000,4,FALSE),IF($E68="SICRO NOVO",VLOOKUP($F68,'SICRO.DNIT ONERADA 04.25'!$A$4:$D$7000,4,FALSE),IF($E68="DER",VLOOKUP($F68,#REF!,4,0)))))))) -> 603.31 | K68: =J68*(1+IF(N68="x",'CLIENTE-OBJETO'!$P$3,$E$7)) -> 728.38 | L68: =ROUND(ROUND(I68,2)*ROUND(K68,2),2) -> 64112.01 | O68: =IFERROR(L68/$L$13,0) -> 0.0617 | P68: =IF(_xlfn.ISFORMULA(J68)&_xlfn.ISFORMULA(K68)&_xlfn.ISFORMULA(L68)&_xlfn.ISFORMULA(I68)="verdadeiroverdadeiroverdadeiroverdadeiro","ok","verificar formulas") -> ok
A69: =LEFT(D69,1) -> 6 | B69: =B68 -> 6 | C69: =IF(D69="",0,B69) -> 6 | D69: =D68+1 -> 6003 | E69: CDHU | F69: 11.01.260 | G69: =IF($E69="SINAPI",VLOOKUP(F69,'SINAPI_ONERADO-06.25'!$B$11:$E$9657,2,FALSE),IF($E69="CDHU",VLOOKUP($F69,'CDHU_Onerado-05.25-(198)'!$A$9:$F$4118,2,FALSE),IF($E69="FDE",VLOOKUP($F69,#REF!,2,FALSE),IF($E69="SIURB (E)",VLOOKUP($F69,'EDIF sem Des Jan25'!$A$3:$D$3000,2,FALSE),IF($E69="SIURB (I)",VLOOKUP($F69,'INFRA sem Des Jan25'!$A$2:$D$1000,2,FALSE),IF($E69="SICRO NOVO",VLOOKUP($F69,'SICRO.DNIT ONERADA 04.25'!$A$4:$D$7000,2,FALSE),IF($E69="COMPOSIÇÃO",VLOOKUP($F69,#REF!,2),IF($E69="DER",VLOOKUP($F69,#REF!,2,0))))))))) -> Concreto usinado, fck = 20 MPa - para bombeamento | H69: =IF($E69="SINAPI",VLOOKUP($F69,'SINAPI_ONERADO-06.25'!$B$11:$E$9657,3,FALSE),IF($E69="CDHU",VLOOKUP($F69,'CDHU_Onerado-05.25-(198)'!$A$9:$F$4118,3,FALSE),IF($E69="FDE",VLOOKUP($F69,#REF!,3,FALSE),IF($E69="SIURB (E)",VLOOKUP($F69,'EDIF sem Des Jan25'!$A$3:$D$3000,3,FALSE),IF($E69="SIURB (I)",VLOOKUP($F69,'INFRA sem Des Jan25'!$A$2:$D$1000,3,FALSE),IF($E69="SICRO NOVO",VLOOKUP($F69,'SICRO.DNIT ONERADA 04.25'!$A$4:$D$7000,3,FALSE),IF($E69="DER",VLOOKUP($F69,#REF!,3,0)))))))) -> M3 | I69: =IF(D69<>0,INDEX('MEMORIA CALCULO'!$A$1:$P$2515,MATCH(D69,'MEMORIA CALCULO'!$A$1:$A$2515,0),16),0) -> 149.44 | J69: =IF($E69="SINAPI",VLOOKUP($F69,'SINAPI_ONERADO-06.25'!$B$11:$E$9657,4,FALSE),IF($E69="CDHU",VLOOKUP($F69,'CDHU_Onerado-05.25-(198)'!$A$9:$F$4118,6,FALSE),IF($E69="FDE",VLOOKUP($F69,#REF!,5,FALSE),IF($E69="SIURB (E)",VLOOKUP($F69,'EDIF sem Des Jan25'!$A$3:$D$3000,4,FALSE),IF($E69="SIURB (I)",VLOOKUP($F69,'INFRA sem Des Jan25'!$A$2:$D$1000,4,FALSE),IF($E69="SICRO NOVO",VLOOKUP($F69,'SICRO.DNIT ONERADA 04.25'!$A$4:$D$7000,4,FALSE),IF($E69="DER",VLOOKUP($F69,#REF!,4,0)))))))) -> 543.1 | K69: =J69*(1+IF(N69="x",'CLIENTE-OBJETO'!$P$3,$E$7)) -> 655.68 | L69: =ROUND(ROUND(I69,2)*ROUND(K69,2),2) -> 97984.82 | O69: =IFERROR(L69/$L$13,0) -> 0.0943 | P69: =IF(_xlfn.ISFORMULA(J69)&_xlfn.ISFORMULA(K69)&_xlfn.ISFORMULA(L69)&_xlfn.ISFORMULA(I69)="verdadeiroverdadeiroverdadeiroverdadeiro","ok","verificar formulas") -> ok
A70: =LEFT(D70,1) -> 6 | B70: =B69 -> 6 | C70: =IF(D70="",0,B70) -> 6 | D70: =D69+1 -> 6004 | E70: CDHU | F70: 11.16.080 | G70: =IF($E70="SINAPI",VLOOKUP(F70,'SINAPI_ONERADO-06.25'!$B$11:$E$9657,2,FALSE),IF($E70="CDHU",VLOOKUP($F70,'CDHU_Onerado-05.25-(198)'!$A$9:$F$4118,2,FALSE),IF($E70="FDE",VLOOKUP($F70,#REF!,2,FALSE),IF($E70="SIURB (E)",VLOOKUP($F70,'EDIF sem Des Jan25'!$A$3:$D$3000,2,FALSE),IF($E70="SIURB (I)",VLOOKUP($F70,'INFRA sem Des Jan25'!$A$2:$D$1000,2,FALSE),IF($E70="SICRO NOVO",VLOOKUP($F70,'SICRO.DNIT ONERADA 04.25'!$A$4:$D$7000,2,FALSE),IF($E70="COMPOSIÇÃO",VLOOKUP($F70,#REF!,2),IF($E70="DER",VLOOKUP($F70,#REF!,2,0))))))))) -> Lançamento e adensamento de concreto ou massa por bombeamento | H70: =IF($E70="SINAPI",VLOOKUP($F70,'SINAPI_ONERADO-06.25'!$B$11:$E$9657,3,FALSE),IF($E70="CDHU",VLOOKUP($F70,'CDHU_Onerado-05.25-(198)'!$A$9:$F$4118,3,FALSE),IF($E70="FDE",VLOOKUP($F70,#REF!,3,FALSE),IF($E70="SIURB (E)",VLOOKUP($F70,'EDIF sem Des Jan25'!$A$3:$D$3000,3,FALSE),IF($E70="SIURB (I)",VLOOKUP($F70,'INFRA sem Des Jan25'!$A$2:$D$1000,3,FALSE),IF($E70="SICRO NOVO",VLOOKUP($F70,'SICRO.DNIT ONERADA 04.25'!$A$4:$D$7000,3,FALSE),IF($E70="DER",VLOOKUP($F70,#REF!,3,0)))))))) -> M3 | I70: =IF(D70<>0,INDEX('MEMORIA CALCULO'!$A$1:$P$2515,MATCH(D70,'MEMORIA CALCULO'!$A$1:$A$2515,0),16),0) -> 237.46 | J70: =IF($E70="SINAPI",VLOOKUP($F70,'SINAPI_ONERADO-06.25'!$B$11:$E$9657,4,FALSE),IF($E70="CDHU",VLOOKUP($F70,'CDHU_Onerado-05.25-(198)'!$A$9:$F$4118,6,FALSE),IF($E70="FDE",VLOOKUP($F70,#REF!,5,FALSE),IF($E70="SIURB (E)",VLOOKUP($F70,'EDIF sem Des Jan25'!$A$3:$D$3000,4,FALSE),IF($E70="SIURB (I)",VLOOKUP($F70,'INFRA sem Des Jan25'!$A$2:$D$1000,4,FALSE),IF($E70="SICRO NOVO",VLOOKUP($F70,'SICRO.DNIT ONERADA 04.25'!$A$4:$D$7000,4,FALSE),IF($E70="DER",VLOOKUP($F70,#REF!,4,0)))))))) -> 133.67 | K70: =J70*(1+IF(N70="x",'CLIENTE-OBJETO'!$P$3,$E$7)) -> 161.38 | L70: =ROUND(ROUND(I70,2)*ROUND(K70,2),2) -> 38321.29 | O70: =IFERROR(L70/$L$13,0) -> 0.0369 | P70: =IF(_xlfn.ISFORMULA(J70)&_xlfn.ISFORMULA(K70)&_xlfn.ISFORMULA(L70)&_xlfn.ISFORMULA(I70)="verdadeiroverdadeiroverdadeiroverdadeiro","ok","verificar formulas") -> ok
A71: =LEFT(D71,1) -> 6 | B71: =B70 -> 6 | C71: =IF(D71="",0,B71) -> 6 | D71: =D70+1 -> 6005 | E71: CDHU | F71: 06.01.020 | G71: =IF($E71="SINAPI",VLOOKUP(F71,'SINAPI_ONERADO-06.25'!$B$11:$E$9657,2,FALSE),IF($E71="CDHU",VLOOKUP($F71,'CDHU_Onerado-05.25-(198)'!$A$9:$F$4118,2,FALSE),IF($E71="FDE",VLOOKUP($F71,#REF!,2,FALSE),IF($E71="SIURB (E)",VLOOKUP($F71,'EDIF sem Des Jan25'!$A$3:$D$3000,2,FALSE),IF($E71="SIURB (I)",VLOOKUP($F71,'INFRA sem Des Jan25'!$A$2:$D$1000,2,FALSE),IF($E71="SICRO NOVO",VLOOKUP($F71,'SICRO.DNIT ONERADA 04.25'!$A$4:$D$7000,2,FALSE),IF($E71="COMPOSIÇÃO",VLOOKUP($F71,#REF!,2),IF($E71="DER",VLOOKUP($F71,#REF!,2,0))))))))) -> Escavação manual em solo de 1ª e 2ª categoria em campo aberto | H71: =IF($E71="SINAPI",VLOOKUP($F71,'SINAPI_ONERADO-06.25'!$B$11:$E$9657,3,FALSE),IF($E71="CDHU",VLOOKUP($F71,'CDHU_Onerado-05.25-(198)'!$A$9:$F$4118,3,FALSE),IF($E71="FDE",VLOOKUP($F71,#REF!,3,FALSE),IF($E71="SIURB (E)",VLOOKUP($F71,'EDIF sem Des Jan25'!$A$3:$D$3000,3,FALSE),IF($E71="SIURB (I)",VLOOKUP($F71,'INFRA sem Des Jan25'!$A$2:$D$1000,3,FALSE),IF($E71="SICRO NOVO",VLOOKUP($F71,'SICRO.DNIT ONERADA 04.25'!$A$4:$D$7000,3,FALSE),IF($E71="DER",VLOOKUP($F71,#REF!,3,0)))))))) -> M3 | I71: =IF(D71<>0,INDEX('MEMORIA CALCULO'!$A$1:$P$2515,MATCH(D71,'MEMORIA CALCULO'!$A$1:$A$2515,0),16),0) -> 234.72 | J71: =IF($E71="SINAPI",VLOOKUP($F71,'SINAPI_ONERADO-06.25'!$B$11:$E$9657,4,FALSE),IF($E71="CDHU",VLOOKUP($F71,'CDHU_Onerado-05.25-(198)'!$A$9:$F$4118,6,FALSE),IF($E71="FDE",VLOOKUP($F71,#REF!,5,FALSE),IF($E71="SIURB (E)",VLOOKUP($F71,'EDIF sem Des Jan25'!$A$3:$D$3000,4,FALSE),IF($E71="SIURB (I)",VLOOKUP($F71,'INFRA sem Des Jan25'!$A$2:$D$1000,4,FALSE),IF($E71="SICRO NOVO",VLOOKUP($F71,'SICRO.DNIT ONERADA 04.25'!$A$4:$D$7000,4,FALSE),IF($E71="DER",VLOOKUP($F71,#REF!,4,0)))))))) -> 56.78 | K71: =J71*(1+IF(N71="x",'CLIENTE-OBJETO'!$P$3,$E$7)) -> 68.55 | L71: =ROUND(ROUND(I71,2)*ROUND(K71,2),2) -> 16090.06 | O71: =IFERROR(L71/$L$13,0) -> 0.0155 | P71: =IF(_xlfn.ISFORMULA(J71)&_xlfn.ISFORMULA(K71)&_xlfn.ISFORMULA(L71)&_xlfn.ISFORMULA(I71)="verdadeiroverdadeiroverdadeiroverdadeiro","ok","verificar formulas") -> ok
A72: =LEFT(D72,1) -> 6 | B72: =B71 -> 6 | C72: =IF(D72="",0,B72) -> 6 | D72: =D71+1 -> 6006 | E72: CDHU | F72: 05.10.023 | G72: =IF($E72="SINAPI",VLOOKUP(F72,'SINAPI_ONERADO-06.25'!$B$11:$E$9657,2,FALSE),IF($E72="CDHU",VLOOKUP($F72,'CDHU_Onerado-05.25-(198)'!$A$9:$F$4118,2,FALSE),IF($E72="FDE",VLOOKUP($F72,#REF!,2,FALSE),IF($E72="SIURB (E)",VLOOKUP($F72,'EDIF sem Des Jan25'!$A$3:$D$3000,2,FALSE),IF($E72="SIURB (I)",VLOOKUP($F72,'INFRA sem Des Jan25'!$A$2:$D$1000,2,FALSE),IF($E72="SICRO NOVO",VLOOKUP($F72,'SICRO.DNIT ONERADA 04.25'!$A$4:$D$7000,2,FALSE),IF($E72="COMPOSIÇÃO",VLOOKUP($F72,#REF!,2),IF($E72="DER",VLOOKUP($F72,#REF!,2,0))))))))) -> Transporte de solo de 1ª e 2ª categoria por caminhão para distâncias superiores ao 5° km até o 10° km | H72: =IF($E72="SINAPI",VLOOKUP($F72,'SINAPI_ONERADO-06.25'!$B$11:$E$9657,3,FALSE),IF($E72="CDHU",VLOOKUP($F72,'CDHU_Onerado-05.25-(198)'!$A$9:$F$4118,3,FALSE),IF($E72="FDE",VLOOKUP($F72,#REF!,3,FALSE),IF($E72="SIURB (E)",VLOOKUP($F72,'EDIF sem Des Jan25'!$A$3:$D$3000,3,FALSE),IF($E72="SIURB (I)",VLOOKUP($F72,'INFRA sem Des Jan25'!$A$2:$D$1000,3,FALSE),IF($E72="SICRO NOVO",VLOOKUP($F72,'SICRO.DNIT ONERADA 04.25'!$A$4:$D$7000,3,FALSE),IF($E72="DER",VLOOKUP($F72,#REF!,3,0)))))))) -> M3 | I72: =IF(D72<>0,INDEX('MEMORIA CALCULO'!$A$1:$P$2515,MATCH(D72,'MEMORIA CALCULO'!$A$1:$A$2515,0),16),0) -> 234.72 | J72: =IF($E72="SINAPI",VLOOKUP($F72,'SINAPI_ONERADO-06.25'!$B$11:$E$9657,4,FALSE),IF($E72="CDHU",VLOOKUP($F72,'CDHU_Onerado-05.25-(198)'!$A$9:$F$4118,6,FALSE),IF($E72="FDE",VLOOKUP($F72,#REF!,5,FALSE),IF($E72="SIURB (E)",VLOOKUP($F72,'EDIF sem Des Jan25'!$A$3:$D$3000,4,FALSE),IF($E72="SIURB (I)",VLOOKUP($F72,'INFRA sem Des Jan25'!$A$2:$D$1000,4,FALSE),IF($E72="SICRO NOVO",VLOOKUP($F72,'SICRO.DNIT ONERADA 04.25'!$A$4:$D$7000,4,FALSE),IF($E72="DER",VLOOKUP($F72,#REF!,4,0)))))))) -> 19.57 | K72: =J72*(1+IF(N72="x",'CLIENTE-OBJETO'!$P$3,$E$7)) -> 23.63 | L72: =ROUND(ROUND(I72,2)*ROUND(K72,2),2) -> 5546.43 | O72: =IFERROR(L72/$L$13,0) -> 0.0053 | P72: =IF(_xlfn.ISFORMULA(J72)&_xlfn.ISFORMULA(K72)&_xlfn.ISFORMULA(L72)&_xlfn.ISFORMULA(I72)="verdadeiroverdadeiroverdadeiroverdadeiro","ok","verificar formulas") -> ok
A73: =LEFT(D73,1) -> 6 | B73: =B72 -> 6 | C73: =IF(D73="",0,B73) -> 6 | D73: =D72+1 -> 6007 | E73: CDHU | F73: 07.10.020 | G73: =IF($E73="SINAPI",VLOOKUP(F73,'SINAPI_ONERADO-06.25'!$B$11:$E$9657,2,FALSE),IF($E73="CDHU",VLOOKUP($F73,'CDHU_Onerado-05.25-(198)'!$A$9:$F$4118,2,FALSE),IF($E73="FDE",VLOOKUP($F73,#REF!,2,FALSE),IF($E73="SIURB (E)",VLOOKUP($F73,'EDIF sem Des Jan25'!$A$3:$D$3000,2,FALSE),IF($E73="SIURB (I)",VLOOKUP($F73,'INFRA sem Des Jan25'!$A$2:$D$1000,2,FALSE),IF($E73="SICRO NOVO",VLOOKUP($F73,'SICRO.DNIT ONERADA 04.25'!$A$4:$D$7000,2,FALSE),IF($E73="COMPOSIÇÃO",VLOOKUP($F73,#REF!,2),IF($E73="DER",VLOOKUP($F73,#REF!,2,0))))))))) -> Espalhamento de solo em bota-fora com compactação sem controle | H73: =IF($E73="SINAPI",VLOOKUP($F73,'SINAPI_ONERADO-06.25'!$B$11:$E$9657,3,FALSE),IF($E73="CDHU",VLOOKUP($F73,'CDHU_Onerado-05.25-(198)'!$A$9:$F$4118,3,FALSE),IF($E73="FDE",VLOOKUP($F73,#REF!,3,FALSE),IF($E73="SIURB (E)",VLOOKUP($F73,'EDIF sem Des Jan25'!$A$3:$D$3000,3,FALSE),IF($E73="SIURB (I)",VLOOKUP($F73,'INFRA sem Des Jan25'!$A$2:$D$1000,3,FALSE),IF($E73="SICRO NOVO",VLOOKUP($F73,'SICRO.DNIT ONERADA 04.25'!$A$4:$D$7000,3,FALSE),IF($E73="DER",VLOOKUP($F73,#REF!,3,0)))))))) -> M3 | I73: =IF(D73<>0,INDEX('MEMORIA CALCULO'!$A$1:$P$2515,MATCH(D73,'MEMORIA CALCULO'!$A$1:$A$2515,0),16),0) -> 234.72 | J73: =IF($E73="SINAPI",VLOOKUP($F73,'SINAPI_ONERADO-06.25'!$B$11:$E$9657,4,FALSE),IF($E73="CDHU",VLOOKUP($F73,'CDHU_Onerado-05.25-(198)'!$A$9:$F$4118,6,FALSE),IF($E73="FDE",VLOOKUP($F73,#REF!,5,FALSE),IF($E73="SIURB (E)",VLOOKUP($F73,'EDIF sem Des Jan25'!$A$3:$D$3000,4,FALSE),IF($E73="SIURB (I)",VLOOKUP($F73,'INFRA sem Des Jan25'!$A$2:$D$1000,4,FALSE),IF($E73="SICRO NOVO",VLOOKUP($F73,'SICRO.DNIT ONERADA 04.25'!$A$4:$D$7000,4,FALSE),IF($E73="DER",VLOOKUP($F73,#REF!,4,0)))))))) -> 5.59 | K73: =J73*(1+IF(N73="x",'CLIENTE-OBJETO'!$P$3,$E$7)) -> 6.75 | L73: =ROUND(ROUND(I73,2)*ROUND(K73,2),2) -> 1584.36 | O73: =IFERROR(L73/$L$13,0) -> 0.0015 | P73: =IF(_xlfn.ISFORMULA(J73)&_xlfn.ISFORMULA(K73)&_xlfn.ISFORMULA(L73)&_xlfn.ISFORMULA(I73)="verdadeiroverdadeiroverdadeiroverdadeiro","ok","verificar formulas") -> ok
A74: =LEFT(D74,1) -> 6 | B74: =B73 -> 6 | C74: =IF(D74="",0,B74) -> 6 | D74: =D73+1 -> 6008 | E74: CDHU | F74: 05.09.007 | G74: =IF($E74="SINAPI",VLOOKUP(F74,'SINAPI_ONERADO-06.25'!$B$11:$E$9657,2,FALSE),IF($E74="CDHU",VLOOKUP($F74,'CDHU_Onerado-05.25-(198)'!$A$9:$F$4118,2,FALSE),IF($E74="FDE",VLOOKUP($F74,#REF!,2,FALSE),IF($E74="SIURB (E)",VLOOKUP($F74,'EDIF sem Des Jan25'!$A$3:$D$3000,2,FALSE),IF($E74="SIURB (I)",VLOOKUP($F74,'INFRA sem Des Jan25'!$A$2:$D$1000,2,FALSE),IF($E74="SICRO NOVO",VLOOKUP($F74,'SICRO.DNIT ONERADA 04.25'!$A$4:$D$7000,2,FALSE),IF($E74="COMPOSIÇÃO",VLOOKUP($F74,#REF!,2),IF($E74="DER",VLOOKUP($F74,#REF!,2,0))))))))) -> Taxa de destinação de resíduo sólido em aterro, tipo solo/terra | H74: =IF($E74="SINAPI",VLOOKUP($F74,'SINAPI_ONERADO-06.25'!$B$11:$E$9657,3,FALSE),IF($E74="CDHU",VLOOKUP($F74,'CDHU_Onerado-05.25-(198)'!$A$9:$F$4118,3,FALSE),IF($E74="FDE",VLOOKUP($F74,#REF!,3,FALSE),IF($E74="SIURB (E)",VLOOKUP($F74,'EDIF sem Des Jan25'!$A$3:$D$3000,3,FALSE),IF($E74="SIURB (I)",VLOOKUP($F74,'INFRA sem Des Jan25'!$A$2:$D$1000,3,FALSE),IF($E74="SICRO NOVO",VLOOKUP($F74,'SICRO.DNIT ONERADA 04.25'!$A$4:$D$7000,3,FALSE),IF($E74="DER",VLOOKUP($F74,#REF!,3,0)))))))) -> M3 | I74: =IF(D74<>0,INDEX('MEMORIA CALCULO'!$A$1:$P$2515,MATCH(D74,'MEMORIA CALCULO'!$A$1:$A$2515,0),16),0) -> 305.14 | J74: =IF($E74="SINAPI",VLOOKUP($F74,'SINAPI_ONERADO-06.25'!$B$11:$E$9657,4,FALSE),IF($E74="CDHU",VLOOKUP($F74,'CDHU_Onerado-05.25-(198)'!$A$9:$F$4118,6,FALSE),IF($E74="FDE",VLOOKUP($F74,#REF!,5,FALSE),IF($E74="SIURB (E)",VLOOKUP($F74,'EDIF sem Des Jan25'!$A$3:$D$3000,4,FALSE),IF($E74="SIURB (I)",VLOOKUP($F74,'INFRA sem Des Jan25'!$A$2:$D$1000,4,FALSE),IF($E74="SICRO NOVO",VLOOKUP($F74,'SICRO.DNIT ONERADA 04.25'!$A$4:$D$7000,4,FALSE),IF($E74="DER",VLOOKUP($F74,#REF!,4,0)))))))) -> 30.67 | K74: =J74*(1+IF(N74="x",'CLIENTE-OBJETO'!$P$3,$E$7)) -> 37.03 | L74: =ROUND(ROUND(I74,2)*ROUND(K74,2),2) -> 11299.33 | O74: =IFERROR(L74/$L$13,0) -> 0.0109 | P74: =IF(_xlfn.ISFORMULA(J74)&_xlfn.ISFORMULA(K74)&_xlfn.ISFORMULA(L74)&_xlfn.ISFORMULA(I74)="verdadeiroverdadeiroverdadeiroverdadeiro","ok","verificar formulas") -> ok
A76: =LEFT(D76,1) -> 7 | D76: 7 | E76: INFRAESTRUTURA COMPLEMENTAR | K76: SUBTOTAL | L76: =SUMIF(C77:C445,D76,L77:L453) -> 10645.62
A77: =LEFT(D77,2) -> 7 | B77: =D77 -> 7 | D77: 7 | E77: SINALIZAÇÃO HORIZONTAL E VERTICAL | K77: SUBTOTAL | L77: =SUMIF(C78:C830,D77,L78:L838) -> 10645.62 | O77: =IFERROR(L77/$L$13,0) -> 0.0102
A78: =LEFT(D78,2) -> 70 | B78: =B77 -> 7 | C78: =IF(D78="",0,B78) -> 7 | D78: =(D77*1000)+1 -> 7001 | E78: CDHU | F78: 70.02.017 | G78: =IF($E78="SINAPI",VLOOKUP(F78,'SINAPI_ONERADO-06.25'!$B$11:$E$9657,2,FALSE),IF($E78="CDHU",VLOOKUP($F78,'CDHU_Onerado-05.25-(198)'!$A$9:$F$4118,2,FALSE),IF($E78="FDE",VLOOKUP($F78,#REF!,2,FALSE),IF($E78="SIURB (E)",VLOOKUP($F78,'EDIF sem Des Jan25'!$A$3:$D$3000,2,FALSE),IF($E78="SIURB (I)",VLOOKUP($F78,'INFRA sem Des Jan25'!$A$2:$D$1000,2,FALSE),IF($E78="SICRO NOVO",VLOOKUP($F78,'SICRO.DNIT ONERADA 04.25'!$A$4:$D$7000,2,FALSE),IF($E78="COMPOSIÇÃO",VLOOKUP($F78,#REF!,2),IF($E78="DER",VLOOKUP($F78,#REF!,2,0))))))))) -> Sinalização horizontal em massa termoplástica à quente por extrusão, espessura de 3,0 mm, para legendas | H78: =IF($E78="SINAPI",VLOOKUP($F78,'SINAPI_ONERADO-06.25'!$B$11:$E$9657,3,FALSE),IF($E78="CDHU",VLOOKUP($F78,'CDHU_Onerado-05.25-(198)'!$A$9:$F$4118,3,FALSE),IF($E78="FDE",VLOOKUP($F78,#REF!,3,FALSE),IF($E78="SIURB (E)",VLOOKUP($F78,'EDIF sem Des Jan25'!$A$3:$D$3000,3,FALSE),IF($E78="SIURB (I)",VLOOKUP($F78,'INFRA sem Des Jan25'!$A$2:$D$1000,3,FALSE),IF($E78="SICRO NOVO",VLOOKUP($F78,'SICRO.DNIT ONERADA 04.25'!$A$4:$D$7000,3,FALSE),IF($E78="DER",VLOOKUP($F78,#REF!,3,0)))))))) -> M2 | I78: 0 | J78: =IF($E78="SINAPI",VLOOKUP($F78,'SINAPI_ONERADO-06.25'!$B$11:$E$9657,4,FALSE),IF($E78="CDHU",VLOOKUP($F78,'CDHU_Onerado-05.25-(198)'!$A$9:$F$4118,6,FALSE),IF($E78="FDE",VLOOKUP($F78,#REF!,5,FALSE),IF($E78="SIURB (E)",VLOOKUP($F78,'EDIF sem Des Jan25'!$A$3:$D$3000,4,FALSE),IF($E78="SIURB (I)",VLOOKUP($F78,'INFRA sem Des Jan25'!$A$2:$D$1000,4,FALSE),IF($E78="SICRO NOVO",VLOOKUP($F78,'SICRO.DNIT ONERADA 04.25'!$A$4:$D$7000,4,FALSE),IF($E78="DER",VLOOKUP($F78,#REF!,4,0)))))))) -> 134.33 | K78: =J78*(1+IF(N78="x",'CLIENTE-OBJETO'!$P$3,$E$7)) -> 162.18 | L78: =ROUND(ROUND(I78,2)*ROUND(K78,2),2) -> 0 | O78: =IFERROR(L78/$L$13,0) -> 0 | P78: =IF(_xlfn.ISFORMULA(J78)&_xlfn.ISFORMULA(K78)&_xlfn.ISFORMULA(L78)&_xlfn.ISFORMULA(I78)="verdadeiroverdadeiroverdadeiroverdadeiro","ok","verificar formulas") -> verificar formulas
A79: =LEFT(D79,2) -> 70 | B79: =B78 -> 7 | C79: =IF(D79="",0,B79) -> 7 | D79: =D78+1 -> 7002 | E79: CDHU | F79: 70.02.014 | G79: =IF($E79="SINAPI",VLOOKUP(F79,'SINAPI_ONERADO-06.25'!$B$11:$E$9657,2,FALSE),IF($E79="CDHU",VLOOKUP($F79,'CDHU_Onerado-05.25-(198)'!$A$9:$F$4118,2,FALSE),IF($E79="FDE",VLOOKUP($F79,#REF!,2,FALSE),IF($E79="SIURB (E)",VLOOKUP($F79,'EDIF sem Des Jan25'!$A$3:$D$3000,2,FALSE),IF($E79="SIURB (I)",VLOOKUP($F79,'INFRA sem Des Jan25'!$A$2:$D$1000,2,FALSE),IF($E79="SICRO NOVO",VLOOKUP($F79,'SICRO.DNIT ONERADA 04.25'!$A$4:$D$7000,2,FALSE),IF($E79="COMPOSIÇÃO",VLOOKUP($F79,#REF!,2),IF($E79="DER",VLOOKUP($F79,#REF!,2,0))))))))) -> Sinalização horizontal em massa termoplástica à quente por aspersão, espessura de 1,5 mm, para faixas | H79: =IF($E79="SINAPI",VLOOKUP($F79,'SINAPI_ONERADO-06.25'!$B$11:$E$9657,3,FALSE),IF($E79="CDHU",VLOOKUP($F79,'CDHU_Onerado-05.25-(198)'!$A$9:$F$4118,3,FALSE),IF($E79="FDE",VLOOKUP($F79,#REF!,3,FALSE),IF($E79="SIURB (E)",VLOOKUP($F79,'EDIF sem Des Jan25'!$A$3:$D$3000,3,FALSE),IF($E79="SIURB (I)",VLOOKUP($F79,'INFRA sem Des Jan25'!$A$2:$D$1000,3,FALSE),IF($E79="SICRO NOVO",VLOOKUP($F79,'SICRO.DNIT ONERADA 04.25'!$A$4:$D$7000,3,FALSE),IF($E79="DER",VLOOKUP($F79,#REF!,3,0)))))))) -> M2 | I79: 0 | J79: =IF($E79="SINAPI",VLOOKUP($F79,'SINAPI_ONERADO-06.25'!$B$11:$E$9657,4,FALSE),IF($E79="CDHU",VLOOKUP($F79,'CDHU_Onerado-05.25-(198)'!$A$9:$F$4118,6,FALSE),IF($E79="FDE",VLOOKUP($F79,#REF!,5,FALSE),IF($E79="SIURB (E)",VLOOKUP($F79,'EDIF sem Des Jan25'!$A$3:$D$3000,4,FALSE),IF($E79="SIURB (I)",VLOOKUP($F79,'INFRA sem Des Jan25'!$A$2:$D$1000,4,FALSE),IF($E79="SICRO NOVO",VLOOKUP($F79,'SICRO.DNIT ONERADA 04.25'!$A$4:$D$7000,4,FALSE),IF($E79="DER",VLOOKUP($F79,#REF!,4,0)))))))) -> 84.86 | K79: =J79*(1+IF(N79="x",'CLIENTE-OBJETO'!$P$3,$E$7)) -> 102.45 | L79: =ROUND(ROUND(I79,2)*ROUND(K79,2),2) -> 0 | O79: =IFERROR(L79/$L$13,0) -> 0 | P79: =IF(_xlfn.ISFORMULA(J79)&_xlfn.ISFORMULA(K79)&_xlfn.ISFORMULA(L79)&_xlfn.ISFORMULA(I79)="verdadeiroverdadeiroverdadeiroverdadeiro","ok","verificar formulas") -> verificar formulas
A81: =LEFT(D77,2) -> 7 | B81: =D77 -> 7 | C81: =IF(D77="",0,B81) -> 7 | E81: SINALIZAÇÃO VERTICAL
A82: =LEFT(D82,2) -> 70 | B82: =B81 -> 7 | C82: =IF(D82="",0,B82) -> 7 | D82: =(D79+1) -> 7003 | E82: CDHU | F82: 70.03.006 | G82: =IF($E82="SINAPI",VLOOKUP(F82,'SINAPI_ONERADO-06.25'!$B$11:$E$9657,2,FALSE),IF($E82="CDHU",VLOOKUP($F82,'CDHU_Onerado-05.25-(198)'!$A$9:$F$4118,2,FALSE),IF($E82="FDE",VLOOKUP($F82,#REF!,2,FALSE),IF($E82="SIURB (E)",VLOOKUP($F82,'EDIF sem Des Jan25'!$A$3:$D$3000,2,FALSE),IF($E82="SIURB (I)",VLOOKUP($F82,'INFRA sem Des Jan25'!$A$2:$D$1000,2,FALSE),IF($E82="SICRO NOVO",VLOOKUP($F82,'SICRO.DNIT ONERADA 04.25'!$A$4:$D$7000,2,FALSE),IF($E82="COMPOSIÇÃO",VLOOKUP($F82,#REF!,2),IF($E82="DER",VLOOKUP($F82,#REF!,2,0))))))))) -> Placa para sinalização viária em chapa de alumínio, totalmente refletiva com película IA/IA - área até 2,0 m² | H82: =IF($E82="SINAPI",VLOOKUP($F82,'SINAPI_ONERADO-06.25'!$B$11:$E$9657,3,FALSE),IF($E82="CDHU",VLOOKUP($F82,'CDHU_Onerado-05.25-(198)'!$A$9:$F$4118,3,FALSE),IF($E82="FDE",VLOOKUP($F82,#REF!,3,FALSE),IF($E82="SIURB (E)",VLOOKUP($F82,'EDIF sem Des Jan25'!$A$3:$D$3000,3,FALSE),IF($E82="SIURB (I)",VLOOKUP($F82,'INFRA sem Des Jan25'!$A$2:$D$1000,3,FALSE),IF($E82="SICRO NOVO",VLOOKUP($F82,'SICRO.DNIT ONERADA 04.25'!$A$4:$D$7000,3,FALSE),IF($E82="DER",VLOOKUP($F82,#REF!,3,0)))))))) -> M2 | I82: =IF(D82<>0,INDEX('MEMORIA CALCULO'!$A$1:$P$2515,MATCH(D82,'MEMORIA CALCULO'!$A$1:$A$2515,0),16),0) -> 3 | J82: =IF($E82="SINAPI",VLOOKUP($F82,'SINAPI_ONERADO-06.25'!$B$11:$E$9657,4,FALSE),IF($E82="CDHU",VLOOKUP($F82,'CDHU_Onerado-05.25-(198)'!$A$9:$F$4118,6,FALSE),IF($E82="FDE",VLOOKUP($F82,#REF!,5,FALSE),IF($E82="SIURB (E)",VLOOKUP($F82,'EDIF sem Des Jan25'!$A$3:$D$3000,4,FALSE),IF($E82="SIURB (I)",VLOOKUP($F82,'INFRA sem Des Jan25'!$A$2:$D$1000,4,FALSE),IF($E82="SICRO NOVO",VLOOKUP($F82,'SICRO.DNIT ONERADA 04.25'!$A$4:$D$7000,4,FALSE),IF($E82="DER",VLOOKUP($F82,#REF!,4,0)))))))) -> 1842.63 | K82: =J82*(1+IF(N82="x",'CLIENTE-OBJETO'!$P$3,$E$7)) -> 2224.61 | L82: =ROUND(ROUND(I82,2)*ROUND(K82,2),2) -> 6673.83 | O82: =IFERROR(L82/$L$13,0) -> 0.0064 | P82: =IF(_xlfn.ISFORMULA(J82)&_xlfn.ISFORMULA(K82)&_xlfn.ISFORMULA(L82)&_xlfn.ISFORMULA(I82)="verdadeiroverdadeiroverdadeiroverdadeiro","ok","verificar formulas") -> ok
A83: =LEFT(D83,2) -> 70 | B83: =B82 -> 7 | C83: =IF(D83="",0,B83) -> 7 | D83: =D82+1 -> 7004 | E83: CDHU | F83: 97.05.130 | G83: =IF($E83="SINAPI",VLOOKUP(F83,'SINAPI_ONERADO-06.25'!$B$11:$E$9657,2,FALSE),IF($E83="CDHU",VLOOKUP($F83,'CDHU_Onerado-05.25-(198)'!$A$9:$F$4118,2,FALSE),IF($E83="FDE",VLOOKUP($F83,#REF!,2,FALSE),IF($E83="SIURB (E)",VLOOKUP($F83,'EDIF sem Des Jan25'!$A$3:$D$3000,2,FALSE),IF($E83="SIURB (I)",VLOOKUP($F83,'INFRA sem Des Jan25'!$A$2:$D$1000,2,FALSE),IF($E83="SICRO NOVO",VLOOKUP($F83,'SICRO.DNIT ONERADA 04.25'!$A$4:$D$7000,2,FALSE),IF($E83="COMPOSIÇÃO",VLOOKUP($F83,#REF!,2),IF($E83="DER",VLOOKUP($F83,#REF!,2,0))))))))) -> Colocação de placa em suporte de madeira / metálico - solo | H83: =IF($E83="SINAPI",VLOOKUP($F83,'SINAPI_ONERADO-06.25'!$B$11:$E$9657,3,FALSE),IF($E83="CDHU",VLOOKUP($F83,'CDHU_Onerado-05.25-(198)'!$A$9:$F$4118,3,FALSE),IF($E83="FDE",VLOOKUP($F83,#REF!,3,FALSE),IF($E83="SIURB (E)",VLOOKUP($F83,'EDIF sem Des Jan25'!$A$3:$D$3000,3,FALSE),IF($E83="SIURB (I)",VLOOKUP($F83,'INFRA sem Des Jan25'!$A$2:$D$1000,3,FALSE),IF($E83="SICRO NOVO",VLOOKUP($F83,'SICRO.DNIT ONERADA 04.25'!$A$4:$D$7000,3,FALSE),IF($E83="DER",VLOOKUP($F83,#REF!,3,0)))))))) -> M2 | I83: =IF(D83<>0,INDEX('MEMORIA CALCULO'!$A$1:$P$2515,MATCH(D83,'MEMORIA CALCULO'!$A$1:$A$2515,0),16),0) -> 3 | J83: =IF($E83="SINAPI",VLOOKUP($F83,'SINAPI_ONERADO-06.25'!$B$11:$E$9657,4,FALSE),IF($E83="CDHU",VLOOKUP($F83,'CDHU_Onerado-05.25-(198)'!$A$9:$F$4118,6,FALSE),IF($E83="FDE",VLOOKUP($F83,#REF!,5,FALSE),IF($E83="SIURB (E)",VLOOKUP($F83,'EDIF sem Des Jan25'!$A$3:$D$3000,4,FALSE),IF($E83="SIURB (I)",VLOOKUP($F83,'INFRA sem Des Jan25'!$A$2:$D$1000,4,FALSE),IF($E83="SICRO NOVO",VLOOKUP($F83,'SICRO.DNIT ONERADA 04.25'!$A$4:$D$7000,4,FALSE),IF($E83="DER",VLOOKUP($F83,#REF!,4,0)))))))) -> 73.69 | K83: =J83*(1+IF(N83="x",'CLIENTE-OBJETO'!$P$3,$E$7)) -> 88.97 | L83: =ROUND(ROUND(I83,2)*ROUND(K83,2),2) -> 266.91 | O83: =IFERROR(L83/$L$13,0) -> 0.0003 | P83: =IF(_xlfn.ISFORMULA(J83)&_xlfn.ISFORMULA(K83)&_xlfn.ISFORMULA(L83)&_xlfn.ISFORMULA(I83)="verdadeiroverdadeiroverdadeiroverdadeiro","ok","verificar formulas") -> ok
A84: =LEFT(D84,2) -> 70 | B84: =B83 -> 7 | C84: =IF(D84="",0,B84) -> 7 | D84: =D83+1 -> 7005 | E84: CDHU | F84: 97.05.140 | G84: =IF($E84="SINAPI",VLOOKUP(F84,'SINAPI_ONERADO-06.25'!$B$11:$E$9657,2,FALSE),IF($E84="CDHU",VLOOKUP($F84,'CDHU_Onerado-05.25-(198)'!$A$9:$F$4118,2,FALSE),IF($E84="FDE",VLOOKUP($F84,#REF!,2,FALSE),IF($E84="SIURB (E)",VLOOKUP($F84,'EDIF sem Des Jan25'!$A$3:$D$3000,2,FALSE),IF($E84="SIURB (I)",VLOOKUP($F84,'INFRA sem Des Jan25'!$A$2:$D$1000,2,FALSE),IF($E84="SICRO NOVO",VLOOKUP($F84,'SICRO.DNIT ONERADA 04.25'!$A$4:$D$7000,2,FALSE),IF($E84="COMPOSIÇÃO",VLOOKUP($F84,#REF!,2),IF($E84="DER",VLOOKUP($F84,#REF!,2,0))))))))) -> Suporte de perfil metálico galvanizado | H84: =IF($E84="SINAPI",VLOOKUP($F84,'SINAPI_ONERADO-06.25'!$B$11:$E$9657,3,FALSE),IF($E84="CDHU",VLOOKUP($F84,'CDHU_Onerado-05.25-(198)'!$A$9:$F$4118,3,FALSE),IF($E84="FDE",VLOOKUP($F84,#REF!,3,FALSE),IF($E84="SIURB (E)",VLOOKUP($F84,'EDIF sem Des Jan25'!$A$3:$D$3000,3,FALSE),IF($E84="SIURB (I)",VLOOKUP($F84,'INFRA sem Des Jan25'!$A$2:$D$1000,3,FALSE),IF($E84="SICRO NOVO",VLOOKUP($F84,'SICRO.DNIT ONERADA 04.25'!$A$4:$D$7000,3,FALSE),IF($E84="DER",VLOOKUP($F84,#REF!,3,0)))))))) -> KG | I84: =IF(D84<>0,INDEX('MEMORIA CALCULO'!$A$1:$P$2515,MATCH(D84,'MEMORIA CALCULO'!$A$1:$A$2515,0),16),0) -> 99.54 | J84: =IF($E84="SINAPI",VLOOKUP($F84,'SINAPI_ONERADO-06.25'!$B$11:$E$9657,4,FALSE),IF($E84="CDHU",VLOOKUP($F84,'CDHU_Onerado-05.25-(198)'!$A$9:$F$4118,6,FALSE),IF($E84="FDE",VLOOKUP($F84,#REF!,5,FALSE),IF($E84="SIURB (E)",VLOOKUP($F84,'EDIF sem Des Jan25'!$A$3:$D$3000,4,FALSE),IF($E84="SIURB (I)",VLOOKUP($F84,'INFRA sem Des Jan25'!$A$2:$D$1000,4,FALSE),IF($E84="SICRO NOVO",VLOOKUP($F84,'SICRO.DNIT ONERADA 04.25'!$A$4:$D$7000,4,FALSE),IF($E84="DER",VLOOKUP($F84,#REF!,4,0)))))))) -> 30.83 | K84: =J84*(1+IF(N84="x",'CLIENTE-OBJETO'!$P$3,$E$7)) -> 37.22 | L84: =ROUND(ROUND(I84,2)*ROUND(K84,2),2) -> 3704.88 | O84: =IFERROR(L84/$L$13,0) -> 0.0036 | P84: =IF(_xlfn.ISFORMULA(J84)&_xlfn.ISFORMULA(K84)&_xlfn.ISFORMULA(L84)&_xlfn.ISFORMULA(I84)="verdadeiroverdadeiroverdadeiroverdadeiro","ok","verificar formulas") -> ok
A86: =LEFT(D86,10) -> 8 | B86: =D86 -> 8 | D86: 8 | E86: LIMPEZA FINAL | K86: SUBTOTAL | L86: =SUMIF(C87:C697,D86,L87:L705) -> 0 | O86: =IFERROR(L86/$L$13,0) -> 0
A87: =LEFT(D87,2) -> 80 | B87: =B86 -> 8 | C87: =IF(D87="",0,B87) -> 8 | D87: =(D86*1000)+1 -> 8001 | E87: SIURB (I) | F87: 10017000 | G87: =IF($E87="SINAPI",VLOOKUP(F87,'SINAPI_ONERADO-06.25'!$B$11:$E$9657,2,FALSE),IF($E87="CDHU",VLOOKUP($F87,'CDHU_Onerado-05.25-(198)'!$A$9:$F$4118,2,FALSE),IF($E87="FDE",VLOOKUP($F87,#REF!,2,FALSE),IF($E87="SIURB (E)",VLOOKUP($F87,'EDIF sem Des Jan25'!$A$3:$D$3000,2,FALSE),IF($E87="SIURB (I)",VLOOKUP($F87,'INFRA sem Des Jan25'!$A$2:$D$1000,2,FALSE),IF($E87="SICRO NOVO",VLOOKUP($F87,'SICRO.DNIT ONERADA 04.25'!$A$4:$D$7000,2,FALSE),IF($E87="COMPOSIÇÃO",VLOOKUP($F87,#REF!,2),IF($E87="DER",VLOOKUP($F87,#REF!,2,0))))))))) -> HIDROJATEAMENTO DE ALTA PRESSÃO PARA LIMPEZA DE SUPERFÍCIES | H87: =IF($E87="SINAPI",VLOOKUP($F87,'SINAPI_ONERADO-06.25'!$B$11:$E$9657,3,FALSE),IF($E87="CDHU",VLOOKUP($F87,'CDHU_Onerado-05.25-(198)'!$A$9:$F$4118,3,FALSE),IF($E87="FDE",VLOOKUP($F87,#REF!,3,FALSE),IF($E87="SIURB (E)",VLOOKUP($F87,'EDIF sem Des Jan25'!$A$3:$D$3000,3,FALSE),IF($E87="SIURB (I)",VLOOKUP($F87,'INFRA sem Des Jan25'!$A$2:$D$1000,3,FALSE),IF($E87="SICRO NOVO",VLOOKUP($F87,'SICRO.DNIT ONERADA 04.25'!$A$4:$D$7000,3,FALSE),IF($E87="DER",VLOOKUP($F87,#REF!,3,0)))))))) -> M2 | I87: 0 | J87: =IF($E87="SINAPI",VLOOKUP($F87,'SINAPI_ONERADO-06.25'!$B$11:$E$9657,4,FALSE),IF($E87="CDHU",VLOOKUP($F87,'CDHU_Onerado-05.25-(198)'!$A$9:$F$4118,6,FALSE),IF($E87="FDE",VLOOKUP($F87,#REF!,5,FALSE),IF($E87="SIURB (E)",VLOOKUP($F87,'EDIF sem Des Jan25'!$A$3:$D$3000,4,FALSE),IF($E87="SIURB (I)",VLOOKUP($F87,'INFRA sem Des Jan25'!$A$2:$D$1000,4,FALSE),IF($E87="SICRO NOVO",VLOOKUP($F87,'SICRO.DNIT ONERADA 04.25'!$A$4:$D$7000,4,FALSE),IF($E87="DER",VLOOKUP($F87,#REF!,4,0)))))))) -> 0.44 | K87: =J87*(1+IF(N87="x",'CLIENTE-OBJETO'!$P$3,$E$7)) -> 0.53 | L87: =ROUND(ROUND(I87,2)*ROUND(K87,2),2) -> 0 | O87: =IFERROR(L87/$L$13,0) -> 0 | P87: =IF(_xlfn.ISFORMULA(J87)&_xlfn.ISFORMULA(K87)&_xlfn.ISFORMULA(L87)&_xlfn.ISFORMULA(I87)="verdadeiroverdadeiroverdadeiroverdadeiro","ok","verificar formulas") -> verificar formulas
A89: =LEFT(D89,10) -> 9 | B89: =D89 -> 9 | D89: =D86+1 -> 9 | E89: CONTROLE TECNOLÓGICO | K89: SUBTOTAL | L89: =SUMIF(C90:C700,D89,L90:L708) -> 0 | O89: =IFERROR(L89/$L$13,0) -> 0
A90: =LEFT(D90,2) -> 90 | B90: =B89 -> 9 | C90: =IF(D90="",0,B90) -> 9 | D90: =(D89*1000)+1 -> 9001 | E90: SIURB (I) | F90: 2006021 | G90: =IF($E90="SINAPI",VLOOKUP(F90,'SINAPI_ONERADO-06.25'!$B$11:$E$9657,2,FALSE),IF($E90="CDHU",VLOOKUP($F90,'CDHU_Onerado-05.25-(198)'!$A$9:$F$4118,2,FALSE),IF($E90="FDE",VLOOKUP($F90,#REF!,2,FALSE),IF($E90="SIURB (E)",VLOOKUP($F90,'EDIF sem Des Jan25'!$A$3:$D$3000,2,FALSE),IF($E90="SIURB (I)",VLOOKUP($F90,'INFRA sem Des Jan25'!$A$2:$D$1000,2,FALSE),IF($E90="SICRO NOVO",VLOOKUP($F90,'SICRO.DNIT ONERADA 04.25'!$A$4:$D$7000,2,FALSE),IF($E90="COMPOSIÇÃO",VLOOKUP($F90,#REF!,2),IF($E90="DER",VLOOKUP($F90,#REF!,2,0))))))))) -> ENSAIOS DE LABORATÓRIO - DOSAGEM MARSHALL, GRANULOMETRIA, TEOR DE ASFALTO, ESTABILIDADE E FLUÊNCIA | H90: =IF($E90="SINAPI",VLOOKUP($F90,'SINAPI_ONERADO-06.25'!$B$11:$E$9657,3,FALSE),IF($E90="CDHU",VLOOKUP($F90,'CDHU_Onerado-05.25-(198)'!$A$9:$F$4118,3,FALSE),IF($E90="FDE",VLOOKUP($F90,#REF!,3,FALSE),IF($E90="SIURB (E)",VLOOKUP($F90,'EDIF sem Des Jan25'!$A$3:$D$3000,3,FALSE),IF($E90="SIURB (I)",VLOOKUP($F90,'INFRA sem Des Jan25'!$A$2:$D$1000,3,FALSE),IF($E90="SICRO NOVO",VLOOKUP($F90,'SICRO.DNIT ONERADA 04.25'!$A$4:$D$7000,3,FALSE),IF($E90="DER",VLOOKUP($F90,#REF!,3,0)))))))) -> ENS. | I90: 0 | J90: =IF($E90="SINAPI",VLOOKUP($F90,'SINAPI_ONERADO-06.25'!$B$11:$E$9657,4,FALSE),IF($E90="CDHU",VLOOKUP($F90,'CDHU_Onerado-05.25-(198)'!$A$9:$F$4118,6,FALSE),IF($E90="FDE",VLOOKUP($F90,#REF!,5,FALSE),IF($E90="SIURB (E)",VLOOKUP($F90,'EDIF sem Des Jan25'!$A$3:$D$3000,4,FALSE),IF($E90="SIURB (I)",VLOOKUP($F90,'INFRA sem Des Jan25'!$A$2:$D$1000,4,FALSE),IF($E90="SICRO NOVO",VLOOKUP($F90,'SICRO.DNIT ONERADA 04.25'!$A$4:$D$7000,4,FALSE),IF($E90="DER",VLOOKUP($F90,#REF!,4,0)))))))) -> 2676.1 | K90: =J90*(1+IF(N90="x",'CLIENTE-OBJETO'!$P$3,$E$7)) -> 3230.86 | L90: =ROUND(ROUND(I90,2)*ROUND(K90,2),2) -> 0 | O90: =IFERROR(L90/$L$13,0) -> 0 | P90: =IF(_xlfn.ISFORMULA(J90)&_xlfn.ISFORMULA(K90)&_xlfn.ISFORMULA(L90)&_xlfn.ISFORMULA(I90)="verdadeiroverdadeiroverdadeiroverdadeiro","ok","verificar formulas") -> verificar formulas
A91: =LEFT(D91,2) -> 90 | B91: =B90 -> 9 | C91: =IF(D91="",0,B91) -> 9 | D91: =D90+1 -> 9002 | E91: SIURB (I) | F91: 2006004 | G91: =IF($E91="SINAPI",VLOOKUP(F91,'SINAPI_ONERADO-06.25'!$B$11:$E$9657,2,FALSE),IF($E91="CDHU",VLOOKUP($F91,'CDHU_Onerado-05.25-(198)'!$A$9:$F$4118,2,FALSE),IF($E91="FDE",VLOOKUP($F91,#REF!,2,FALSE),IF($E91="SIURB (E)",VLOOKUP($F91,'EDIF sem Des Jan25'!$A$3:$D$3000,2,FALSE),IF($E91="SIURB (I)",VLOOKUP($F91,'INFRA sem Des Jan25'!$A$2:$D$1000,2,FALSE),IF($E91="SICRO NOVO",VLOOKUP($F91,'SICRO.DNIT ONERADA 04.25'!$A$4:$D$7000,2,FALSE),IF($E91="COMPOSIÇÃO",VLOOKUP($F91,#REF!,2),IF($E91="DER",VLOOKUP($F91,#REF!,2,0))))))))) -> ENSAIOS DE LABORATÓRIO - COMPACTAÇÃO | H91: =IF($E91="SINAPI",VLOOKUP($F91,'SINAPI_ONERADO-06.25'!$B$11:$E$9657,3,FALSE),IF($E91="CDHU",VLOOKUP($F91,'CDHU_Onerado-05.25-(198)'!$A$9:$F$4118,3,FALSE),IF($E91="FDE",VLOOKUP($F91,#REF!,3,FALSE),IF($E91="SIURB (E)",VLOOKUP($F91,'EDIF sem Des Jan25'!$A$3:$D$3000,3,FALSE),IF($E91="SIURB (I)",VLOOKUP($F91,'INFRA sem Des Jan25'!$A$2:$D$1000,3,FALSE),IF($E91="SICRO NOVO",VLOOKUP($F91,'SICRO.DNIT ONERADA 04.25'!$A$4:$D$7000,3,FALSE),IF($E91="DER",VLOOKUP($F91,#REF!,3,0)))))))) -> ENS. | I91: 0 | J91: =IF($E91="SINAPI",VLOOKUP($F91,'SINAPI_ONERADO-06.25'!$B$11:$E$9657,4,FALSE),IF($E91="CDHU",VLOOKUP($F91,'CDHU_Onerado-05.25-(198)'!$A$9:$F$4118,6,FALSE),IF($E91="FDE",VLOOKUP($F91,#REF!,5,FALSE),IF($E91="SIURB (E)",VLOOKUP($F91,'EDIF sem Des Jan25'!$A$3:$D$3000,4,FALSE),IF($E91="SIURB (I)",VLOOKUP($F91,'INFRA sem Des Jan25'!$A$2:$D$1000,4,FALSE),IF($E91="SICRO NOVO",VLOOKUP($F91,'SICRO.DNIT ONERADA 04.25'!$A$4:$D$7000,4,FALSE),IF($E91="DER",VLOOKUP($F91,#REF!,4,0)))))))) -> 303.1 | K91: =J91*(1+IF(N91="x",'CLIENTE-OBJETO'!$P$3,$E$7)) -> 365.93 | L91: =ROUND(ROUND(I91,2)*ROUND(K91,2),2) -> 0 | O91: =IFERROR(L91/$L$13,0) -> 0 | P91: =IF(_xlfn.ISFORMULA(J91)&_xlfn.ISFORMULA(K91)&_xlfn.ISFORMULA(L91)&_xlfn.ISFORMULA(I91)="verdadeiroverdadeiroverdadeiroverdadeiro","ok","verificar formulas") -> verificar formulas
A93: =LEFT(D93,10) -> 10 | B93: =D93 -> 10 | D93: 10 | E93: PROJETO EXECUTIVO | K93: SUBTOTAL | L93: =SUMIF(C94:C705,D93,L94:L713) -> 0 | O93: =IFERROR(L93/$L$13,0) -> 0
A94: =LEFT(D94,2) -> 10 | B94: =B93 -> 10 | C94: =IF(D94="",0,B94) -> 10 | D94: =(D93*1000)+1 -> 10001 | E94: SIURB (I) | F94: 3053018 | G94: =IF($E94="SINAPI",VLOOKUP(F94,'SINAPI_ONERADO-06.25'!$B$11:$E$9657,2,FALSE),IF($E94="CDHU",VLOOKUP($F94,'CDHU_Onerado-05.25-(198)'!$A$9:$F$4118,2,FALSE),IF($E94="FDE",VLOOKUP($F94,#REF!,2,FALSE),IF($E94="SIURB (E)",VLOOKUP($F94,'EDIF sem Des Jan25'!$A$3:$D$3000,2,FALSE),IF($E94="SIURB (I)",VLOOKUP($F94,'INFRA sem Des Jan25'!$A$2:$D$1000,2,FALSE),IF($E94="SICRO NOVO",VLOOKUP($F94,'SICRO.DNIT ONERADA 04.25'!$A$4:$D$7000,2,FALSE),IF($E94="COMPOSIÇÃO",VLOOKUP($F94,#REF!,2),IF($E94="DER",VLOOKUP($F94,#REF!,2,0))))))))) -> PROJETO EXECUTIVO (PRANCHA A1) | H94: =IF($E94="SINAPI",VLOOKUP($F94,'SINAPI_ONERADO-06.25'!$B$11:$E$9657,3,FALSE),IF($E94="CDHU",VLOOKUP($F94,'CDHU_Onerado-05.25-(198)'!$A$9:$F$4118,3,FALSE),IF($E94="FDE",VLOOKUP($F94,#REF!,3,FALSE),IF($E94="SIURB (E)",VLOOKUP($F94,'EDIF sem Des Jan25'!$A$3:$D$3000,3,FALSE),IF($E94="SIURB (I)",VLOOKUP($F94,'INFRA sem Des Jan25'!$A$2:$D$1000,3,FALSE),IF($E94="SICRO NOVO",VLOOKUP($F94,'SICRO.DNIT ONERADA 04.25'!$A$4:$D$7000,3,FALSE),IF($E94="DER",VLOOKUP($F94,#REF!,3,0)))))))) -> UN | I94: 0 | J94: =IF($E94="SINAPI",VLOOKUP($F94,'SINAPI_ONERADO-06.25'!$B$11:$E$9657,4,FALSE),IF($E94="CDHU",VLOOKUP($F94,'CDHU_Onerado-05.25-(198)'!$A$9:$F$4118,6,FALSE),IF($E94="FDE",VLOOKUP($F94,#REF!,5,FALSE),IF($E94="SIURB (E)",VLOOKUP($F94,'EDIF sem Des Jan25'!$A$3:$D$3000,4,FALSE),IF($E94="SIURB (I)",VLOOKUP($F94,'INFRA sem Des Jan25'!$A$2:$D$1000,4,FALSE),IF($E94="SICRO NOVO",VLOOKUP($F94,'SICRO.DNIT ONERADA 04.25'!$A$4:$D$7000,4,FALSE),IF($E94="DER",VLOOKUP($F94,#REF!,4,0)))))))) -> 5445.04 | K94: =J94*(1+IF(N94="x",'CLIENTE-OBJETO'!$P$3,$E$7)) -> 6573.8 | L94: =ROUND(ROUND(I94,2)*ROUND(K94,2),2) -> 0 | O94: =IFERROR(L94/$L$13,0) -> 0 | P94: =IF(_xlfn.ISFORMULA(J94)&_xlfn.ISFORMULA(K94)&_xlfn.ISFORMULA(L94)&_xlfn.ISFORMULA(I94)="verdadeiroverdadeiroverdadeiroverdadeiro","ok","verificar formulas") -> verificar formulas
A95: =LEFT(D95,2) -> 10 | B95: =B94 -> 10 | C95: =IF(D95="",0,B95) -> 10 | D95: =D94+1 -> 10002 | E95: CDHU | F95: 01.21.010 | G95: =IF($E95="SINAPI",VLOOKUP(F95,'SINAPI_ONERADO-06.25'!$B$11:$E$9657,2,FALSE),IF($E95="CDHU",VLOOKUP($F95,'CDHU_Onerado-05.25-(198)'!$A$9:$F$4118,2,FALSE),IF($E95="FDE",VLOOKUP($F95,#REF!,2,FALSE),IF($E95="SIURB (E)",VLOOKUP($F95,'EDIF sem Des Jan25'!$A$3:$D$3000,2,FALSE),IF($E95="SIURB (I)",VLOOKUP($F95,'INFRA sem Des Jan25'!$A$2:$D$1000,2,FALSE),IF($E95="SICRO NOVO",VLOOKUP($F95,'SICRO.DNIT ONERADA 04.25'!$A$4:$D$7000,2,FALSE),IF($E95="COMPOSIÇÃO",VLOOKUP($F95,#REF!,2),IF($E95="DER",VLOOKUP($F95,#REF!,2,0))))))))) -> Taxa de mobilização e desmobilização de equipamentos para execução de sondagem | H95: =IF($E95="SINAPI",VLOOKUP($F95,'SINAPI_ONERADO-06.25'!$B$11:$E$9657,3,FALSE),IF($E95="CDHU",VLOOKUP($F95,'CDHU_Onerado-05.25-(198)'!$A$9:$F$4118,3,FALSE),IF($E95="FDE",VLOOKUP($F95,#REF!,3,FALSE),IF($E95="SIURB (E)",VLOOKUP($F95,'EDIF sem Des Jan25'!$A$3:$D$3000,3,FALSE),IF($E95="SIURB (I)",VLOOKUP($F95,'INFRA sem Des Jan25'!$A$2:$D$1000,3,FALSE),IF($E95="SICRO NOVO",VLOOKUP($F95,'SICRO.DNIT ONERADA 04.25'!$A$4:$D$7000,3,FALSE),IF($E95="DER",VLOOKUP($F95,#REF!,3,0)))))))) -> TX | I95: 0 | J95: =IF($E95="SINAPI",VLOOKUP($F95,'SINAPI_ONERADO-06.25'!$B$11:$E$9657,4,FALSE),IF($E95="CDHU",VLOOKUP($F95,'CDHU_Onerado-05.25-(198)'!$A$9:$F$4118,6,FALSE),IF($E95="FDE",VLOOKUP($F95,#REF!,5,FALSE),IF($E95="SIURB (E)",VLOOKUP($F95,'EDIF sem Des Jan25'!$A$3:$D$3000,4,FALSE),IF($E95="SIURB (I)",VLOOKUP($F95,'INFRA sem Des Jan25'!$A$2:$D$1000,4,FALSE),IF($E95="SICRO NOVO",VLOOKUP($F95,'SICRO.DNIT ONERADA 04.25'!$A$4:$D$7000,4,FALSE),IF($E95="DER",VLOOKUP($F95,#REF!,4,0)))))))) -> 1267.71 | K95: =J95*(1+IF(N95="x",'CLIENTE-OBJETO'!$P$3,$E$7)) -> 1530.51 | L95: =ROUND(ROUND(I95,2)*ROUND(K95,2),2) -> 0 | O95: =IFERROR(L95/$L$13,0) -> 0
A96: =LEFT(D96,2) -> 10 | B96: =B94 -> 10 | C96: =IF(D96="",0,B96) -> 10 | D96: =D95+1 -> 10003 | E96: CDHU | F96: 01.21.100 | G96: =IF($E96="SINAPI",VLOOKUP(F96,'SINAPI_ONERADO-06.25'!$B$11:$E$9657,2,FALSE),IF($E96="CDHU",VLOOKUP($F96,'CDHU_Onerado-05.25-(198)'!$A$9:$F$4118,2,FALSE),IF($E96="FDE",VLOOKUP($F96,#REF!,2,FALSE),IF($E96="SIURB (E)",VLOOKUP($F96,'EDIF sem Des Jan25'!$A$3:$D$3000,2,FALSE),IF($E96="SIURB (I)",VLOOKUP($F96,'INFRA sem Des Jan25'!$A$2:$D$1000,2,FALSE),IF($E96="SICRO NOVO",VLOOKUP($F96,'SICRO.DNIT ONERADA 04.25'!$A$4:$D$7000,2,FALSE),IF($E96="COMPOSIÇÃO",VLOOKUP($F96,#REF!,2),IF($E96="DER",VLOOKUP($F96,#REF!,2,0))))))))) -> Sondagem do terreno a trado | H96: =IF($E96="SINAPI",VLOOKUP($F96,'SINAPI_ONERADO-06.25'!$B$11:$E$9657,3,FALSE),IF($E96="CDHU",VLOOKUP($F96,'CDHU_Onerado-05.25-(198)'!$A$9:$F$4118,3,FALSE),IF($E96="FDE",VLOOKUP($F96,#REF!,3,FALSE),IF($E96="SIURB (E)",VLOOKUP($F96,'EDIF sem Des Jan25'!$A$3:$D$3000,3,FALSE),IF($E96="SIURB (I)",VLOOKUP($F96,'INFRA sem Des Jan25'!$A$2:$D$1000,3,FALSE),IF($E96="SICRO NOVO",VLOOKUP($F96,'SICRO.DNIT ONERADA 04.25'!$A$4:$D$7000,3,FALSE),IF($E96="DER",VLOOKUP($F96,#REF!,3,0)))))))) -> M | I96: 0 | J96: =IF($E96="SINAPI",VLOOKUP($F96,'SINAPI_ONERADO-06.25'!$B$11:$E$9657,4,FALSE),IF($E96="CDHU",VLOOKUP($F96,'CDHU_Onerado-05.25-(198)'!$A$9:$F$4118,6,FALSE),IF($E96="FDE",VLOOKUP($F96,#REF!,5,FALSE),IF($E96="SIURB (E)",VLOOKUP($F96,'EDIF sem Des Jan25'!$A$3:$D$3000,4,FALSE),IF($E96="SIURB (I)",VLOOKUP($F96,'INFRA sem Des Jan25'!$A$2:$D$1000,4,FALSE),IF($E96="SICRO NOVO",VLOOKUP($F96,'SICRO.DNIT ONERADA 04.25'!$A$4:$D$7000,4,FALSE),IF($E96="DER",VLOOKUP($F96,#REF!,4,0)))))))) -> 98.33 | K96: =J96*(1+IF(N96="x",'CLIENTE-OBJETO'!$P$3,$E$7)) -> 118.71 | L96: =ROUND(ROUND(I96,2)*ROUND(K96,2),2) -> 0 | O96: =IFERROR(L96/$L$13,0) -> 0 | P96: =IF(_xlfn.ISFORMULA(J96)&_xlfn.ISFORMULA(K96)&_xlfn.ISFORMULA(L96)&_xlfn.ISFORMULA(I96)="verdadeiroverdadeiroverdadeiroverdadeiro","ok","verificar formulas") -> verificar formulas
A97: =LEFT(D97,2) -> 10 | B97: =B96 -> 10 | C97: =IF(D97="",0,B97) -> 10 | D97: =D96+1 -> 10004 | E97: SIURB (I) | F97: 2006007 | G97: =IF($E97="SINAPI",VLOOKUP(F97,'SINAPI_ONERADO-06.25'!$B$11:$E$9657,2,FALSE),IF($E97="CDHU",VLOOKUP($F97,'CDHU_Onerado-05.25-(198)'!$A$9:$F$4118,2,FALSE),IF($E97="FDE",VLOOKUP($F97,#REF!,2,FALSE),IF($E97="SIURB (E)",VLOOKUP($F97,'EDIF sem Des Jan25'!$A$3:$D$3000,2,FALSE),IF($E97="SIURB (I)",VLOOKUP($F97,'INFRA sem Des Jan25'!$A$2:$D$1000,2,FALSE),IF($E97="SICRO NOVO",VLOOKUP($F97,'SICRO.DNIT ONERADA 04.25'!$A$4:$D$7000,2,FALSE),IF($E97="COMPOSIÇÃO",VLOOKUP($F97,#REF!,2),IF($E97="DER",VLOOKUP($F97,#REF!,2,0))))))))) -> ENSAIOS DE LABORATÓRIO - CBR MOLDADO | H97: =IF($E97="SINAPI",VLOOKUP($F97,'SINAPI_ONERADO-06.25'!$B$11:$E$9657,3,FALSE),IF($E97="CDHU",VLOOKUP($F97,'CDHU_Onerado-05.25-(198)'!$A$9:$F$4118,3,FALSE),IF($E97="FDE",VLOOKUP($F97,#REF!,3,FALSE),IF($E97="SIURB (E)",VLOOKUP($F97,'EDIF sem Des Jan25'!$A$3:$D$3000,3,FALSE),IF($E97="SIURB (I)",VLOOKUP($F97,'INFRA sem Des Jan25'!$A$2:$D$1000,3,FALSE),IF($E97="SICRO NOVO",VLOOKUP($F97,'SICRO.DNIT ONERADA 04.25'!$A$4:$D$7000,3,FALSE),IF($E97="DER",VLOOKUP($F97,#REF!,3,0)))))))) -> ENS. | I97: 0 | J97: =IF($E97="SINAPI",VLOOKUP($F97,'SINAPI_ONERADO-06.25'!$B$11:$E$9657,4,FALSE),IF($E97="CDHU",VLOOKUP($F97,'CDHU_Onerado-05.25-(198)'!$A$9:$F$4118,6,FALSE),IF($E97="FDE",VLOOKUP($F97,#REF!,5,FALSE),IF($E97="SIURB (E)",VLOOKUP($F97,'EDIF sem Des Jan25'!$A$3:$D$3000,4,FALSE),IF($E97="SIURB (I)",VLOOKUP($F97,'INFRA sem Des Jan25'!$A$2:$D$1000,4,FALSE),IF($E97="SICRO NOVO",VLOOKUP($F97,'SICRO.DNIT ONERADA 04.25'!$A$4:$D$7000,4,FALSE),IF($E97="DER",VLOOKUP($F97,#REF!,4,0)))))))) -> 285.77 | K97: =J97*(1+IF(N97="x",'CLIENTE-OBJETO'!$P$3,$E$7)) -> 345.01 | L97: =ROUND(ROUND(I97,2)*ROUND(K97,2),2) -> 0 | O97: =IFERROR(L97/$L$13,0) -> 0 | P97: =IF(_xlfn.ISFORMULA(J97)&_xlfn.ISFORMULA(K97)&_xlfn.ISFORMULA(L97)&_xlfn.ISFORMULA(I97)="verdadeiroverdadeiroverdadeiroverdadeiro","ok","verificar formulas") -> verificar formulas
K99: TOTAL FINAL | L99: =L76+L66+L47+L35+L22 -> 1038925.4
J101: Santa Branca, 29 de setembro de 2025
G103: Arthur Ribeiro Alvares Pimenta
G104: Secretário Municipal de Serviços, Obras e Transportes
I113: =L99/I54 -> 395.93192
K114: =L99/I87 -> #DIV/0!

Sheet Cronograma Fisico e Financeiro
A1: Dados da Obra
A2: Cliente | B2: ='CLIENTE-OBJETO'!B2 -> PREFEITURA MUNICIPAL DE SANTA BRANCA
A3: Objeto | B3: ='CLIENTE-OBJETO'!B3 -> PROJETO DE INFRAESTRUTURA - RUA LARANJEIRAS
A4: Local | B4: ='CLIENTE-OBJETO'!B4 -> RUA LARANJEIRAS - SANTA BRANCA/SP
A6: CRONOGRAMA FÍSICO - FINANCEIRO
A8: Item | B8: Descrição dos Serviços | C8: TOTAL | D8: (%) TOTAL | E8: (%) PARCIAL | F8: MÊS 01 | J8: MÊS 02 | N8: MÊS 03 | R8: MÊS 04 | V8: MÊS 05 | Z8: MÊS 06
F9: 1 | G9: 2 | H9: 3 | I9: 4 | J9: 1 | K9: 2 | L9: 3 | M9: 4 | N9: 1 | O9: 2 | P9: 3 | Q9: 4 | R9: 1 | S9: 2 | T9: 3 | U9: 4 | V9: 1 | W9: 2 | X9: 3 | Y9: 4 | Z9: 1 | AA9: 2 | AB9: 3 | AC9: 4
A10: 2 | B10: =IF(A10<>0,INDEX('Plan. Orçamentária'!$D$11:$K$186,MATCH(A10,'Plan. Orçamentária'!$D$11:$D$186,0),2),0) -> CANTEIRO DE OBRAS | C10: =IF(A10<>0,INDEX(RESUMO!$A$10:$J$443,MATCH(A10,RESUMO!$A$10:$A$443,0),5),0) -> 15250.02 | D10: =IF(A10<>0,INDEX(RESUMO!$A$10:$I$515,MATCH(A10,RESUMO!$A$10:$A$238,0),8),0) -> 0.0147 | E10: =IF(A10<>0,INDEX(RESUMO!$A$10:$I$515,MATCH(A10,RESUMO!$A$10:$A$238,0),8),0) -> 0.0147 | F10: 0.04 | H10: 0.14 | J10: 0.16 | N10: 0.16 | R10: 0.16 | V10: 0.17 | Z10: 0.17
F12: =F10*$C10 -> 610 | H12: =H10*$C10 -> 2135 | J12: =J10*$C10 -> 2440 | N12: =N10*$C10 -> 2440 | R12: =R10*$C10 -> 2440 | V12: =V10*$C10 -> 2592.5 | Z12: =Z10*$C10 -> 2592.5
A13: 4 | B13: =IF(A13<>0,INDEX('Plan. Orçamentária'!$D$11:$K$186,MATCH(A13,'Plan. Orçamentária'!$D$11:$D$186,0),2),0) -> TERRAPLANAGEM | C13: =IF(A13<>0,INDEX(RESUMO!$A$10:$J$443,MATCH(A13,RESUMO!$A$10:$A$443,0),5),0) -> 67438.86 | D13: =IF(A13<>0,INDEX(RESUMO!$A$10:$I$515,MATCH(A13,RESUMO!$A$10:$A$238,0),8),0) -> 0.0649 | E13: =IF(A13<>0,INDEX(RESUMO!$A$10:$I$515,MATCH(A13,RESUMO!$A$10:$A$238,0),8),0) -> 0.0649 | F13: 0.14 | H13: 0.3 | J13: 0.36 | N13: 0.2
F15: =F13*$C13 -> 9441.44 | H15: =H13*$C13 -> 20231.66 | J15: =J13*$C13 -> 24277.99 | N15: =N13*$C13 -> 13487.77 | Z15: =Z13*$C13 -> 0
A16: =A13+1 -> 5 | B16: =IF(A16<>0,INDEX('Plan. Orçamentária'!$D$11:$K$186,MATCH(A16,'Plan. Orçamentária'!$D$11:$D$186,0),2),0) -> PAVIMENTAÇÃO ASFÁLTICA | C16: =IF(A16<>0,INDEX(RESUMO!$A$10:$J$443,MATCH(A16,RESUMO!$A$10:$A$443,0),5),0) -> 630086.48 | D16: =IF(A16<>0,INDEX(RESUMO!$A$10:$I$515,MATCH(A16,RESUMO!$A$10:$A$238,0),8),0) -> 0.6065 | E16: =IF(A16<>0,INDEX(RESUMO!$A$10:$I$515,MATCH(A16,RESUMO!$A$10:$A$238,0),8),0) -> 0.6065 | J16: 0.24 | N16: 0.26 | R16: 0.24 | V16: 0.26
J18: =J16*$C16 -> 151220.76 | N18: =N16*$C16 -> 163822.48 | R18: =R16*$C16 -> 151220.76 | V18: =V16*$C16 -> 163822.48 | Z18: =Z16*$C16 -> 0
A19: =A16+1 -> 6 | B19: =IF(A19<>0,INDEX('Plan. Orçamentária'!$D$11:$K$186,MATCH(A19,'Plan. Orçamentária'!$D$11:$D$186,0),2),0) -> SARJETÃO | C19: =IF(A19<>0,INDEX(RESUMO!$A$10:$J$443,MATCH(A19,RESUMO!$A$10:$A$443,0),5),0) -> 315504.39 | D19: =IF(A19<>0,INDEX(RESUMO!$A$10:$I$515,MATCH(A19,RESUMO!$A$10:$A$238,0),8),0) -> 0.3037 | E19: =IF(A19<>0,INDEX(RESUMO!$A$10:$I$515,MATCH(A19,RESUMO!$A$10:$A$238,0),8),0) -> 0.3037 | N19: 0.2 | R19: 0.29 | V19: 0.3 | Z19: 0.21
F21: =F19*$C19 -> 0 | N21: =N19*$C19 -> 63100.88 | R21: =R19*$C19 -> 91496.27 | V21: =V19*$C19 -> 94651.32 | Z21: =Z19*$C19 -> 66255.92
A22: =A19+1 -> 7 | B22: =IF(A22<>0,INDEX('Plan. Orçamentária'!$D$11:$K$186,MATCH(A22,'Plan. Orçamentária'!$D$11:$D$186,0),2),0) -> INFRAESTRUTURA COMPLEMENTAR | C22: =IF(A22<>0,INDEX(RESUMO!$A$10:$J$443,MATCH(A22,RESUMO!$A$10:$A$443,0),5),0) -> 10645.62 | D22: =IF(A22<>0,INDEX(RESUMO!$A$10:$I$515,MATCH(A22,RESUMO!$A$10:$A$238,0),8),0) -> 0.0102 | E22: =IF(A22<>0,INDEX(RESUMO!$A$10:$I$515,MATCH(A22,RESUMO!$A$10:$A$238,0),8),0) -> 0.0102 | R22: 0.2875 | V22: 0.33 | Z22: 0.3825
F24: =F22*$C22 -> 0 | R24: =R22*$C22 -> 3060.62 | V24: =V22*$C22 -> 3513.05 | Z24: =Z22*$C22 -> 4071.95
B26: TOTAL MENSAL | F26: =F15+F12 -> 10051.44 | H26: =H12+H15 -> 22366.66 | J26: =J18+J15+J12 -> 177938.75 | N26: =N21+N18+N15+N12 -> 242851.13 | R26: =R24+R21+R18+R12 -> 248217.65 | V26: =V24+V21+V18+V12 -> 264579.35 | Z26: =Z24+Z21+Z12 -> 72920.37
B27: % TOTAL MENSAL | F27: =F26/SUM($C$10:$C$24) -> 0.0097 | H27: =H26/SUM($C$10:$C$24) -> 0.0215 | J27: =J26/SUM($C$10:$C$24) -> 0.1713 | L27: =L26/SUM($C$10:$C$24) -> 0 | N27: =N26/SUM($C$10:$C$24) -> 0.2338 | P27: =P26/SUM($C$10:$C$24) -> 0 | R27: =R26/SUM($C$10:$C$24) -> 0.2389 | T27: =T26/SUM($C$10:$C$24) -> 0 | V27: =V26/SUM($C$10:$C$24) -> 0.2547 | X27: =X26/SUM($C$10:$C$24) -> 0 | Z27: =Z26/SUM($C$10:$C$24) -> 0.0702 | AB27: =AB26/SUM($C$10:$C$24) -> 0
B29: TOTAL ACUMULADO | F29: =F26 -> 10051.44 | H29: =IF(H26=0,0,H26+F29) -> 32418.1 | J29: =IF(J26=0,0,J26+H29) -> 210356.85 | N29: =IF(N26=0,0,N26+J29) -> 453207.98 | R29: =IF(R26=0,0,R26+N29) -> 701425.63 | V29: =IF(V26=0,0,V26+R29) -> 966004.98 | Z29: 1038925.4
B30: % TOTAL ACUMULADO | F30: =F29/SUM($C$10:$C$24) -> 0.0097 | H30: =H29/SUM($C$10:$C$24) -> 0.0312 | J30: =J29/SUM($C$10:$C$24) -> 0.2025 | L30: =L29/SUM($C$10:$C$24) -> 0 | N30: =N29/SUM($C$10:$C$24) -> 0.4362 | P30: =P29/SUM($C$10:$C$24) -> 0 | R30: =R29/SUM($C$10:$C$24) -> 0.6751 | T30: =T29/SUM($C$10:$C$24) -> 0 | V30: =V29/SUM($C$10:$C$24) -> 0.9298 | X30: =X29/SUM($C$10:$C$24) -> 0 | Z30: =Z29/SUM($C$10:$C$24) -> 1 | AB30: =AB29/SUM($C$10:$C$24) -> 0
Y31: Santa Branca, 29 de setembro de 2025.
A34: Arthur Ribeiro Alvares Pimenta
A35: Secretário Municipal de Serviços, Obras e Transportes

Sheet MEMORIA CALCULO
B2: CLIENTE: | C2: ='CLIENTE-OBJETO'!B2 -> PREFEITURA MUNICIPAL DE SANTA BRANCA | O2: FL: | T2: RUA LARANJEIRAS | W2: DRENO
B3: OBRA: | C3: ='CLIENTE-OBJETO'!B3 -> PROJETO DE INFRAESTRUTURA - RUA LARANJEIRAS | O3: REV: | T3: PAVIMENTAÇÃO TIPO 1 | U3: M2 | V3: 2624 | W3: =ROUNDUP((V3/5.95)*2,0) -> 883 | Y3: AREA DE OBRA | AA3: =V3+V4+V5 -> 2624
B4: LOCAL: | C4: ='CLIENTE-OBJETO'!B4 -> RUA LARANJEIRAS - SANTA BRANCA/SP | O4: DATA: | T4: PAVIMENTAÇÃO TIPO 2 | W4: =ROUNDUP((V4/5.95)*2,0) -> 0
T5: PAVIMENTAÇÃO TIPO 3 | W5: =ROUNDUP((V5/5.95)*2,0) -> 0
B6: MEMÓRIA DE CÁLCULO | T6: CAMADA DE CBUQ | U6: M | V6: 0.04
B7: ITEM | C7: DISCRIMINAÇÃO DE CÁLCULO | O7: QUANTIDADE | T7: BGS - PAV TIPO 1 | U7: M | V7: 0.25
O8: UNID. | P8: TOTAL | T8: BGS - PAV TIPO 2
T9: BGS - PAV TIPO 3 | U9: M
A10: ='Plan. Orçamentária'!D17 -> 1 | C10: =IF(A10<>0,INDEX('Plan. Orçamentária'!$D$11:$K$186,MATCH(A10,'Plan. Orçamentária'!$D$11:$D$186,0),2),0) -> EQUIPE TÉCNICA | Q10: 6 | T10: CAMADA DE MACADAME TIPO - 1 | U10: M
A11: ='Plan. Orçamentária'!D18 -> 1001 | B11: =IF(A11<>0,INDEX('Plan. Orçamentária'!$D$11:$K$186,MATCH(A11,'Plan. Orçamentária'!$D$11:$D$186,0),3),0) -> 90778 | C11: =IF(A11<>0,INDEX('Plan. Orçamentária'!$D$11:$K$186,MATCH(A11,'Plan. Orçamentária'!$D$11:$D$186,0),4),0) -> ENGENHEIRO CIVIL DE OBRA PLENO COM ENCARGOS COMPLEMENTARES | O11: =IF(A11<>0,INDEX('Plan. Orçamentária'!$D$17:$K$186,MATCH(A11,'Plan. Orçamentária'!$D$17:$D$186,0),5),0) -> H | P11: =TRUNC(SUM(N13),2) -> 63 | T11: CAMADA DE MACADAME TIPO - 2
I12: HORAS | K12: MÊS | L12: QTDE H | N12: TOTAL | T12: CAMADA DE MACADAME TIPO - 3
I13: =21*0.5 -> 10.5 | J13: X | K13: 6 | L13: =I13*K13 -> 63 | N13: =L13 -> 63 | T13: GUIA | U13: M | X13: =V13*0.1 -> 0 | Y13: M²
T14: SARJETÃO | U14: M | V14: 978 | X14: =V14*0.45*0.2 -> 88.02 | Y14: M²
T15: DRENAGEM | U15: M
A16: =A11+1 -> 1002 | B16: =IF(A16<>0,INDEX('Plan. Orçamentária'!$D$11:$K$186,MATCH(A16,'Plan. Orçamentária'!$D$11:$D$186,0),3),0) -> 100309 | C16: =IF(A16<>0,INDEX('Plan. Orçamentária'!$D$11:$K$186,MATCH(A16,'Plan. Orçamentária'!$D$11:$D$186,0),4),0) -> TÉCNICO EM SEGURANÇA DO TRABALHO COM ENCARGOS COMPLEMENTARES | O16: =IF(A16<>0,INDEX('Plan. Orçamentária'!$D$17:$K$186,MATCH(A16,'Plan. Orçamentária'!$D$17:$D$186,0),5),0) -> H | P16: =TRUNC(SUM(N18),2) -> 126 | T16: GRAMA | U16: M2 | V16: 177
I17: HORAS | K17: MÊS | L17: QTDE H | N17: TOTAL
I18: =21*1 -> 21 | J18: X | K18: 6 | L18: =I18*K18 -> 126 | N18: =L18 -> 126
A21: =A16+1 -> 1003 | B21: =IF(A21<>0,INDEX('Plan. Orçamentária'!$D$11:$K$186,MATCH(A21,'Plan. Orçamentária'!$D$11:$D$186,0),3),0) -> 100289 | C21: =IF(A21<>0,INDEX('Plan. Orçamentária'!$D$11:$K$186,MATCH(A21,'Plan. Orçamentária'!$D$11:$D$186,0),4),0) -> VIGIA DIURNO COM ENCARGOS COMPLEMENTARES | O21: =IF(A21<>0,INDEX('Plan. Orçamentária'!$D$17:$K$186,MATCH(A21,'Plan. Orçamentária'!$D$17:$D$186,0),5),0) -> H | P21: =TRUNC(SUM(N23),2) -> 504
G22: HORAS | I22: MÊS | K22: VIGIAS | L22: QTDE H | N22: TOTAL
G23: =21*4 -> 84 | H23: X | I23: 6 | J23: X | K23: 1 | L23: =G23*I23*K23 -> 504 | N23: =L23 -> 504
A26: ='Plan. Orçamentária'!D22 -> 2 | C26: =IF(A26<>0,INDEX('Plan. Orçamentária'!$D$11:$K$186,MATCH(A26,'Plan. Orçamentária'!$D$11:$D$186,0),2),0) -> CANTEIRO DE OBRAS
A27: ='Plan. Orçamentária'!D23 -> 2001 | B27: =IF(A27<>0,INDEX('Plan. Orçamentária'!$D$11:$K$186,MATCH(A27,'Plan. Orçamentária'!$D$11:$D$186,0),3),0) -> 02.02.150 | C27: =IF(A27<>0,INDEX('Plan. Orçamentária'!$D$11:$K$186,MATCH(A27,'Plan. Orçamentária'!$D$11:$D$186,0),4),0) -> Locação de container tipo depósito - área mínima de 13,80 m² | O27: =IF(A27<>0,INDEX('Plan. Orçamentária'!$D$17:$K$186,MATCH(A27,'Plan. Orçamentária'!$D$17:$D$186,0),5),0) -> UNMES | P27: =TRUNC(SUM(N29),2) -> 6
J28: UNID. | L28: MÊS | N28: TOTAL
J29: 1 | K29: X | L29: 6 | N29: =TRUNC(J29*L29,2) -> 6
A31: =A27+1 -> 2002 | B31: =IF(A31<>0,INDEX('Plan. Orçamentária'!$D$11:$K$186,MATCH(A31,'Plan. Orçamentária'!$D$11:$D$186,0),3),0) -> 02.02.140 | C31: =IF(A31<>0,INDEX('Plan. Orçamentária'!$D$11:$K$186,MATCH(A31,'Plan. Orçamentária'!$D$11:$D$186,0),4),0) -> Locação de container tipo sanitário com 2 vasos sanitários, 2 lavatórios, 2 mictórios e 4 pontos para chuveiro - área mínima de 13,80 m² | O31: =IF(A31<>0,INDEX('Plan. Orçamentária'!$D$17:$K$186,MATCH(A31,'Plan. Orçamentária'!$D$17:$D$186,0),5),0) -> UNMES | P31: =TRUNC(SUM(N33),2) -> 6
J32: UNID. | L32: MÊS | N32: TOTAL
J33: 1 | K33: X | L33: 6 | N33: =TRUNC(J33*L33,2) -> 6
A35: =A31+1 -> 2003 | B35: =IF(A35<>0,INDEX('Plan. Orçamentária'!$D$11:$K$186,MATCH(A35,'Plan. Orçamentária'!$D$11:$D$186,0),3),0) -> 02.02.130 | C35: =IF(A35<>0,INDEX('Plan. Orçamentária'!$D$11:$K$186,MATCH(A35,'Plan. Orçamentária'!$D$11:$D$186,0),4),0) -> Locação de container tipo escritório com 1 vaso sanitário, 1 lavatório e 1 ponto para chuveiro - área mínima de 13,80 m² | O35: =IF(A35<>0,INDEX('Plan. Orçamentária'!$D$17:$K$186,MATCH(A35,'Plan. Orçamentária'!$D$17:$D$186,0),5),0) -> UNMES | P35: =TRUNC(SUM(N37),2) -> 6
J36: UNID. | L36: MÊS | N36: TOTAL
J37: 1 | K37: X | L37: 6 | N37: =TRUNC(J37*L37,2) -> 6
A39: =A35+1 -> 2004 | B39: =IF(A39<>0,INDEX('Plan. Orçamentária'!$D$11:$K$186,MATCH(A39,'Plan. Orçamentária'!$D$11:$D$186,0),3),0) -> 02.02.160 | C39: =IF(A39<>0,INDEX('Plan. Orçamentária'!$D$11:$K$186,MATCH(A39,'Plan. Orçamentária'!$D$11:$D$186,0),4),0) -> Locação de container tipo guarita - área mínima de 4,60 m² | O39: =IF(A39<>0,INDEX('Plan. Orçamentária'!$D$17:$K$186,MATCH(A39,'Plan. Orçamentária'!$D$17:$D$186,0),5),0) -> UNMES | P39: =TRUNC(SUM(N41),2) -> 6
J40: UNID. | L40: MÊS | N40: TOTAL
J41: 1 | K41: X | L41: 6 | N41: =TRUNC(J41*L41,2) -> 6
A43: =A39+1 -> 2005 | B43: =IF(A43<>0,INDEX('Plan. Orçamentária'!$D$11:$K$186,MATCH(A43,'Plan. Orçamentária'!$D$11:$D$186,0),3),0) -> 02.03.120 | C43: =IF(A43<>0,INDEX('Plan. Orçamentária'!$D$11:$K$186,MATCH(A43,'Plan. Orçamentária'!$D$11:$D$186,0),4),0) -> Tapume fixo para fechamento de áreas, com portão | O43: =IF(A43<>0,INDEX('Plan. Orçamentária'!$D$17:$K$186,MATCH(A43,'Plan. Orçamentária'!$D$17:$D$186,0),5),0) -> M2 | P43: =TRUNC(SUM(N45),2) -> 132
J44: PER | L44: ALT | N44: TOTAL
J45: =15*4 -> 60 | K45: X | L45: 2.2 | N45: =TRUNC(L45*J45,2) -> 132
A48: =A43+1 -> 2006 | B48: =IF(A48<>0,INDEX('Plan. Orçamentária'!$D$11:$K$186,MATCH(A48,'Plan. Orçamentária'!$D$11:$D$186,0),3),0) -> 1005007 | C48: =IF(A48<>0,INDEX('Plan. Orçamentária'!$D$11:$K$186,MATCH(A48,'Plan. Orçamentária'!$D$11:$D$186,0),4),0) -> PORTÃO DE PEDESTRES - 1,15M, PARA TAPUME | O48: =IF(A48<>0,INDEX('Plan. Orçamentária'!$D$17:$K$186,MATCH(A48,'Plan. Orçamentária'!$D$17:$D$186,0),5),0) -> M2 | P48: =TRUNC(SUM(N50),2) -> 2.64
J49: COMP | L49: ALT | N49: TOTAL
J50: 1.2 | K50: X | L50: 2.2 | N50: =J50*L50 -> 2.64
A52: =A48+1 -> 2007 | B52: =IF(A52<>0,INDEX('Plan. Orçamentária'!$D$11:$K$186,MATCH(A52,'Plan. Orçamentária'!$D$11:$D$186,0),3),0) -> 02.01.180 | C52: =IF(A52<>0,INDEX('Plan. Orçamentária'!$D$11:$K$186,MATCH(A52,'Plan. Orçamentária'!$D$11:$D$186,0),4),0) -> Banheiro químico modelo Standard, com manutenção conforme exigências da CETESB | O52: =IF(A52<>0,INDEX('Plan. Orçamentária'!$D$17:$K$186,MATCH(A52,'Plan. Orçamentária'!$D$17:$D$186,0),5),0) -> UNMES | P52: =TRUNC(SUM(N54),2) -> 6
J53: Unidade | L53: Mês | N53: TOTAL
J54: 1 | K54: X | L54: 6 | N54: =TRUNC(J54*L54,2) -> 6
A56: =A52+1 -> 2008 | B56: =IF(A56<>0,INDEX('Plan. Orçamentária'!$D$11:$K$186,MATCH(A56,'Plan. Orçamentária'!$D$11:$D$186,0),3),0) -> 02.08.020 | C56: =IF(A56<>0,INDEX('Plan. Orçamentária'!$D$11:$K$186,MATCH(A56,'Plan. Orçamentária'!$D$11:$D$186,0),4),0) -> Placa de identificação para obra | O56: =IF(A56<>0,INDEX('Plan. Orçamentária'!$D$17:$K$186,MATCH(A56,'Plan. Orçamentária'!$D$17:$D$186,0),5),0) -> M2 | P56: =TRUNC(SUM(N58),2) -> 6
J57: COMP | L57: ALT | N57: TOTAL
J58: 3 | K58: X | L58: 2 | N58: =TRUNC(J58*L58,2) -> 6
A62: ='Plan. Orçamentária'!D32 -> 3 | C62: ='Plan. Orçamentária'!E32 -> ESTUDO DE IMPACTO DE VIZINHANÇA
A63: ='Plan. Orçamentária'!D33 -> 3001 | B63: =IF(A63<>0,INDEX('Plan. Orçamentária'!$D$11:$K$186,MATCH(A63,'Plan. Orçamentária'!$D$11:$D$186,0),3),0) -> 01.27.091 | C63: =IF(A63<>0,INDEX('Plan. Orçamentária'!$D$11:$K$186,MATCH(A63,'Plan. Orçamentária'!$D$11:$D$186,0),4),0) -> Estudo de impacto de vizinhança, em área urbana até 10.000 m² | O63: =IF(A63<>0,INDEX('Plan. Orçamentária'!$D$17:$K$186,MATCH(A63,'Plan. Orçamentária'!$D$17:$D$186,0),5),0) -> UN | P63: =TRUNC(SUM(N65),2) -> 1
L64: QTDE | N64: TOTAL
L65: 1 | N65: =L65 -> 1
B68: ='Plan. Orçamentária'!D35 -> 4 | C68: ='Plan. Orçamentária'!E35 -> TERRAPLANAGEM
C69: MOVIMENTAÇÕES DE TERRA
J72: CORTE | L72: ATERRO
I73: ABERTURA DE CAIXA (CONFORME LEVANTAMENTO DE QUANTITATIVO) | J73: 875.15 | L73: 360.91
A75: ='Plan. Orçamentária'!D37 -> 4001 | B75: =IF(A75<>0,INDEX('Plan. Orçamentária'!$D$11:$K$186,MATCH(A75,'Plan. Orçamentária'!$D$11:$D$186,0),3),0) -> 07.01.020 | C75: =IF(A75<>0,INDEX('Plan. Orçamentária'!$D$11:$K$186,MATCH(A75,'Plan. Orçamentária'!$D$11:$D$186,0),4),0) -> Escavação e carga mecanizada em solo de 1ª categoria, em campo aberto | O75: =IF(A75<>0,INDEX('Plan. Orçamentária'!$D$17:$K$186,MATCH(A75,'Plan. Orçamentária'!$D$17:$D$186,0),5),0) -> M3 | P75: =TRUNC(SUM(N77),2) -> 875.15
K76: ABERTURA DE CAIXA | L76: VOL TOTAL | N76: TOTAL
K77: =T2 -> RUA LARANJEIRAS | L77: =J73 -> 875.15 | N77: =L77 -> 875.15
A81: =A75+1 -> 4002 | B81: =IF(A81<>0,INDEX('Plan. Orçamentária'!$D$11:$K$186,MATCH(A81,'Plan. Orçamentária'!$D$11:$D$186,0),3),0) -> 07.11.020 | C81: =IF(A81<>0,INDEX('Plan. Orçamentária'!$D$11:$K$186,MATCH(A81,'Plan. Orçamentária'!$D$11:$D$186,0),4),0) -> Reaterro compactado mecanizado de vala ou cava com compactador | O81: =IF(A81<>0,INDEX('Plan. Orçamentária'!$D$17:$K$186,MATCH(A81,'Plan. Orçamentária'!$D$17:$D$186,0),5),0) -> M3 | P81: =TRUNC(SUM(N83),2) -> 360.91
L82: VOL. REATERRO | N82: TOTAL
K83: REATERRO | L83: =L73 -> 360.91 | N83: =L83+L84 -> 360.91
C89: ='Plan. Orçamentária'!E39 -> VOLUME DE TERRA BOTA FORA
A94: =A81+1 -> 4003 | B94: =IF(A94<>0,INDEX('Plan. Orçamentária'!$D$11:$K$186,MATCH(A94,'Plan. Orçamentária'!$D$11:$D$186,0),3),0) -> 05.10.023 | C94: =IF(A94<>0,INDEX('Plan. Orçamentária'!$D$11:$K$186,MATCH(A94,'Plan. Orçamentária'!$D$11:$D$186,0),4),0) -> Transporte de solo de 1ª e 2ª categoria por caminhão para distâncias superiores ao 5° km até o 10° km | O94: =IF(A94<>0,INDEX('Plan. Orçamentária'!$D$17:$K$186,MATCH(A94,'Plan. Orçamentária'!$D$17:$D$186,0),5),0) -> M3 | P94: =TRUNC(SUM(N97),2) -> 514.24
G96: VOL. JÁ EMPOLADO | H96: VOL. CORTE | J96: VOL. ATERRO | L96: VOL. ATER. BOTA FORA | N96: TOTAL
G97: ='MEMORIA CALCULO'!T2 -> RUA LARANJEIRAS | H97: =N77 -> 875.15 | I97: - | J97: =N83 -> 360.91 | K97: = | L97: =H97-J97 -> 514.24 | N97: =L97 -> 514.24
A103: =A94+1 -> 4004 | B103: =IF(A103<>0,INDEX('Plan. Orçamentária'!$D$11:$K$186,MATCH(A103,'Plan. Orçamentária'!$D$11:$D$186,0),3),0) -> 07.10.020 | C103: =IF(A103<>0,INDEX('Plan. Orçamentária'!$D$11:$K$186,MATCH(A103,'Plan. Orçamentária'!$D$11:$D$186,0),4),0) -> Espalhamento de solo em bota-fora com compactação sem controle | O103: =IF(A103<>0,INDEX('Plan. Orçamentária'!$D$17:$K$186,MATCH(A103,'Plan. Orçamentária'!$D$17:$D$186,0),5),0) -> M3 | P103: =TRUNC(SUM(N105),2) -> 514.24
L104: VOL. TERRA | N104: TOTAL
K105: =T2 -> RUA LARANJEIRAS | L105: =L97 -> 514.24 | N105: =SUM(L104:L106) -> 514.24
A108: =A103+1 -> 4005 | B108: =IF(A108<>0,INDEX('Plan. Orçamentária'!$D$11:$K$186,MATCH(A108,'Plan. Orçamentária'!$D$11:$D$186,0),3),0) -> 05.09.007 | C108: =IF(A108<>0,INDEX('Plan. Orçamentária'!$D$11:$K$186,MATCH(A108,'Plan. Orçamentária'!$D$11:$D$186,0),4),0) -> Taxa de destinação de resíduo sólido em aterro, tipo solo/terra | O108: =IF(A108<>0,INDEX('Plan. Orçamentária'!$D$17:$K$186,MATCH(A108,'Plan. Orçamentária'!$D$17:$D$186,0),5),0) -> M3 | P108: =TRUNC(SUM(N110),2) -> 668.51
I109: VOLUME DE SOLO PARA BOTA BORA | J109: EMP | L109: VOL. | N109: TOTAL
I110: =G97 -> RUA LARANJEIRAS | J110: 1.3 | K110: x | L110: =L105 -> 514.24 | N110: =J110*L110 -> 668.51
C112: ='Plan. Orçamentária'!E43 -> PAISAGISMO - PLANTIO DE GRAMA
A113: =A108+1 -> 4006 | B113: =IF(A113<>0,INDEX('Plan. Orçamentária'!$D$11:$K$186,MATCH(A113,'Plan. Orçamentária'!$D$11:$D$186,0),3),0) -> 34.02.020 | C113: =IF(A113<>0,INDEX('Plan. Orçamentária'!$D$11:$K$186,MATCH(A113,'Plan. Orçamentária'!$D$11:$D$186,0),4),0) -> Plantio de grama batatais em placas (praças e áreas abertas) | O113: =IF(A113<>0,INDEX('Plan. Orçamentária'!$D$17:$K$186,MATCH(A113,'Plan. Orçamentária'!$D$17:$D$186,0),5),0) -> M2 | P113: =TRUNC(SUM(N115),2) -> 177
L114: ÁREA DE GRAMA | N114: TOTAL
K115: =T2 -> RUA LARANJEIRAS | L115: =V16 -> 177 | N115: =SUM(L114:L116) -> 177
A117: =A113+1 -> 4007 | B117: =IF(A117<>0,INDEX('Plan. Orçamentária'!$D$11:$K$186,MATCH(A117,'Plan. Orçamentária'!$D$11:$D$186,0),3),0) -> 34.02.400 | C117: =IF(A117<>0,INDEX('Plan. Orçamentária'!$D$11:$K$186,MATCH(A117,'Plan. Orçamentária'!$D$11:$D$186,0),4),0) -> Plantio de grama pelo processo hidrossemeadura | O117: =IF(A117<>0,INDEX('Plan. Orçamentária'!$D$17:$K$186,MATCH(A117,'Plan. Orçamentária'!$D$17:$D$186,0),5),0) -> M2 | P117: =TRUNC(SUM(N119),2) -> 177
L118: ÁREA DE GRAMA | N118: TOTAL
K119: =T2 -> RUA LARANJEIRAS | L119: =V16 -> 177 | N119: =SUM(L118:L120) -> 177
C121: ='Plan. Orçamentária'!E47 -> PAVIMENTAÇÃO ASFÁLTICA
A122: ='Plan. Orçamentária'!D47 -> 5 | C122: LOCAÇÃO DE VIAS
A123: ='Plan. Orçamentária'!D49 -> 5001 | B123: =IF(A123<>0,INDEX('Plan. Orçamentária'!$D$11:$K$186,MATCH(A123,'Plan. Orçamentária'!$D$11:$D$186,0),3),0) -> 02.10.060 | C123: =IF(A123<>0,INDEX('Plan. Orçamentária'!$D$11:$K$186,MATCH(A123,'Plan. Orçamentária'!$D$11:$D$186,0),4),0) -> Locação de vias, calçadas, tanques e lagoas | O123: =IF(A123<>0,INDEX('Plan. Orçamentária'!$D$17:$K$186,MATCH(A123,'Plan. Orçamentária'!$D$17:$D$186,0),5),0) -> M2 | P123: =TRUNC(SUM(N125),2) -> 2624
L124: ÁREA | N124: TOTAL
K125: PAVIMENTO | L125: =V3 -> 2624 | N125: =SUM(L125:L125) -> 2624
C129: ='Plan. Orçamentária'!E50 -> EXECUÇÃO DE BASE E SUBBASE
A130: ='Plan. Orçamentária'!D51 -> 5002 | B130: =IF(A130<>0,INDEX('Plan. Orçamentária'!$D$11:$K$186,MATCH(A130,'Plan. Orçamentária'!$D$11:$D$186,0),3),0) -> 54.01.050 | C130: =IF(A130<>0,INDEX('Plan. Orçamentária'!$D$11:$K$186,MATCH(A130,'Plan. Orçamentária'!$D$11:$D$186,0),4),0) -> Compactação do subleito mínimo de 95% do PN | O130: =IF(A130<>0,INDEX('Plan. Orçamentária'!$D$17:$K$186,MATCH(A130,'Plan. Orçamentária'!$D$17:$D$186,0),5),0) -> M3 | P130: =TRUNC(SUM(N132),2) -> 1049.6
H131: PAVIMENTAÇÃO RUA: | I131: ÁREA | K131: CAMADA | L131: VOL. | N131: TOTAL
H132: =T2 -> RUA LARANJEIRAS | I132: =L125 -> 2624 | J132: X | K132: 0.4 | L132: =K132*I132 -> 1049.6 | N132: =SUM(L132:L132) -> 1049.6
A135: ='Plan. Orçamentária'!D52 -> 5003 | B135: =IF(A135<>0,INDEX('Plan. Orçamentária'!$D$11:$K$186,MATCH(A135,'Plan. Orçamentária'!$D$11:$D$186,0),3),0) -> 54.01.210 | C135: =IF(A135<>0,INDEX('Plan. Orçamentária'!$D$11:$K$186,MATCH(A135,'Plan. Orçamentária'!$D$11:$D$186,0),4),0) -> Base de brita graduada | O135: =IF(A135<>0,INDEX('Plan. Orçamentária'!$D$17:$K$186,MATCH(A135,'Plan. Orçamentária'!$D$17:$D$186,0),5),0) -> M3 | P135: =TRUNC(SUM(N137),2) -> 656
H136: PAVIMENTAÇÃO RUA: | I136: ÁREA | K136: ESPESSURA | L136: VOL. | N136: TOTAL
G137: =T2 -> RUA LARANJEIRAS | H137: TIPO 1 | I137: =I132 -> 2624 | K137: 0.25 | L137: =K137*I137 -> 656 | N137: =SUM(L137:L137) -> 656
C140: ='Plan. Orçamentária'!E53 -> EXECUÇÃO DAS CAMADAS DE ROLAMENTO
A142: =A135+1 -> 5004 | B142: =IF(A142<>0,INDEX('Plan. Orçamentária'!$D$11:$K$186,MATCH(A142,'Plan. Orçamentária'!$D$11:$D$186,0),3),0) -> 54.03.240 | C142: =IF(A142<>0,INDEX('Plan. Orçamentária'!$D$11:$K$186,MATCH(A142,'Plan. Orçamentária'!$D$11:$D$186,0),4),0) -> Imprimação betuminosa impermeabilizante | O142: =IF(A142<>0,INDEX('Plan. Orçamentária'!$D$17:$K$186,MATCH(A142,'Plan. Orçamentária'!$D$17:$D$186,0),5),0) -> M2 | P142: =TRUNC(SUM(N144),2) -> 2624
K143: PAVIMENTAÇÃO RUA: | L143: ÁREA | N143: TOTAL
K144: =T2 -> RUA LARANJEIRAS | L144: =V3 -> 2624 | N144: =SUM(L144:L144) -> 2624
A148: =A142+1 -> 5005 | B148: =IF(A148<>0,INDEX('Plan. Orçamentária'!$D$11:$K$186,MATCH(A148,'Plan. Orçamentária'!$D$11:$D$186,0),3),0) -> 54.03.230 | C148: =IF(A148<>0,INDEX('Plan. Orçamentária'!$D$11:$K$186,MATCH(A148,'Plan. Orçamentária'!$D$11:$D$186,0),4),0) -> Imprimação betuminosa ligante | O148: =IF(A148<>0,INDEX('Plan. Orçamentária'!$D$17:$K$186,MATCH(A148,'Plan. Orçamentária'!$D$17:$D$186,0),5),0) -> M2 | P148: =TRUNC(SUM(N150),2) -> 2624
K149: PAVIMENTAÇÃO RUA: | L149: ÁREA | N149: TOTAL
K150: =T2 -> RUA LARANJEIRAS | L150: =V3 -> 2624 | N150: =SUM(L150:L150) -> 2624
A153: =A148+1 -> 5006 | B153: =IF(A153<>0,INDEX('Plan. Orçamentária'!$D$11:$K$186,MATCH(A153,'Plan. Orçamentária'!$D$11:$D$186,0),3),0) -> 54.03.210 | C153: =IF(A153<>0,INDEX('Plan. Orçamentária'!$D$11:$K$186,MATCH(A153,'Plan. Orçamentária'!$D$11:$D$186,0),4),0) -> Camada de rolamento em concreto betuminoso usinado quente - CBUQ | O153: =IF(A153<>0,INDEX('Plan. Orçamentária'!$D$17:$K$186,MATCH(A153,'Plan. Orçamentária'!$D$17:$D$186,0),5),0) -> M3 | P153: =TRUNC(SUM(N155),2) -> 104.96
H154: PAVIMENTAÇÃO RUA: | I154: ÁREA | K154: ALT | L154: VOL. | N154: TOTAL
H155: =T2 -> RUA LARANJEIRAS | I155: =N144 -> 2624 | J155: x | K155: 0.04 | L155: =I155*K155 -> 104.96 | N155: =SUM(L155:L155) -> 104.96
C157: ='Plan. Orçamentária'!E57 -> DRENO DE PAVIMENTO
A158: ='Plan. Orçamentária'!D58 -> 5007 | B158: =IF(A158<>0,INDEX('Plan. Orçamentária'!$D$11:$K$186,MATCH(A158,'Plan. Orçamentária'!$D$11:$D$186,0),3),0) -> 06.01.020 | C158: =IF(A158<>0,INDEX('Plan. Orçamentária'!$D$11:$K$186,MATCH(A158,'Plan. Orçamentária'!$D$11:$D$186,0),4),0) -> Escavação manual em solo de 1ª e 2ª categoria em campo aberto | O158: =IF(A158<>0,INDEX('Plan. Orçamentária'!$D$17:$K$186,MATCH(A158,'Plan. Orçamentária'!$D$17:$D$186,0),5),0) -> M3 | P158: =TRUNC(SUM(N160),2) -> 156.48
...

Sheet Cronograma Físico-Financeiro
A1: Dados da Obra
A2: Cliente | B2: ='CLIENTE-OBJETO'!B2 -> PREFEITURA MUNICIPAL DE SANTA BRANCA
A3: Objeto | B3: ='CLIENTE-OBJETO'!B3 -> PROJETO DE INFRAESTRUTURA - RUA LARANJEIRAS
A4: Local | B4: ='CLIENTE-OBJETO'!B4 -> RUA LARANJEIRAS - SANTA BRANCA/SP
A6: CRONOGRAMA FÍSICO - FINANCEIRO | AD6: =100/6 -> 16.666667
A8: Item | B8: Descrição dos Serviços | C8: TOTAL | D8: (%) TOTAL | E8: (%) PARCIAL | F8: MÊS 01 | J8: MÊS 02 | N8: MÊS 03 | R8: MÊS 04 | V8: MÊS 05 | Z8: MÊS 06
F9: 1 | G9: 2 | H9: 3 | I9: 4 | J9: 1 | K9: 2 | L9: 3 | M9: 4 | N9: 1 | O9: 2 | P9: 3 | Q9: 4 | R9: 1 | S9: 2 | T9: 3 | U9: 4 | V9: 1 | W9: 2 | X9: 3 | Y9: 4 | Z9: 1 | AA9: 2 | AB9: 3 | AC9: 4
A11: 1 | B11: =IF(A11<>0,INDEX('Plan. Orçamentária'!$D$11:$K$186,MATCH(A11,'Plan. Orçamentária'!$D$11:$D$186,0),2),0) -> EQUIPE TÉCNICA | C11: =IF(A11<>0,INDEX(RESUMO!$A$10:$J$443,MATCH(A11,RESUMO!$A$10:$A$443,0),5),0) -> 0 | D11: =IF(A11<>0,INDEX(RESUMO!$A$10:$I$515,MATCH(A11,RESUMO!$A$10:$A$238,0),8),0) -> 0 | E11: =IF(A11<>0,INDEX(RESUMO!$A$10:$I$515,MATCH(A11,RESUMO!$A$10:$A$238,0),8),0) -> 0 | F11: 0.08 | H11: 0.08 | J11: 0.17 | N11: 0.17 | R11: 0.17 | V11: 0.178 | Z11: 0.152 | AE11: =SUM(F11:AC11) -> 1
F13: =F11*$C11 -> 0 | H13: =H11*$C11 -> 0 | J13: =J11*$C11 -> 0 | N13: =N11*$C11 -> 0 | R13: =R11*$C11 -> 0 | V13: =V11*$C11 -> 0 | Z13: =Z11*$C11 -> 0 | AE13: =SUM(F13:AC13) -> 0 | AG13: =AE13-C11 -> 0
A14: 2 | B14: =IF(A14<>0,INDEX('Plan. Orçamentária'!$D$11:$K$186,MATCH(A14,'Plan. Orçamentária'!$D$11:$D$186,0),2),0) -> CANTEIRO DE OBRAS | C14: =IF(A14<>0,INDEX(RESUMO!$A$10:$J$443,MATCH(A14,RESUMO!$A$10:$A$443,0),5),0) -> 15250.02 | D14: =IF(A14<>0,INDEX(RESUMO!$A$10:$I$515,MATCH(A14,RESUMO!$A$10:$A$238,0),8),0) -> 0.0147 | E14: =IF(A14<>0,INDEX(RESUMO!$A$10:$I$515,MATCH(A14,RESUMO!$A$10:$A$238,0),8),0) -> 0.0147 | F14: 0.04 | H14: 0.14 | J14: 0.16 | N14: 0.16 | R14: 0.16 | V14: 0.17 | Z14: 0.17 | AE14: =SUM(F14:AC14) -> 1
F16: =F14*$C14 -> 610 | H16: =H14*$C14 -> 2135 | J16: =J14*$C14 -> 2440 | N16: =N14*$C14 -> 2440 | R16: =R14*$C14 -> 2440 | V16: =V14*$C14 -> 2592.5 | Z16: =Z14*$C14 -> 2592.5 | AE16: =SUM(F16:AC16) -> 15250 | AG16: =AE16-C14 -> -0.02
A17: 3 | B17: =IF(A17<>0,INDEX('Plan. Orçamentária'!$D$11:$K$186,MATCH(A17,'Plan. Orçamentária'!$D$11:$D$186,0),2),0) -> ESTUDO DE IMPACTO DE VIZINHANÇA | C17: =IF(A17<>0,INDEX(RESUMO!$A$10:$J$443,MATCH(A17,RESUMO!$A$10:$A$443,0),5),0) -> 0 | D17: =IF(A17<>0,INDEX(RESUMO!$A$10:$I$515,MATCH(A17,RESUMO!$A$10:$A$238,0),8),0) -> 0 | E17: =IF(A17<>0,INDEX(RESUMO!$A$10:$I$515,MATCH(A17,RESUMO!$A$10:$A$238,0),8),0) -> 0 | F17: 0.3 | H17: 0.2 | J17: 0.5 | AE17: =SUM(F17:AC17) -> 1
F19: =F17*$C17 -> 0 | H19: =H17*$C17 -> 0 | J19: =J17*$C17 -> 0 | Z19: =Z17*$C17 -> 0 | AE19: =SUM(F19:AC19) -> 0 | AG19: =AE19-C17 -> 0
A20: 4 | B20: =IF(A20<>0,INDEX('Plan. Orçamentária'!$D$11:$K$186,MATCH(A20,'Plan. Orçamentária'!$D$11:$D$186,0),2),0) -> TERRAPLANAGEM | C20: =IF(A20<>0,INDEX(RESUMO!$A$10:$J$443,MATCH(A20,RESUMO!$A$10:$A$443,0),5),0) -> 67438.86 | D20: =IF(A20<>0,INDEX(RESUMO!$A$10:$I$515,MATCH(A20,RESUMO!$A$10:$A$238,0),8),0) -> 0.0649 | E20: =IF(A20<>0,INDEX(RESUMO!$A$10:$I$515,MATCH(A20,RESUMO!$A$10:$A$238,0),8),0) -> 0.0649 | F20: 0.14 | H20: 0.3 | J20: 0.36 | N20: 0.2 | AE20: =SUM(F20:AC20) -> 1
F22: =F20*$C20 -> 9441.44 | H22: =H20*$C20 -> 20231.66 | J22: =J20*$C20 -> 24277.99 | N22: =N20*$C20 -> 13487.77 | Z22: =Z20*$C20 -> 0 | AE22: =SUM(F22:AC22) -> 67438.86 | AG22: =AE22-C20 -> 0
A23: =A20+1 -> 5 | B23: =IF(A23<>0,INDEX('Plan. Orçamentária'!$D$11:$K$186,MATCH(A23,'Plan. Orçamentária'!$D$11:$D$186,0),2),0) -> PAVIMENTAÇÃO ASFÁLTICA | C23: =IF(A23<>0,INDEX(RESUMO!$A$10:$J$443,MATCH(A23,RESUMO!$A$10:$A$443,0),5),0) -> 630086.48 | D23: =IF(A23<>0,INDEX(RESUMO!$A$10:$I$515,MATCH(A23,RESUMO!$A$10:$A$238,0),8),0) -> 0.6065 | E23: =IF(A23<>0,INDEX(RESUMO!$A$10:$I$515,MATCH(A23,RESUMO!$A$10:$A$238,0),8),0) -> 0.6065 | J23: 0.24 | N23: 0.26 | R23: 0.24 | V23: 0.26 | AE23: =SUM(F23:AC23) -> 1
J25: =J23*$C23 -> 151220.76 | N25: =N23*$C23 -> 163822.48 | R25: =R23*$C23 -> 151220.76 | V25: =V23*$C23 -> 163822.48 | Z25: =Z23*$C23 -> 0 | AE25: =SUM(F25:AC25) -> 630086.48 | AG25: =AE25-C23 -> 0
A26: =A23+1 -> 6 | B26: =IF(A26<>0,INDEX('Plan. Orçamentária'!$D$11:$K$186,MATCH(A26,'Plan. Orçamentária'!$D$11:$D$186,0),2),0) -> SARJETÃO | C26: =IF(A26<>0,INDEX(RESUMO!$A$10:$J$443,MATCH(A26,RESUMO!$A$10:$A$443,0),5),0) -> 315504.39 | D26: =IF(A26<>0,INDEX(RESUMO!$A$10:$I$515,MATCH(A26,RESUMO!$A$10:$A$238,0),8),0) -> 0.3037 | E26: =IF(A26<>0,INDEX(RESUMO!$A$10:$I$515,MATCH(A26,RESUMO!$A$10:$A$238,0),8),0) -> 0.3037 | N26: 0.2 | R26: 0.29 | V26: 0.3 | Z26: 0.21 | AE26: =SUM(F26:AC26) -> 1
F28: =F26*$C26 -> 0 | N28: =N26*$C26 -> 63100.88 | R28: =R26*$C26 -> 91496.27 | V28: =V26*$C26 -> 94651.32 | Z28: =Z26*$C26 -> 66255.92 | AE28: =SUM(F28:AC28) -> 315504.39 | AG28: =AE28-C26 -> 0
A29: =A26+1 -> 7 | B29: =IF(A29<>0,INDEX('Plan. Orçamentária'!$D$11:$K$186,MATCH(A29,'Plan. Orçamentária'!$D$11:$D$186,0),2),0) -> INFRAESTRUTURA COMPLEMENTAR | C29: =IF(A29<>0,INDEX(RESUMO!$A$10:$J$443,MATCH(A29,RESUMO!$A$10:$A$443,0),5),0) -> 10645.62 | D29: =IF(A29<>0,INDEX(RESUMO!$A$10:$I$515,MATCH(A29,RESUMO!$A$10:$A$238,0),8),0) -> 0.0102 | E29: =IF(A29<>0,INDEX(RESUMO!$A$10:$I$515,MATCH(A29,RESUMO!$A$10:$A$238,0),8),0) -> 0.0102 | R29: 0.2875 | V29: 0.33 | Z29: 0.3825 | AE29: =SUM(F29:AC29) -> 1
F31: =F29*$C29 -> 0 | R31: =R29*$C29 -> 3060.62 | V31: =V29*$C29 -> 3513.05 | Z31: =Z29*$C29 -> 4071.95 | AE31: =SUM(F31:AC31) -> 10645.62 | AG31: =AE31-C29 -> 0
A32: =A29+1 -> 8 | B32: =IF(A32<>0,INDEX('Plan. Orçamentária'!$D$11:$K$186,MATCH(A32,'Plan. Orçamentária'!$D$11:$D$186,0),2),0) -> LIMPEZA FINAL | C32: =IF(A32<>0,INDEX(RESUMO!$A$10:$J$443,MATCH(A32,RESUMO!$A$10:$A$443,0),5),0) -> 0 | D32: =IF(A32<>0,INDEX(RESUMO!$A$10:$I$515,MATCH(A32,RESUMO!$A$10:$A$238,0),8),0) -> 0 | E32: =IF(A32<>0,INDEX(RESUMO!$A$10:$I$515,MATCH(A32,RESUMO!$A$10:$A$238,0),8),0) -> 0 | Z32: 1 | AE32: =SUM(F32:AC32) -> 1
F34: =F32*$C32 -> 0 | Z34: =Z32*$C32 -> 0 | AE34: =SUM(F34:AC34) -> 0 | AG34: =AE34-C32 -> 0
A35: =A32+1 -> 9 | B35: =IF(A35<>0,INDEX('Plan. Orçamentária'!$D$11:$K$186,MATCH(A35,'Plan. Orçamentária'!$D$11:$D$186,0),2),0) -> CONTROLE TECNOLÓGICO | C35: =IF(A35<>0,INDEX(RESUMO!$A$10:$J$443,MATCH(A35,RESUMO!$A$10:$A$443,0),5),0) -> 0 | D35: =IF(A35<>0,INDEX(RESUMO!$A$10:$I$515,MATCH(A35,RESUMO!$A$10:$A$238,0),8),0) -> 0 | E35: =IF(A35<>0,INDEX(RESUMO!$A$10:$I$515,MATCH(A35,RESUMO!$A$10:$A$238,0),8),0) -> 0 | J35: 0.23 | N35: 0.27 | R35: 0.2325 | V35: 0.2675 | AE35: =SUM(F35:AC35) -> 1
F37: =F35*$C35 -> 0 | J37: =J35*$C35 -> 0 | N37: =N35*$C35 -> 0 | R37: =R35*$C35 -> 0 | V37: =V35*$C35 -> 0 | AE37: =SUM(F37:AC37) -> 0 | AG37: =AE37-C35 -> 0
A38: =A35+1 -> 10 | B38: =IF(A38<>0,INDEX('Plan. Orçamentária'!$D$11:$K$186,MATCH(A38,'Plan. Orçamentária'!$D$11:$D$186,0),2),0) -> PROJETO EXECUTIVO | C38: =IF(A38<>0,INDEX(RESUMO!$A$10:$J$443,MATCH(A38,RESUMO!$A$10:$A$443,0),5),0) -> 0 | D38: =IF(A38<>0,INDEX(RESUMO!$A$10:$I$515,MATCH(A38,RESUMO!$A$10:$A$238,0),8),0) -> 0 | E38: =IF(A38<>0,INDEX(RESUMO!$A$10:$I$515,MATCH(A38,RESUMO!$A$10:$A$238,0),8),0) -> 0 | F38: 0.49 | H38: 0.51 | AE38: =SUM(F38:AC38) -> 1
F40: =F38*$C38 -> 0 | H40: =H38*$C38 -> 0 | AE40: =SUM(F40:AC40) -> 0 | AG40: =AE40-C38 -> 0
B42: TOTAL MENSAL | F42: =SUMIF(F11:F41,">100",F11:F41) -> 10051.44 | H42: =SUMIF(H11:H41,">100",H11:H41) -> 22366.66 | J42: =SUMIF(J11:J41,">100",J11:J41) -> 177938.75 | N42: =SUMIF(N11:N41,">100",N11:N41) -> 242851.13 | R42: =SUMIF(R11:R41,">100",R11:R41) -> 248217.65 | V42: =SUMIF(V11:V41,">100",V11:V41) -> 264579.35 | Z42: =SUMIF(Z11:Z41,">100",Z11:Z41) -> 72920.37 | AE42: =SUM(F42:AC42) -> 1038925.3
B43: % TOTAL MENSAL | F43: =F42/SUM($C$11:$C$40) -> 0.0097 | H43: =H42/SUM($C$11:$C$40) -> 0.0215 | J43: =J42/SUM($C$11:$C$40) -> 0.1713 | L43: =L42/SUM($C$11:$C$34) -> 0 | N43: =N42/SUM($C$11:$C$40) -> 0.2338 | P43: =P42/SUM($C$11:$C$34) -> 0 | R43: =R42/SUM($C$11:$C$40) -> 0.2389 | T43: =T42/SUM($C$11:$C$34) -> 0 | V43: =V42/SUM($C$11:$C$40) -> 0.2547 | X43: =X42/SUM($C$11:$C$34) -> 0 | Z43: =Z42/SUM($C$11:$C$40) -> 0.0702 | AB43: =AB42/SUM($C$11:$C$34) -> 0
B45: TOTAL ACUMULADO | F45: =F42 -> 10051.44 | H45: =IF(H42=0,0,H42+F45) -> 32418.1 | J45: =IF(J42=0,0,J42+H45) -> 210356.85 | N45: =IF(N42=0,0,N42+J45) -> 453207.98 | R45: =IF(R42=0,0,R42+N45) -> 701425.63 | V45: =IF(V42=0,0,V42+R45) -> 966004.98 | Z45: =IF(Z42=0,0,Z42+V45) -> 1038925.3 | AE45: =AE42=RESUMO!E26 -> FALSE
B46: % TOTAL ACUMULADO | F46: =F45/SUM($C$11:$C$40) -> 0.0097 | H46: =H45/SUM($C$11:$C$40) -> 0.0312 | J46: =J45/SUM($C$11:$C$40) -> 0.2025 | L46: =L45/SUM($C$11:$C$34) -> 0 | N46: =N45/SUM($C$11:$C$40) -> 0.4362 | P46: =P45/SUM($C$11:$C$34) -> 0 | R46: =R45/SUM($C$11:$C$40) -> 0.6751 | T46: =T45/SUM($C$11:$C$34) -> 0 | V46: =V45/SUM($C$11:$C$40) -> 0.9298 | X46: =X45/SUM($C$11:$C$34) -> 0 | Z46: =Z45/SUM($C$11:$C$40) -> 1 | AB46: =AB45/SUM($C$11:$C$34) -> 0
B49: ='CLIENTE-OBJETO'!A10 -> Data: | C49: ='CLIENTE-OBJETO'!B10 -> 45947 | AG49: =SUM(AG13:AG41) -> -0.02
AE51: =AE42-RESUMO!E26 -> -0.02
B53: ='CLIENTE-OBJETO'!B15 -> DARIO NASCIMENTO
B54: ='CLIENTE-OBJETO'!B16 -> ENGENHEIRO CIVIL
B55: ='CLIENTE-OBJETO'!B17 -> CREA 5069979311
B60: Mês | C60: Mensal | D60: Acumulado
B61: 1 | C61: =F42+H42 -> 32418.1 | D61: =H45 -> 32418.1
B62: 2 | C62: =$J42 -> 177938.75 | D62: =J45 -> 210356.85
B63: 3 | C63: =$V42 -> 264579.35 | D63: =V45 -> 966004.98
B64: 4 | C64: =Z42 -> 72920.37 | D64: =Z45 -> 1038925.3

Sheet BDI
A1: Dados da Obra
A2: Cliente | B2: ='CLIENTE-OBJETO'!B2 -> PREFEITURA MUNICIPAL DE SANTA BRANCA
A3: Objeto | B3: ='CLIENTE-OBJETO'!B3 -> PROJETO DE INFRAESTRUTURA - RUA LARANJEIRAS
A4: Local | B4: ='CLIENTE-OBJETO'!B4 -> RUA LARANJEIRAS - SANTA BRANCA/SP
A6: DETALHAMENTO DO BDI
A8: CLASSIFICAÇÃO DA OBRA (CNAE 2.0)
B9: Construção de Edifícios | I9: Construção de Rodovias e Ferrovias
B10: Construção de Redes de Abastecimento de Água, Coleta de Esgoto e Construções Correlatas | I10: Construção e Manutenção de Estações e Redes de Distribuição de Energia Elétrica | K10: TIPO DE OBRA | L10: 1 | O10: 2 | R10: 3 | U10: 4 | X10: 5
B11: Obras Portuárias, Marítimas e Fluviais | L11: Construção de Edifícios | O11: Construção de Rodovias e Ferrovias | R11: Construção de Redes de Abastecimento de Água, Coleta de Esgoto e Construções Correlatas | U11: Construção e Manutenção de Estações e Redes de Distribuição de Energia Elétrica | X11: Obras Portuárias, Marítimas e Fluviais
A13: =IF($L$26=1,L13,IF($L$26=2,O13,IF($L$26=3,R13,IF($L$26=4,U13,IF($L$26=5,X13,"ERRO"))))) -> Descrição: Para o tipo de obra “Construção de Rodovias e Ferrovias” enquadram-se: a construção e recuperação de: auto-estradas, rodovias e outras vias não-urbanas para passagem de veículos, vias férreas de superfície ou subterrâneas (inclusive para metropolitanos), pistas de aeroportos. Esta classe compreende também: a pavimentação de auto-estradas, rodovias e outras vias não-urbanas; construção de pontes, viadutos e túneis; a instalação de barreiras acústicas; a construção de praças de pedágio; a sinalização com pintura em rodovias e aeroportos; a instalação de placas de sinalização de tráfego e semelhantes, conforme classificação 4211-1 do CNAE 2.0. Também enquadram-se a construção, pavimentação e sinalização de vias urbanas, ruas e locais para estacionamento de veículos; a construção de praças e calçadas para pedestres; elevados, passarelas e ciclovias; metrô e VLT. | K13: DESCRIÇÃO | L13: Descrição: Para o tipo de obra “Construção de Edifícios” enquadram-se: a construção e reforma de: edifícios, unidades habitacionais, escolas, hospitais, hotéis, restaurantes, armazéns e depósitos, edifícios para uso agropecuário, estações para trens e metropolitanos, estádios esportivos e quadras cobertas, instalações para embarque e desembarque de passageiros (em aeroportos, rodoviárias, portos, etc.), penitenciárias e presídios, a construção de edifícios industriais (fábricas, oficinas, galpões industriais, etc.), conforme classificação 4120-4 do CNAE 2.0. Também enquadram-se pórticos, mirantes e outros edifícios de finalidade turística. | O13: Descrição: Para o tipo de obra “Construção de Rodovias e Ferrovias” enquadram-se: a construção e recuperação de: auto-estradas, rodovias e outras vias não-urbanas para passagem de veículos, vias férreas de superfície ou subterrâneas (inclusive para metropolitanos), pistas de aeroportos. Esta classe compreende também: a pavimentação de auto-estradas, rodovias e outras vias não-urbanas; construção de pontes, viadutos e túneis; a instalação de barreiras acústicas; a construção de praças de pedágio; a sinalização com pintura em rodovias e aeroportos; a instalação de placas de sinalização de tráfego e semelhantes, conforme classificação 4211-1 do CNAE 2.0. Também enquadram-se a construção, pavimentação e sinalização de vias urbanas, ruas e locais para estacionamento de veículos; a construção de praças e calçadas para pedestres; elevados, passarelas e ciclovias; metrô e VLT. | R13: Descrição: Para o tipo de obra “Construção de Redes de Abastecimento de Água, Coleta de Esgoto e Construções Correlatas” enquadram-se: a construção de sistemas para o abastecimento de água tratada: reservatórios de distribuição, estações elevatórias de bombeamento, linhas principais de adução de longa e média distância e redes de distribuição de água; a construção de redes de coleta de esgoto, inclusive de interceptores, estações de tratamento de esgoto (ETE), estações de bombeamento de esgoto (EBE); a construção de galerias pluviais (obras de micro e macro drenagem). Esta classe compreende também: as obras de irrigação (canais); a manutenção de redes de abastecimento de água tratada; a manutenção de redes de coleta e de sistemas de tratamento de esgoto, conforme classificação 4222-7 do CNAE 2.0. Enquadra-se ainda a construção de estações de tratamento de água (ETA). | U13: Descrição: Para o tipo de obra “Construção e Manutenção de Estações e Redes de Distribuição de Energia Elétrica” enquadram-se: a construção de usinas, estações e subestações hidrelétricas, eólicas, nucleares, termoelétricas; a construção de redes de transmissão e distribuição de energia elétrica, inclusive o serviço de eletrificação rural. Esta subclasse compreende também: a construção de redes de eletrificação para ferrovias e metropolitano, conforme classificação 4221-9/02 do CNAE 2.0. Compreende ainda: a manutenção de redes de distribuição de energia elétrica, quando executada por empresa não-produtora ou distribuidora de energia elétrica, conforme classificação 4221-9/03 do CNAE 2.0. Enquadram-se também obras de iluminação pública e a construção de barragens e represas para geração de energia elétrica. | X13: Descrição: Para o tipo de obra “Portuárias, Marítimas e Fluviais” enquadram-se: as obras marítimas e fluviais, tais como, construção de instalações portuárias; construção de portos e marinas; construção de eclusas e canais de navegação (vias navegáveis); enrocamentos; obras de dragagem; aterro hidráulico; barragens, represas e diques, exceto para energia elétrica; a construção de emissários submarinos; a instalação de cabos submarinos, conforme classificação 4291-0 do CNAE 2.0. Enquadram-se também a construção de piers e outras obras com influência direta de cursos d’água.
A15: COMPOSIÇÃO (CONFORME ACÓRDÃO Nº 2.622/2013 - TCU - PLENÁRIO)
A16: Item | C16: Descrição | D16: Faixa referencial | G16: Adotado | H16: Critério | K16: FAIXA REFERENCIAL
D17: 1º quartil | E17: Médio | F17: 3º quartil | K17: Item | L17: 1º quartil | M17: Médio | N17: 3º quartil | O17: 1º quartil | P17: Médio | Q17: 3º quartil | R17: 1º quartil | S17: Médio | T17: 3º quartil | U17: 1º quartil | V17: Médio | W17: 3º quartil | X17: 1º quartil | Y17: Médio | Z17: 3º quartil
A18: AC | C18: Administração Central | D18: =IF($L$26=1,L18,IF($L$26=2,O18,IF($L$26=3,R18,IF($L$26=4,U18,IF($L$26=5,X18,"ERRO"))))) -> 0.038 | E18: =IF($L$26=1,M18,IF($L$26=2,P18,IF($L$26=3,S18,IF($L$26=4,V18,IF($L$26=5,Y18,"ERRO"))))) -> 0.0401 | F18: =IF($L$26=1,N18,IF($L$26=2,Q18,IF($L$26=3,T18,IF($L$26=4,W18,IF($L$26=5,Z18,"ERRO"))))) -> 0.0467 | G18: =D18 -> 0.038 | H18: Valor médio em atendimento ao Acórdão n. 2.622/2013–PL | K18: AC | L18: 0.03 | M18: 0.04 | N18: 0.055 | O18: 0.038 | P18: 0.0401 | Q18: 0.0467 | R18: 0.0343 | S18: 0.0493 | T18: 0.0671 | U18: 0.0529 | V18: 0.0592 | W18: 0.0793 | X18: 0.04 | Y18: 0.0552 | Z18: 0.0785
A19: S + G | C19: Seguro + Garantia | D19: =IF($L$26=1,L19,IF($L$26=2,O19,IF($L$26=3,R19,IF($L$26=4,U19,IF($L$26=5,X19,"ERRO"))))) -> 0.0032 | E19: =IF($L$26=1,M19,IF($L$26=2,P19,IF($L$26=3,S19,IF($L$26=4,V19,IF($L$26=5,Y19,"ERRO"))))) -> 0.004 | F19: =IF($L$26=1,N19,IF($L$26=2,Q19,IF($L$26=3,T19,IF($L$26=4,W19,IF($L$26=5,Z19,"ERRO"))))) -> 0.0074 | G19: =D19 -> 0.0032 | H19: Valor médio em atendimento ao Acórdão n. 2.622/2013–PL | K19: S + G | L19: 0.008 | M19: 0.008 | N19: 0.01 | O19: 0.0032 | P19: 0.004 | Q19: 0.0074 | R19: 0.0028 | S19: 0.0049 | T19: 0.0075 | U19: 0.0025 | V19: 0.0051 | W19: 0.0056 | X19: 0.0081 | Y19: 0.0122 | Z19: 0.0199
A20: R | C20: Risco | D20: =IF($L$26=1,L20,IF($L$26=2,O20,IF($L$26=3,R20,IF($L$26=4,U20,IF($L$26=5,X20,"ERRO"))))) -> 0.005 | E20: =IF($L$26=1,M20,IF($L$26=2,P20,IF($L$26=3,S20,IF($L$26=4,V20,IF($L$26=5,Y20,"ERRO"))))) -> 0.0056 | F20: =IF($L$26=1,N20,IF($L$26=2,Q20,IF($L$26=3,T20,IF($L$26=4,W20,IF($L$26=5,Z20,"ERRO"))))) -> 0.0097 | G20: =D20 -> 0.005 | H20: Valor médio por se tratar de obra em área e/ou prazo em condições normais de execução | K20: R | L20: 0.0097 | M20: 0.0127 | N20: 0.0127 | O20: 0.005 | P20: 0.0056 | Q20: 0.0097 | R20: 0.01 | S20: 0.0139 | T20: 0.0174 | U20: 0.01 | V20: 0.0148 | W20: 0.0197 | X20: 0.0146 | Y20: 0.0232 | Z20: 0.0316
A21: DF | C21: Despesas Financeiras | D21: =IF($L$26=1,L21,IF($L$26=2,O21,IF($L$26=3,R21,IF($L$26=4,U21,IF($L$26=5,X21,"ERRO"))))) -> 0.0102 | E21: =IF($L$26=1,M21,IF($L$26=2,P21,IF($L$26=3,S21,IF($L$26=4,V21,IF($L$26=5,Y21,"ERRO"))))) -> 0.0111 | F21: =IF($L$26=1,N21,IF($L$26=2,Q21,IF($L$26=3,T21,IF($L$26=4,W21,IF($L$26=5,Z21,"ERRO"))))) -> 0.0121 | G21: =D21 -> 0.0102 | H21: Valor médio em atendimento ao Acórdão n. 2.622/2013–PL | K21: DF | L21: 0.0059 | M21: 0.0123 | N21: 0.0139 | O21: 0.0102 | P21: 0.0111 | Q21: 0.0121 | R21: 0.0094 | S21: 0.0099 | T21: 0.0117 | U21: 0.0101 | V21: 0.0107 | W21: 0.0111 | X21: 0.0094 | Y21: 0.0102 | Z21: 0.0133
A22: L | C22: Lucro | D22: =IF($L$26=1,L22,IF($L$26=2,O22,IF($L$26=3,R22,IF($L$26=4,U22,IF($L$26=5,X22,"ERRO"))))) -> 0.0664 | E22: =IF($L$26=1,M22,IF($L$26=2,P22,IF($L$26=3,S22,IF($L$26=4,V22,IF($L$26=5,Y22,"ERRO"))))) -> 0.073 | F22: =IF($L$26=1,N22,IF($L$26=2,Q22,IF($L$26=3,T22,IF($L$26=4,W22,IF($L$26=5,Z22,"ERRO"))))) -> 0.0869 | G22: =D22 -> 0.0664 | H22: Valor médio em atendimento ao Acórdão n. 2.622/2013–PL | K22: L | L22: 0.0616 | M22: 0.074 | N22: 0.0896 | O22: 0.0664 | P22: 0.073 | Q22: 0.0869 | R22: 0.0674 | S22: 0.0804 | T22: 0.094 | U22: 0.08 | V22: 0.0831 | W22: 0.0951 | X22: 0.0714 | Y22: 0.084 | Z22: 0.1043
A23: I | B23: PIS | C23: Tributos | D23: =0.65/100 -> 0.0065 | E23: =0.65/100 -> 0.0065 | F23: =0.65/100 -> 0.0065 | G23: =E23 -> 0.0065 | H23: Contribuição para o Programa de Integração Social (PIS) definida pelo Decreto-Lei nº 2.445/88 e 2.449/88 | K23: Adm Local | L23: 0.0349 | M23: 0.0623 | N23: 0.0887 | O23: 0.0198 | P23: 0.0699 | Q23: 0.1068 | R23: 0.0413 | S23: 0.0764 | T23: 0.1089 | U23: 0.0185 | V23: 0.0505 | W23: 0.0745 | X23: 0.0623 | Y23: 0.0748 | Z23: 0.0909
B24: COFINS | D24: =3/100 -> 0.03 | E24: 0.03 | F24: 0.03 | G24: =E24 -> 0.03 | H24: Contribuição para o Financiamento da Seguridade Social (COFINS) definida pela Lei 9.718/98 | K24: TOTAL | L24: 0.2034 | M24: 0.2212 | N24: 0.25 | O24: 0.196 | P24: 0.2097 | Q24: 0.2423 | R24: 0.2076 | S24: 0.2418 | T24: 0.2644 | U24: 0.24 | V24: 0.2584 | W24: 0.2786 | X24: 0.228 | Y24: 0.2748 | Z24: 0.3095
B25: ISS | D25: =2/100 -> 0.02 | E25: 0.03 | F25: 0.05 | G25: 0.03 | H25: Imposto Sobre Serviços de Qualquer Natureza de acordo com o município.
B26: CPRB | D26: =4.5/100 -> 0.045 | E26: =4.5/100 -> 0.045 | F26: =4.5/100 -> 0.045 | G26: =E26 -> 0.045 | H26: Contribuição Previdenciária sobre a Receita Bruta para a opção de desoneração da folha de pagamento, definida pela Lei nº 12.546/11 | K26: TIPO | L26: 2 | O26: =IF($L$26=1,L11,IF($L$26=2,O11,IF($L$26=3,R11,IF($L$26=4,U11,IF($L$26=5,X11,"ERRO"))))) -> Construção de Rodovias e Ferrovias
A27: BDI SEM DESONERAÇÃO NA FOLHA DE PAGAMENTO | G27: =IF(ROUND((1+G18+G19+G20)*(1+G21)*(1+G22)/(1-(G23+G24+G25+G26))-1,4)<L28,"ABAIXO DE Q1",IF(ROUND((1+G18+G19+G20)*(1+G21)*(1+G22)/(1-(G23+G24+G25))-1,4)>N28,"ACIMA DE Q3",ROUND((1+G18+G19+G20)*(1+G21)*(1+G22)/(1-(G23+G24+G25))-1,4))) -> 0.2073 | H27: ="Faixa referencial conforme Acórdão n. 2.622/2013–PL: "&L28*100&"% a "&N28*100&"% (Sem Desoneração)" -> Faixa referencial conforme Acórdão n. 2.622/2013–PL: 19,6% a 24,23% (Sem Desoneração) | K27: Adm Local | L27: =IF($L$26=1,L23,IF($L$26=2,O23,IF($L$26=3,R23,IF($L$26=4,U23,IF($L$26=5,X23,"ERRO"))))) -> 0.0198 | M27: =IF($L$26=1,M23,IF($L$26=2,P23,IF($L$26=3,S23,IF($L$26=4,V23,IF($L$26=5,Y23,"ERRO"))))) -> 0.0699 | N27: =IF($L$26=1,N23,IF($L$26=2,Q23,IF($L$26=3,T23,IF($L$26=4,W23,IF($L$26=5,Z23,"ERRO"))))) -> 0.1068
A28: BDI COM DESONERAÇÃO NA FOLHA DE PAGAMENTO | G28: =ROUND((1+G18+G19+G20)*(1+G21)*(1+G22)/(1-(G23+G24+G25+G26))-1,4) -> 0.2685 | K28: BDI | L28: =IF($L$26=1,L24,IF($L$26=2,O24,IF($L$26=3,R24,IF($L$26=4,U24,IF($L$26=5,X24,"ERRO"))))) -> 0.196 | M28: =IF($L$26=1,M24,IF($L$26=2,P24,IF($L$26=3,S24,IF($L$26=4,V24,IF($L$26=5,Y24,"ERRO"))))) -> 0.2097 | N28: =IF($L$26=1,N24,IF($L$26=2,Q24,IF($L$26=3,T24,IF($L$26=4,W24,IF($L$26=5,Z24,"ERRO"))))) -> 0.2423 | O28: =N28-G27 -> 0.035
A30: FÓRMULA DE CÁLCULO DO BDI
A31: Apresentada no Acórdão 2.369/2013–PL
A36: CÁLCULO DA DESPESA FINANCEIRA
A38: Nº | B38: HISTÓRICO DA TAXA SELIC EM PERÍODO DE 12 MESES (% a.a.) | F38: [1]
A39: 1 | B39: NOVEMBRO /2023 | D39: 12.25
A40: 2 | B40: DEZEMBRO /2023 | D40: 12.25 | F40: sendo:
A41: 3 | B41: JANEIRO/2024 | D41: 11.75 | F41: DF - Despesa Financeira.
A42: 4 | B42: FEVEREIRO/2024 | D42: 11.25 | F42: TAXA SELIC - Taxa oficial de juros apurada no Sistema Especial de Liquidação e de Custódia (Selic).
A43: 5 | B43: MARÇO/2024 | D43: 11.25 | F43: DU - Média dos dias úteis decorridos entre a data média de desembolso e a efetivação do pagamento contratual.
A44: 6 | B44: ABRIL/2024 | D44: 10.75 | F44: ="DU adotado = " -> DU adotado = | H44: 22
A45: 7 | B45: MAIO/2024 | D45: 10.75 | F45: ="DF =" -> DF = | G45: =ROUND((1+D51/100)^(H44/252)/100,4) -> 0.0101
A46: 8 | B46: JUNHO 2024 | D46: 10.5
A47: 9 | B47: JULHO/2024 | D47: 10.5
A48: 10 | B48: AGOSTO/2024 | D48: 10.5
A49: 11 | B49: SETEMBRO/2024 | D49: 10.5
A50: 12 | B50: OUTUBRO/2024 | D50: 10.75
A51: ADOTADA | D51: =AVERAGE(D39:D50) -> 11.08
A52: Fonte: Banco Central do Brasil
H55: ='CLIENTE-OBJETO'!B15 -> DARIO NASCIMENTO
H56: ='CLIENTE-OBJETO'!B16 -> ENGENHEIRO CIVIL
H57: ='CLIENTE-OBJETO'!B17 -> CREA 5069979311
C65: OPÇÕES BDI
C67: AC
C68: Valor médio em atendimento ao Acórdão n. 2.622/2013–PL
C70: S + G
C71: Valor médio em atendimento ao Acórdão n. 2.622/2013–PL
C72: ="1º quartil devido à não previsão editalícia de Garantia Contratual, desta forma, exclui-se a correspondente parcela do BDI, conforme recomendação do Acórdão 325/2007–PL" -> 1º quartil devido à não previsão editalícia de Garantia Contratual, desta forma, exclui-se a correspondente parcela do BDI, conforme recomendação do Acórdão 325/2007–PL
C74: R
C75: Valor médio por se tratar de obra em área e/ou prazo em condições normais de execução
C76: 1º Quartil por se tratar de obra simples, em condições favoráveis, com execução em rítmo adequado
C77: 3º Quartil por se tratar de obra complexa, em condições adversas, com execução em rítmo acelerado, em áreas restritas
C79: DF
C80: Valor médio em atendimento ao Acórdão n. 2.622/2013–PL
C81: Fórmula proposta no Acórdão n. 2.369/2011–PL [1]
C83: L
C84: Valor médio em atendimento ao Acórdão n. 2.622/2013–PL

Sheet CURVA ABC
I1: =SUM(I3:I91) -> #N/A | J1: =RESUMO!E26 -> 1038925.4 | O1: =J1-I1 -> #N/A
B2: ITEM | C2: FONTE | D2: CÓDIGO | E2: DESCRIÇÃO | F2: UNID. | G2: QUANT. | H2: R$ UNIT. C/ BDI | I2: R$ TOTAL | K2: % INDIVIDUAL | L2: % ACUMULADA | M2: CLASSIFICAÇÃO
B3: 5003 | C3: CDHU | D3: 54.01.210 | E3: =VLOOKUP($B3,'Plan. Orçamentária'!$D$17:$L$1570,4,FALSE) -> Base de brita graduada | F3: =VLOOKUP($B3,'Plan. Orçamentária'!$D$17:$L$1517,5,FALSE) -> M3 | G3: =SUMIF('Plan. Orçamentária'!$F$17:$F$1517,D3,'Plan. Orçamentária'!$I$17:$I$1517) -> 656 | H3: =IF(D3<>0,INDEX('Plan. Orçamentária'!$F$17:$K$1517,MATCH(D3,'Plan. Orçamentária'!$F$17:$F$1517,0),6),0) -> 327.59 | I3: =ROUND(ROUND(G3,2)*ROUND(H3,2),2) -> 214899.04 | K3: =I3/$I$1 -> #N/A | L3: =K3 -> #N/A | M3: =IF(L3<=80%,"A",IF(L3<=95%,"B","C")) -> #N/A
B4: 5006 | C4: CDHU | D4: 54.03.210 | E4: =VLOOKUP($B4,'Plan. Orçamentária'!$D$17:$L$1570,4,FALSE) -> Camada de rolamento em concreto betuminoso usinado quente - CBUQ | F4: =VLOOKUP($B4,'Plan. Orçamentária'!$D$17:$L$1517,5,FALSE) -> M3 | G4: =SUMIF('Plan. Orçamentária'!$F$17:$F$1517,D4,'Plan. Orçamentária'!$I$17:$I$1517) -> 104.96 | H4: =IF(D4<>0,INDEX('Plan. Orçamentária'!$F$17:$K$1517,MATCH(D4,'Plan. Orçamentária'!$F$17:$F$1517,0),6),0) -> 1911.63 | I4: =ROUND(ROUND(G4,2)*ROUND(H4,2),2) -> 200644.68 | K4: =I4/$I$1 -> #N/A | L4: =K4+L3 -> #N/A | M4: =IF(L4<=80%,"A",IF(L4<=95%,"B","C")) -> #N/A
B5: 6003 | C5: CDHU | D5: 11.01.260 | E5: =VLOOKUP($B5,'Plan. Orçamentária'!$D$17:$L$1570,4,FALSE) -> Concreto usinado, fck = 20 MPa - para bombeamento | F5: =VLOOKUP($B5,'Plan. Orçamentária'!$D$17:$L$1517,5,FALSE) -> M3 | G5: =SUMIF('Plan. Orçamentária'!$F$17:$F$1517,D5,'Plan. Orçamentária'!$I$17:$I$1517) -> 149.44 | H5: =IF(D5<>0,INDEX('Plan. Orçamentária'!$F$17:$K$1517,MATCH(D5,'Plan. Orçamentária'!$F$17:$F$1517,0),6),0) -> 655.68 | I5: =ROUND(ROUND(G5,2)*ROUND(H5,2),2) -> 97984.82 | K5: =I5/$I$1 -> #N/A | L5: =K5+L4 -> #N/A | M5: =IF(L5<=80%,"A",IF(L5<=95%,"B","C")) -> #N/A
B6: 7002 | C6: CDHU | D6: 70.02.014 | E6: =VLOOKUP($B6,'Plan. Orçamentária'!$D$17:$L$1570,4,FALSE) -> Sinalização horizontal em massa termoplástica à quente por aspersão, espessura de 1,5 mm, para faixas | F6: =VLOOKUP($B6,'Plan. Orçamentária'!$D$17:$L$1517,5,FALSE) -> M2 | G6: =SUMIF('Plan. Orçamentária'!$F$17:$F$1517,D6,'Plan. Orçamentária'!$I$17:$I$1517) -> 0 | H6: =IF(D6<>0,INDEX('Plan. Orçamentária'!$F$17:$K$1517,MATCH(D6,'Plan. Orçamentária'!$F$17:$F$1517,0),6),0) -> 102.45 | I6: =ROUND(ROUND(G6,2)*ROUND(H6,2),2) -> 0 | K6: =I6/$I$1 -> #N/A | L6: =K6+L5 -> #N/A | M6: =IF(L6<=80%,"A",IF(L6<=95%,"B","C")) -> #N/A
B7: 6001 | C7: CDHU | D7: 54.06.151 | E7: =VLOOKUP($B7,'Plan. Orçamentária'!$D$17:$L$1570,4,FALSE) -> Execução de perfil extrusado no local, sem concreto | F7: =VLOOKUP($B7,'Plan. Orçamentária'!$D$17:$L$1517,5,FALSE) -> M3 | G7: =SUMIF('Plan. Orçamentária'!$F$17:$F$1517,D7,'Plan. Orçamentária'!$I$17:$I$1517) -> 149.44 | H7: =IF(D7<>0,INDEX('Plan. Orçamentária'!$F$17:$K$1517,MATCH(D7,'Plan. Orçamentária'!$F$17:$F$1517,0),6),0) -> 539.12 | I7: =ROUND(ROUND(G7,2)*ROUND(H7,2),2) -> 80566.09 | K7: =I7/$I$1 -> #N/A | L7: =K7+L6 -> #N/A | M7: =IF(L7<=80%,"A",IF(L7<=95%,"B","C")) -> #N/A
B8: 6002 | C8: CDHU | D8: 54.06.100 | E8: =VLOOKUP($B8,'Plan. Orçamentária'!$D$17:$L$1570,4,FALSE) -> Base em concreto com fck de 20 MPa, para guias, sarjetas ou sarjetões | F8: =VLOOKUP($B8,'Plan. Orçamentária'!$D$17:$L$1517,5,FALSE) -> M3 | G8: =SUMIF('Plan. Orçamentária'!$F$17:$F$1517,D8,'Plan. Orçamentária'!$I$17:$I$1517) -> 88.02 | H8: =IF(D8<>0,INDEX('Plan. Orçamentária'!$F$17:$K$1517,MATCH(D8,'Plan. Orçamentária'!$F$17:$F$1517,0),6),0) -> 728.38 | I8: =ROUND(ROUND(G8,2)*ROUND(H8,2),2) -> 64112.01 | K8: =I8/$I$1 -> #N/A | L8: =K8+L7 -> #N/A | M8: =IF(L8<=80%,"A",IF(L8<=95%,"B","C")) -> #N/A
B9: 10001 | C9: SIURB (I) | D9: 3053018 | E9: =VLOOKUP($B9,'Plan. Orçamentária'!$D$17:$L$1570,4,FALSE) -> PROJETO EXECUTIVO (PRANCHA A1) | F9: =VLOOKUP($B9,'Plan. Orçamentária'!$D$17:$L$1517,5,FALSE) -> UN | G9: =SUMIF('Plan. Orçamentária'!$F$17:$F$1517,D9,'Plan. Orçamentária'!$I$17:$I$1517) -> 0 | H9: =IF(D9<>0,INDEX('Plan. Orçamentária'!$F$17:$K$1517,MATCH(D9,'Plan. Orçamentária'!$F$17:$F$1517,0),6),0) -> 6573.8 | I9: =ROUND(ROUND(G9,2)*ROUND(H9,2),2) -> 0 | K9: =I9/$I$1 -> #N/A | L9: =K9+L8 -> #N/A | M9: =IF(L9<=80%,"A",IF(L9<=95%,"B","C")) -> #N/A
B10: 5011 | C10: CDHU | D10: 08.05.180 | E10: =VLOOKUP($B10,'Plan. Orçamentária'!$D$17:$L$1570,4,FALSE) -> Manta geotêxtil com resistência à tração longitudinal de 10kN/m e transversal de 9kN/m | F10: =VLOOKUP($B10,'Plan. Orçamentária'!$D$17:$L$1517,5,FALSE) -> M2 | G10: =SUMIF('Plan. Orçamentária'!$F$17:$F$1517,D10,'Plan. Orçamentária'!$I$17:$I$1517) -> 1711.5 | H10: =IF(D10<>0,INDEX('Plan. Orçamentária'!$F$17:$K$1517,MATCH(D10,'Plan. Orçamentária'!$F$17:$F$1517,0),6),0) -> 26.51 | I10: =ROUND(ROUND(G10,2)*ROUND(H10,2),2) -> 45371.87 | K10: =I10/$I$1 -> #N/A | L10: =K10+L9 -> #N/A | M10: =IF(L10<=80%,"A",IF(L10<=95%,"B","C")) -> #N/A
B11: 4005 | C11: CDHU | D11: 05.09.007 | E11: =VLOOKUP($B11,'Plan. Orçamentária'!$D$17:$L$1570,4,FALSE) -> Taxa de destinação de resíduo sólido em aterro, tipo solo/terra | F11: =VLOOKUP($B11,'Plan. Orçamentária'!$D$17:$L$1517,5,FALSE) -> M3 | G11: =SUMIF('Plan. Orçamentária'!$F$17:$F$1517,D11,'Plan. Orçamentária'!$I$17:$I$1517) -> 1177.07 | H11: =IF(D11<>0,INDEX('Plan. Orçamentária'!$F$17:$K$1517,MATCH(D11,'Plan. Orçamentária'!$F$17:$F$1517,0),6),0) -> 37.03 | I11: =ROUND(ROUND(G11,2)*ROUND(H11,2),2) -> 43586.9 | K11: =I11/$I$1 -> #N/A | L11: =K11+L10 -> #N/A | M11: =IF(L11<=80%,"A",IF(L11<=95%,"B","C")) -> #N/A
B12: 5004 | C12: CDHU | D12: 54.03.240 | E12: =VLOOKUP($B12,'Plan. Orçamentária'!$D$17:$L$1570,4,FALSE) -> Imprimação betuminosa impermeabilizante | F12: =VLOOKUP($B12,'Plan. Orçamentária'!$D$17:$L$1517,5,FALSE) -> M2 | G12: =SUMIF('Plan. Orçamentária'!$F$17:$F$1517,D12,'Plan. Orçamentária'!$I$17:$I$1517) -> 2624 | H12: =IF(D12<>0,INDEX('Plan. Orçamentária'!$F$17:$K$1517,MATCH(D12,'Plan. Orçamentária'!$F$17:$F$1517,0),6),0) -> 16.54 | I12: =ROUND(ROUND(G12,2)*ROUND(H12,2),2) -> 43400.96 | K12: =I12/$I$1 -> #N/A | L12: =K12+L11 -> #N/A | M12: =IF(L12<=80%,"A",IF(L12<=95%,"B","C")) -> #N/A
B13: 3001 | C13: CDHU | D13: 01.27.091 | E13: =VLOOKUP($B13,'Plan. Orçamentária'!$D$17:$L$1570,4,FALSE) -> Estudo de impacto de vizinhança, em área urbana até 10.000 m² | F13: =VLOOKUP($B13,'Plan. Orçamentária'!$D$17:$L$1517,5,FALSE) -> UN | G13: =SUMIF('Plan. Orçamentária'!$F$17:$F$1517,D13,'Plan. Orçamentária'!$I$17:$I$1517) -> 0 | H13: =IF(D13<>0,INDEX('Plan. Orçamentária'!$F$17:$K$1517,MATCH(D13,'Plan. Orçamentária'!$F$17:$F$1517,0),6),0) -> 40602.86 | I13: =ROUND(ROUND(G13,2)*ROUND(H13,2),2) -> 0 | K13: =I13/$I$1 -> #N/A | L13: =K13+L12 -> #N/A | M13: =IF(L13<=80%,"A",IF(L13<=95%,"B","C")) -> #N/A
B14: 6004 | C14: CDHU | D14: 11.16.080 | E14: =VLOOKUP($B14,'Plan. Orçamentária'!$D$17:$L$1570,4,FALSE) -> Lançamento e adensamento de concreto ou massa por bombeamento | F14: =VLOOKUP($B14,'Plan. Orçamentária'!$D$17:$L$1517,5,FALSE) -> M3 | G14: =SUMIF('Plan. Orçamentária'!$F$17:$F$1517,D14,'Plan. Orçamentária'!$I$17:$I$1517) -> 237.46 | H14: =IF(D14<>0,INDEX('Plan. Orçamentária'!$F$17:$K$1517,MATCH(D14,'Plan. Orçamentária'!$F$17:$F$1517,0),6),0) -> 161.38 | I14: =ROUND(ROUND(G14,2)*ROUND(H14,2),2) -> 38321.29 | K14: =I14/$I$1 -> #N/A | L14: =K14+L13 -> #N/A | M14: =IF(L14<=80%,"A",IF(L14<=95%,"B","C")) -> #N/A
B15: 5012 | C15: CDHU | D15: 08.05.100 | E15: =VLOOKUP($B15,'Plan. Orçamentária'!$D$17:$L$1570,4,FALSE) -> Dreno com pedra britada | F15: =VLOOKUP($B15,'Plan. Orçamentária'!$D$17:$L$1517,5,FALSE) -> M3 | G15: =SUMIF('Plan. Orçamentária'!$F$17:$F$1517,D15,'Plan. Orçamentária'!$I$17:$I$1517) -> 156.48 | H15: =IF(D15<>0,INDEX('Plan. Orçamentária'!$F$17:$K$1517,MATCH(D15,'Plan. Orçamentária'!$F$17:$F$1517,0),6),0) -> 212.38 | I15: =ROUND(ROUND(G15,2)*ROUND(H15,2),2) -> 33233.22 | K15: =I15/$I$1 -> #N/A | L15: =K15+L14 -> #N/A | M15: =IF(L15<=80%,"A",IF(L15<=95%,"B","C")) -> #N/A
B16: 5002 | C16: CDHU | D16: 54.01.050 | E16: =VLOOKUP($B16,'Plan. Orçamentária'!$D$17:$L$1570,4,FALSE) -> Compactação do subleito mínimo de 95% do PN | F16: =VLOOKUP($B16,'Plan. Orçamentária'!$D$17:$L$1517,5,FALSE) -> M3 | G16: =SUMIF('Plan. Orçamentária'!$F$17:$F$1517,D16,'Plan. Orçamentária'!$I$17:$I$1517) -> 1049.6 | H16: =IF(D16<>0,INDEX('Plan. Orçamentária'!$F$17:$K$1517,MATCH(D16,'Plan. Orçamentária'!$F$17:$F$1517,0),6),0) -> 26.07 | I16: =ROUND(ROUND(G16,2)*ROUND(H16,2),2) -> 27363.07 | K16: =I16/$I$1 -> #N/A | L16: =K16+L15 -> #N/A | M16: =IF(L16<=80%,"A",IF(L16<=95%,"B","C")) -> #N/A
B17: 5007 | C17: CDHU | D17: 06.01.020 | E17: =VLOOKUP($B17,'Plan. Orçamentária'!$D$17:$L$1570,4,FALSE) -> Escavação manual em solo de 1ª e 2ª categoria em campo aberto | F17: =VLOOKUP($B17,'Plan. Orçamentária'!$D$17:$L$1517,5,FALSE) -> M3 | G17: =SUMIF('Plan. Orçamentária'!$F$17:$F$1517,D17,'Plan. Orçamentária'!$I$17:$I$1517) -> 391.2 | H17: =IF(D17<>0,INDEX('Plan. Orçamentária'!$F$17:$K$1517,MATCH(D17,'Plan. Orçamentária'!$F$17:$F$1517,0),6),0) -> 68.55 | I17: =ROUND(ROUND(G17,2)*ROUND(H17,2),2) -> 26816.76 | K17: =I17/$I$1 -> #N/A | L17: =K17+L16 -> #N/A | M17: =IF(L17<=80%,"A",IF(L17<=95%,"B","C")) -> #N/A
B18: 4003 | C18: CDHU | D18: 05.10.023 | E18: =VLOOKUP($B18,'Plan. Orçamentária'!$D$17:$L$1570,4,FALSE) -> Transporte de solo de 1ª e 2ª categoria por caminhão para distâncias superiores ao 5° km até o 10° km | F18: =VLOOKUP($B18,'Plan. Orçamentária'!$D$17:$L$1517,5,FALSE) -> M3 | G18: =SUMIF('Plan. Orçamentária'!$F$17:$F$1517,D18,'Plan. Orçamentária'!$I$17:$I$1517) -> 905.44 | H18: =IF(D18<>0,INDEX('Plan. Orçamentária'!$F$17:$K$1517,MATCH(D18,'Plan. Orçamentária'!$F$17:$F$1517,0),6),0) -> 23.63 | I18: =ROUND(ROUND(G18,2)*ROUND(H18,2),2) -> 21395.55 | K18: =I18/$I$1 -> #N/A | L18: =K18+L17 -> #N/A | M18: =IF(L18<=80%,"A",IF(L18<=95%,"B","C")) -> #N/A
B19: 5005 | C19: CDHU | D19: 54.03.230 | E19: =VLOOKUP($B19,'Plan. Orçamentária'!$D$17:$L$1570,4,FALSE) -> Imprimação betuminosa ligante | F19: =VLOOKUP($B19,'Plan. Orçamentária'!$D$17:$L$1517,5,FALSE) -> M2 | G19: =SUMIF('Plan. Orçamentária'!$F$17:$F$1517,D19,'Plan. Orçamentária'!$I$17:$I$1517) -> 2624 | H19: =IF(D19<>0,INDEX('Plan. Orçamentária'!$F$17:$K$1517,MATCH(D19,'Plan. Orçamentária'!$F$17:$F$1517,0),6),0) -> 8.05 | I19: =ROUND(ROUND(G19,2)*ROUND(H19,2),2) -> 21123.2 | K19: =I19/$I$1 -> #N/A | L19: =K19+L18 -> #N/A | M19: =IF(L19<=80%,"A",IF(L19<=95%,"B","C")) -> #N/A
B20: 1003 | C20: SINAPI | D20: 100289 | E20: =VLOOKUP($B20,'Plan. Orçamentária'!$D$17:$L$1570,4,FALSE) -> VIGIA DIURNO COM ENCARGOS COMPLEMENTARES | F20: =VLOOKUP($B20,'Plan. Orçamentária'!$D$17:$L$1517,5,FALSE) -> H | G20: =SUMIF('Plan. Orçamentária'!$F$17:$F$1517,D20,'Plan. Orçamentária'!$I$17:$I$1517) -> 0 | H20: =IF(D20<>0,INDEX('Plan. Orçamentária'!$F$17:$K$1517,MATCH(D20,'Plan. Orçamentária'!$F$17:$F$1517,0),6),0) -> 39.78 | I20: =ROUND(ROUND(G20,2)*ROUND(H20,2),2) -> 0 | K20: =I20/$I$1 -> #N/A | L20: =K20+L19 -> #N/A | M20: =IF(L20<=80%,"A",IF(L20<=95%,"B","C")) -> #N/A
B21: 2005 | C21: CDHU | D21: 02.03.120 | E21: =VLOOKUP($B21,'Plan. Orçamentária'!$D$17:$L$1570,4,FALSE) -> Tapume fixo para fechamento de áreas, com portão | F21: =VLOOKUP($B21,'Plan. Orçamentária'!$D$17:$L$1517,5,FALSE) -> M2 | G21: =SUMIF('Plan. Orçamentária'!$F$17:$F$1517,D21,'Plan. Orçamentária'!$I$17:$I$1517) -> 0 | H21: =IF(D21<>0,INDEX('Plan. Orçamentária'!$F$17:$K$1517,MATCH(D21,'Plan. Orçamentária'!$F$17:$F$1517,0),6),0) -> 138.56 | I21: =ROUND(ROUND(G21,2)*ROUND(H21,2),2) -> 0 | K21: =I21/$I$1 -> #N/A | L21: =K21+L20 -> #N/A | M21: =IF(L21<=80%,"A",IF(L21<=95%,"B","C")) -> #N/A
B22: 4001 | C22: CDHU | D22: 07.01.020 | E22: =VLOOKUP($B22,'Plan. Orçamentária'!$D$17:$L$1570,4,FALSE) -> Escavação e carga mecanizada em solo de 1ª categoria, em campo aberto | F22: =VLOOKUP($B22,'Plan. Orçamentária'!$D$17:$L$1517,5,FALSE) -> M3 | G22: =SUMIF('Plan. Orçamentária'!$F$17:$F$1517,D22,'Plan. Orçamentária'!$I$17:$I$1517) -> 875.15 | H22: =IF(D22<>0,INDEX('Plan. Orçamentária'!$F$17:$K$1517,MATCH(D22,'Plan. Orçamentária'!$F$17:$F$1517,0),6),0) -> 20.27 | I22: =ROUND(ROUND(G22,2)*ROUND(H22,2),2) -> 17739.29 | K22: =I22/$I$1 -> #N/A | L22: =K22+L21 -> #N/A | M22: =IF(L22<=80%,"A",IF(L22<=95%,"B","C")) -> #N/A
B23: 5013 | C23: CDHU | D23: 46.13.020 | E23: =VLOOKUP($B23,'Plan. Orçamentária'!$D$17:$L$1570,4,FALSE) -> Tubo em polietileno de alta densidade corrugado perfurado, DN= 4´, inclusive conexões | F23: =VLOOKUP($B23,'Plan. Orçamentária'!$D$17:$L$1517,5,FALSE) -> M | G23: =SUMIF('Plan. Orçamentária'!$F$17:$F$1517,D23,'Plan. Orçamentária'!$I$17:$I$1517) -> 978 | H23: =IF(D23<>0,INDEX('Plan. Orçamentária'!$F$17:$K$1517,MATCH(D23,'Plan. Orçamentária'!$F$17:$F$1517,0),6),0) -> 15.42 | I23: =ROUND(ROUND(G23,2)*ROUND(H23,2),2) -> 15080.76 | K23: =I23/$I$1 -> #N/A | L23: =K23+L22 -> #N/A | M23: =IF(L23<=80%,"A",IF(L23<=95%,"B","C")) -> #N/A
B24: 1002 | C24: SINAPI | D24: 100309 | E24: =VLOOKUP($B24,'Plan. Orçamentária'!$D$17:$L$1570,4,FALSE) -> TÉCNICO EM SEGURANÇA DO TRABALHO COM ENCARGOS COMPLEMENTARES | F24: =VLOOKUP($B24,'Plan. Orçamentária'!$D$17:$L$1517,5,FALSE) -> H | G24: =SUMIF('Plan. Orçamentária'!$F$17:$F$1517,D24,'Plan. Orçamentária'!$I$17:$I$1517) -> 0 | H24: =IF(D24<>0,INDEX('Plan. Orçamentária'!$F$17:$K$1517,MATCH(D24,'Plan. Orçamentária'!$F$17:$F$1517,0),6),0) -> 93.12 | I24: =ROUND(ROUND(G24,2)*ROUND(H24,2),2) -> 0 | K24: =I24/$I$1 -> #N/A | L24: =K24+L23 -> #N/A | M24: =IF(L24<=80%,"A",IF(L24<=95%,"B","C")) -> #N/A
B25: 2003 | C25: CDHU | D25: 02.02.130 | E25: =VLOOKUP($B25,'Plan. Orçamentária'!$D$17:$L$1570,4,FALSE) -> Locação de container tipo escritório com 1 vaso sanitário, 1 lavatório e 1 ponto para chuveiro - área mínima de 13,80 m² | F25: =VLOOKUP($B25,'Plan. Orçamentária'!$D$17:$L$1517,5,FALSE) -> UNMES | G25: =SUMIF('Plan. Orçamentária'!$F$17:$F$1517,D25,'Plan. Orçamentária'!$I$17:$I$1517) -> 0 | H25: =IF(D25<>0,INDEX('Plan. Orçamentária'!$F$17:$K$1517,MATCH(D25,'Plan. Orçamentária'!$F$17:$F$1517,0),6),0) -> 1892.62 | I25: =ROUND(ROUND(G25,2)*ROUND(H25,2),2) -> 0 | K25: =I25/$I$1 -> #N/A | L25: =K25+L24 -> #N/A | M25: =IF(L25<=80%,"A",IF(L25<=95%,"B","C")) -> #N/A
B26: 2002 | C26: CDHU | D26: 02.02.140 | E26: =VLOOKUP($B26,'Plan. Orçamentária'!$D$17:$L$1570,4,FALSE) -> Locação de container tipo sanitário com 2 vasos sanitários, 2 lavatórios, 2 mictórios e 4 pontos para chuveiro - área mínima de 13,80 m² | F26: =VLOOKUP($B26,'Plan. Orçamentária'!$D$17:$L$1517,5,FALSE) -> UNMES | G26: =SUMIF('Plan. Orçamentária'!$F$17:$F$1517,D26,'Plan. Orçamentária'!$I$17:$I$1517) -> 0 | H26: =IF(D26<>0,INDEX('Plan. Orçamentária'!$F$17:$K$1517,MATCH(D26,'Plan. Orçamentária'!$F$17:$F$1517,0),6),0) -> 1760.87 | I26: =ROUND(ROUND(G26,2)*ROUND(H26,2),2) -> 0 | K26: =I26/$I$1 -> #N/A | L26: =K26+L25 -> #N/A | M26: =IF(L26<=80%,"A",IF(L26<=95%,"B","C")) -> #N/A
B27: 1001 | C27: SINAPI | D27: 90778 | E27: =VLOOKUP($B27,'Plan. Orçamentária'!$D$17:$L$1570,4,FALSE) -> ENGENHEIRO CIVIL DE OBRA PLENO COM ENCARGOS COMPLEMENTARES | F27: =VLOOKUP($B27,'Plan. Orçamentária'!$D$17:$L$1517,5,FALSE) -> H | G27: =SUMIF('Plan. Orçamentária'!$F$17:$F$1517,D27,'Plan. Orçamentária'!$I$17:$I$1517) -> 0 | H27: =IF(D27<>0,INDEX('Plan. Orçamentária'!$F$17:$K$1517,MATCH(D27,'Plan. Orçamentária'!$F$17:$F$1517,0),6),0) -> 160.24 | I27: =ROUND(ROUND(G27,2)*ROUND(H27,2),2) -> 0 | K27: =I27/$I$1 -> #N/A | L27: =K27+L26 -> #N/A | M27: =IF(L27<=80%,"A",IF(L27<=95%,"B","C")) -> #N/A
B28: 9001 | C28: SIURB (I) | D28: 2006021 | E28: =VLOOKUP($B28,'Plan. Orçamentária'!$D$17:$L$1570,4,FALSE) -> ENSAIOS DE LABORATÓRIO - DOSAGEM MARSHALL, GRANULOMETRIA, TEOR DE ASFALTO, ESTABILIDADE E FLUÊNCIA | F28: =VLOOKUP($B28,'Plan. Orçamentária'!$D$17:$L$1517,5,FALSE) -> ENS. | G28: =SUMIF('Plan. Orçamentária'!$F$17:$F$1517,D28,'Plan. Orçamentária'!$I$17:$I$1517) -> 0 | H28: =IF(D28<>0,INDEX('Plan. Orçamentária'!$F$17:$K$1517,MATCH(D28,'Plan. Orçamentária'!$F$17:$F$1517,0),6),0) -> 3230.86 | I28: =ROUND(ROUND(G28,2)*ROUND(H28,2),2) -> 0 | K28: =I28/$I$1 -> #N/A | L28: =K28+L27 -> #N/A | M28: =IF(L28<=80%,"A",IF(L28<=95%,"B","C")) -> #N/A
B29: 2001 | C29: CDHU | D29: 02.02.150 | E29: =VLOOKUP($B29,'Plan. Orçamentária'!$D$17:$L$1570,4,FALSE) -> Locação de container tipo depósito - área mínima de 13,80 m² | F29: =VLOOKUP($B29,'Plan. Orçamentária'!$D$17:$L$1517,5,FALSE) -> UNMES | G29: =SUMIF('Plan. Orçamentária'!$F$17:$F$1517,D29,'Plan. Orçamentária'!$I$17:$I$1517) -> 0 | H29: =IF(D29<>0,INDEX('Plan. Orçamentária'!$F$17:$K$1517,MATCH(D29,'Plan. Orçamentária'!$F$17:$F$1517,0),6),0) -> 1162.07 | I29: =ROUND(ROUND(G29,2)*ROUND(H29,2),2) -> 0 | K29: =I29/$I$1 -> #N/A | L29: =K29+L28 -> #N/A | M29: =IF(L29<=80%,"A",IF(L29<=95%,"B","C")) -> #N/A
B30: 2004 | C30: CDHU | D30: 02.02.160 | E30: =VLOOKUP($B30,'Plan. Orçamentária'!$D$17:$L$1570,4,FALSE) -> Locação de container tipo guarita - área mínima de 4,60 m² | F30: =VLOOKUP($B30,'Plan. Orçamentária'!$D$17:$L$1517,5,FALSE) -> UNMES | G30: =SUMIF('Plan. Orçamentária'!$F$17:$F$1517,D30,'Plan. Orçamentária'!$I$17:$I$1517) -> 0 | H30: =IF(D30<>0,INDEX('Plan. Orçamentária'!$F$17:$K$1517,MATCH(D30,'Plan. Orçamentária'!$F$17:$F$1517,0),6),0) -> 1149 | I30: =ROUND(ROUND(G30,2)*ROUND(H30,2),2) -> 0 | K30: =I30/$I$1 -> #N/A | L30: =K30+L29 -> #N/A | M30: =IF(L30<=80%,"A",IF(L30<=95%,"B","C")) -> #N/A
B31: 2008 | C31: CDHU | D31: 02.08.020 | E31: =VLOOKUP($B31,'Plan. Orçamentária'!$D$17:$L$1570,4,FALSE) -> Placa de identificação para obra | F31: =VLOOKUP($B31,'Plan. Orçamentária'!$D$17:$L$1517,5,FALSE) -> M2 | G31: =SUMIF('Plan. Orçamentária'!$F$17:$F$1517,D31,'Plan. Orçamentária'!$I$17:$I$1517) -> 6 | H31: =IF(D31<>0,INDEX('Plan. Orçamentária'!$F$17:$K$1517,MATCH(D31,'Plan. Orçamentária'!$F$17:$F$1517,0),6),0) -> 1143.64 | I31: =ROUND(ROUND(G31,2)*ROUND(H31,2),2) -> 6861.84 | K31: =I31/$I$1 -> #N/A | L31: =K31+L30 -> #N/A | M31: =IF(L31<=80%,"A",IF(L31<=95%,"B","C")) -> #N/A
B32: 7001 | C32: CDHU | D32: 70.02.017 | E32: =VLOOKUP($B32,'Plan. Orçamentária'!$D$17:$L$1570,4,FALSE) -> Sinalização horizontal em massa termoplástica à quente por extrusão, espessura de 3,0 mm, para legendas | F32: =VLOOKUP($B32,'Plan. Orçamentária'!$D$17:$L$1517,5,FALSE) -> M2 | G32: =SUMIF('Plan. Orçamentária'!$F$17:$F$1517,D32,'Plan. Orçamentária'!$I$17:$I$1517) -> 0 | H32: =IF(D32<>0,INDEX('Plan. Orçamentária'!$F$17:$K$1517,MATCH(D32,'Plan. Orçamentária'!$F$17:$F$1517,0),6),0) -> 162.18 | I32: =ROUND(ROUND(G32,2)*ROUND(H32,2),2) -> 0 | K32: =I32/$I$1 -> #N/A | L32: =K32+L31 -> #N/A | M32: =IF(L32<=80%,"A",IF(L32<=95%,"B","C")) -> #N/A
B33: 7003 | C33: CDHU | D33: 70.03.006 | E33: =VLOOKUP($B33,'Plan. Orçamentária'!$D$17:$L$1570,4,FALSE) -> Placa para sinalização viária em chapa de alumínio, totalmente refletiva com película IA/IA - área até 2,0 m² | F33: =VLOOKUP($B33,'Plan. Orçamentária'!$D$17:$L$1517,5,FALSE) -> M2 | G33: =SUMIF('Plan. Orçamentária'!$F$17:$F$1517,D33,'Plan. Orçamentária'!$I$17:$I$1517) -> 3 | H33: =IF(D33<>0,INDEX('Plan. Orçamentária'!$F$17:$K$1517,MATCH(D33,'Plan. Orçamentária'!$F$17:$F$1517,0),6),0) -> 2224.61 | I33: =ROUND(ROUND(G33,2)*ROUND(H33,2),2) -> 6673.83 | K33: =I33/$I$1 -> #N/A | L33: =K33+L32 -> #N/A | M33: =IF(L33<=80%,"A",IF(L33<=95%,"B","C")) -> #N/A
B34: 4004 | C34: CDHU | D34: 07.10.020 | E34: =VLOOKUP($B34,'Plan. Orçamentária'!$D$17:$L$1570,4,FALSE) -> Espalhamento de solo em bota-fora com compactação sem controle | F34: =VLOOKUP($B34,'Plan. Orçamentária'!$D$17:$L$1517,5,FALSE) -> M3 | G34: =SUMIF('Plan. Orçamentária'!$F$17:$F$1517,D34,'Plan. Orçamentária'!$I$17:$I$1517) -> 905.44 | H34: =IF(D34<>0,INDEX('Plan. Orçamentária'!$F$17:$K$1517,MATCH(D34,'Plan. Orçamentária'!$F$17:$F$1517,0),6),0) -> 6.75 | I34: =ROUND(ROUND(G34,2)*ROUND(H34,2),2) -> 6111.72 | K34: =I34/$I$1 -> #N/A | L34: =K34+L33 -> #N/A | M34: =IF(L34<=80%,"A",IF(L34<=95%,"B","C")) -> #N/A
B35: 5001 | C35: CDHU | D35: 02.10.060 | E35: =VLOOKUP($B35,'Plan. Orçamentária'!$D$17:$L$1570,4,FALSE) -> Locação de vias, calçadas, tanques e lagoas | F35: =VLOOKUP($B35,'Plan. Orçamentária'!$D$17:$L$1517,5,FALSE) -> M2 | G35: =SUMIF('Plan. Orçamentária'!$F$17:$F$1517,D35,'Plan. Orçamentária'!$I$17:$I$1517) -> 2624 | H35: =IF(D35<>0,INDEX('Plan. Orçamentária'!$F$17:$K$1517,MATCH(D35,'Plan. Orçamentária'!$F$17:$F$1517,0),6),0) -> 2.27 | I35: =ROUND(ROUND(G35,2)*ROUND(H35,2),2) -> 5956.48 | K35: =I35/$I$1 -> #N/A | L35: =K35+L34 -> #N/A | M35: =IF(L35<=80%,"A",IF(L35<=95%,"B","C")) -> #N/A
B36: 2007 | C36: SIURB (E) | D36: 1005006 | E36: =VLOOKUP($B36,'Plan. Orçamentária'!$D$17:$L$1570,4,FALSE) -> Banheiro químico modelo Standard, com manutenção conforme exigências da CETESB | F36: =VLOOKUP($B36,'Plan. Orçamentária'!$D$17:$L$1517,5,FALSE) -> UNMES | G36: =SUMIF('Plan. Orçamentária'!$F$17:$F$1517,D36,'Plan. Orçamentária'!$I$17:$I$1517) -> 0 | H36: =IF(D36<>0,INDEX('Plan. Orçamentária'!$F$17:$K$1517,MATCH(D36,'Plan. Orçamentária'!$F$17:$F$1517,0),6),0) -> #N/A | I36: =ROUND(ROUND(G36,2)*ROUND(H36,2),2) -> #N/A | K36: =I36/$I$1 -> #N/A | L36: =K36+L35 -> #N/A | M36: =IF(L36<=80%,"A",IF(L36<=95%,"B","C")) -> #N/A
B37: 7005 | C37: CDHU | D37: 97.05.140 | E37: =VLOOKUP($B37,'Plan. Orçamentária'!$D$17:$L$1570,4,FALSE) -> Suporte de perfil metálico galvanizado | F37: =VLOOKUP($B37,'Plan. Orçamentária'!$D$17:$L$1517,5,FALSE) -> KG | G37: =SUMIF('Plan. Orçamentária'!$F$17:$F$1517,D37,'Plan. Orçamentária'!$I$17:$I$1517) -> 99.54 | H37: =IF(D37<>0,INDEX('Plan. Orçamentária'!$F$17:$K$1517,MATCH(D37,'Plan. Orçamentária'!$F$17:$F$1517,0),6),0) -> 37.22 | I37: =ROUND(ROUND(G37,2)*ROUND(H37,2),2) -> 3704.88 | K37: =I37/$I$1 -> #N/A | L37: =K37+L36 -> #N/A | M37: =IF(L37<=80%,"A",IF(L37<=95%,"B","C")) -> #N/A
B38: 4002 | C38: CDHU | D38: 07.11.020 | E38: =VLOOKUP($B38,'Plan. Orçamentária'!$D$17:$L$1570,4,FALSE) -> Reaterro compactado mecanizado de vala ou cava com compactador | F38: =VLOOKUP($B38,'Plan. Orçamentária'!$D$17:$L$1517,5,FALSE) -> M3 | G38: =SUMIF('Plan. Orçamentária'!$F$17:$F$1517,D38,'Plan. Orçamentária'!$I$17:$I$1517) -> 360.91 | H38: =IF(D38<>0,INDEX('Plan. Orçamentária'!$F$17:$K$1517,MATCH(D38,'Plan. Orçamentária'!$F$17:$F$1517,0),6),0) -> 9.14 | I38: =ROUND(ROUND(G38,2)*ROUND(H38,2),2) -> 3298.72 | K38: =I38/$I$1 -> #N/A | L38: =K38+L37 -> #N/A | M38: =IF(L38<=80%,"A",IF(L38<=95%,"B","C")) -> #N/A
B39: 4006 | C39: CDHU | D39: 34.02.020 | E39: =VLOOKUP($B39,'Plan. Orçamentária'!$D$17:$L$1570,4,FALSE) -> Plantio de grama batatais em placas (praças e áreas abertas) | F39: =VLOOKUP($B39,'Plan. Orçamentária'!$D$17:$L$1517,5,FALSE) -> M2 | G39: =SUMIF('Plan. Orçamentária'!$F$17:$F$1517,D39,'Plan. Orçamentária'!$I$17:$I$1517) -> 177 | H39: =IF(D39<>0,INDEX('Plan. Orçamentária'!$F$17:$K$1517,MATCH(D39,'Plan. Orçamentária'!$F$17:$F$1517,0),6),0) -> 17.47 | I39: =ROUND(ROUND(G39,2)*ROUND(H39,2),2) -> 3092.19 | K39: =I39/$I$1 -> #N/A | L39: =K39+L38 -> #N/A | M39: =IF(L39<=80%,"A",IF(L39<=95%,"B","C")) -> #N/A
B40: 4007 | C40: CDHU | D40: 34.02.400 | E40: =VLOOKUP($B40,'Plan. Orçamentária'!$D$17:$L$1570,4,FALSE) -> Plantio de grama pelo processo hidrossemeadura | F40: =VLOOKUP($B40,'Plan. Orçamentária'!$D$17:$L$1517,5,FALSE) -> M2 | G40: =SUMIF('Plan. Orçamentária'!$F$17:$F$1517,D40,'Plan. Orçamentária'!$I$17:$I$1517) -> 177 | H40: =IF(D40<>0,INDEX('Plan. Orçamentária'!$F$17:$K$1517,MATCH(D40,'Plan. Orçamentária'!$F$17:$F$1517,0),6),0) -> 16.56 | I40: =ROUND(ROUND(G40,2)*ROUND(H40,2),2) -> 2931.12 | K40: =I40/$I$1 -> #N/A | L40: =K40+L39 -> #N/A | M40: =IF(L40<=80%,"A",IF(L40<=95%,"B","C")) -> #N/A
B41: 10002 | C41: CDHU | D41: 01.21.010 | E41: =VLOOKUP($B41,'Plan. Orçamentária'!$D$17:$L$1570,4,FALSE) -> Taxa de mobilização e desmobilização de equipamentos para execução de sondagem | F41: =VLOOKUP($B41,'Plan. Orçamentária'!$D$17:$L$1517,5,FALSE) -> TX | G41: =SUMIF('Plan. Orçamentária'!$F$17:$F$1517,D41,'Plan. Orçamentária'!$I$17:$I$1517) -> 0 | H41: =IF(D41<>0,INDEX('Plan. Orçamentária'!$F$17:$K$1517,MATCH(D41,'Plan. Orçamentária'!$F$17:$F$1517,0),6),0) -> 1530.51 | I41: =ROUND(ROUND(G41,2)*ROUND(H41,2),2) -> 0 | K41: =I41/$I$1 -> #N/A | L41: =K41+L40 -> #N/A | M41: =IF(L41<=80%,"A",IF(L41<=95%,"B","C")) -> #N/A
B42: 8001 | C42: SIURB (I) | D42: 10017000 | E42: =VLOOKUP($B42,'Plan. Orçamentária'!$D$17:$L$1570,4,FALSE) -> HIDROJATEAMENTO DE ALTA PRESSÃO PARA LIMPEZA DE SUPERFÍCIES | F42: =VLOOKUP($B42,'Plan. Orçamentária'!$D$17:$L$1517,5,FALSE) -> M2 | G42: =SUMIF('Plan. Orçamentária'!$F$17:$F$1517,D42,'Plan. Orçamentária'!$I$17:$I$1517) -> 0 | H42: =IF(D42<>0,INDEX('Plan. Orçamentária'!$F$17:$K$1517,MATCH(D42,'Plan. Orçamentária'!$F$17:$F$1517,0),6),0) -> 0.53 | I42: =ROUND(ROUND(G42,2)*ROUND(H42,2),2) -> 0 | K42: =I42/$I$1 -> #N/A | L42: =K42+L41 -> #N/A | M42: =IF(L42<=80%,"A",IF(L42<=95%,"B","C")) -> #N/A
B43: 10003 | C43: CDHU | D43: 01.21.100 | E43: =VLOOKUP($B43,'Plan. Orçamentária'!$D$17:$L$1570,4,FALSE) -> Sondagem do terreno a trado | F43: =VLOOKUP($B43,'Plan. Orçamentária'!$D$17:$L$1517,5,FALSE) -> M | G43: =SUMIF('Plan. Orçamentária'!$F$17:$F$1517,D43,'Plan. Orçamentária'!$I$17:$I$1517) -> 0 | H43: =IF(D43<>0,INDEX('Plan. Orçamentária'!$F$17:$K$1517,MATCH(D43,'Plan. Orçamentária'!$F$17:$F$1517,0),6),0) -> 118.71 | I43: =ROUND(ROUND(G43,2)*ROUND(H43,2),2) -> 0 | K43: =I43/$I$1 -> #N/A | L43: =K43+L42 -> #N/A | M43: =IF(L43<=80%,"A",IF(L43<=95%,"B","C")) -> #N/A
B44: 9002 | C44: SIURB (I) | D44: 2006004 | E44: =VLOOKUP($B44,'Plan. Orçamentária'!$D$17:$L$1570,4,FALSE) -> ENSAIOS DE LABORATÓRIO - COMPACTAÇÃO | F44: =VLOOKUP($B44,'Plan. Orçamentária'!$D$17:$L$1517,5,FALSE) -> ENS. | G44: =SUMIF('Plan. Orçamentária'!$F$17:$F$1517,D44,'Plan. Orçamentária'!$I$17:$I$1517) -> 0 | H44: =IF(D44<>0,INDEX('Plan. Orçamentária'!$F$17:$K$1517,MATCH(D44,'Plan. Orçamentária'!$F$17:$F$1517,0),6),0) -> 365.93 | I44: =ROUND(ROUND(G44,2)*ROUND(H44,2),2) -> 0 | K44: =I44/$I$1 -> #N/A | L44: =K44+L43 -> #N/A | M44: =IF(L44<=80%,"A",IF(L44<=95%,"B","C")) -> #N/A
B45: 10004 | C45: SIURB (I) | D45: 2006007 | E45: =VLOOKUP($B45,'Plan. Orçamentária'!$D$17:$L$1570,4,FALSE) -> ENSAIOS DE LABORATÓRIO - CBR MOLDADO | F45: =VLOOKUP($B45,'Plan. Orçamentária'!$D$17:$L$1517,5,FALSE) -> ENS. | G45: =SUMIF('Plan. Orçamentária'!$F$17:$F$1517,D45,'Plan. Orçamentária'!$I$17:$I$1517) -> 0 | H45: =IF(D45<>0,INDEX('Plan. Orçamentária'!$F$17:$K$1517,MATCH(D45,'Plan. Orçamentária'!$F$17:$F$1517,0),6),0) -> 345.01 | I45: =ROUND(ROUND(G45,2)*ROUND(H45,2),2) -> 0 | K45: =I45/$I$1 -> #N/A | L45: =K45+L44 -> #N/A | M45: =IF(L45<=80%,"A",IF(L45<=95%,"B","C")) -> #N/A
B46: 2006 | C46: SIURB (E) | D46: 1005007 | E46: =VLOOKUP($B46,'Plan. Orçamentária'!$D$17:$L$1570,4,FALSE) -> PORTÃO DE PEDESTRES - 1,15M, PARA TAPUME | F46: =VLOOKUP($B46,'Plan. Orçamentária'!$D$17:$L$1517,5,FALSE) -> M2 | G46: =SUMIF('Plan. Orçamentária'!$F$17:$F$1517,D46,'Plan. Orçamentária'!$I$17:$I$1517) -> 0 | H46: =IF(D46<>0,INDEX('Plan. Orçamentária'!$F$17:$K$1517,MATCH(D46,'Plan. Orçamentária'!$F$17:$F$1517,0),6),0) -> 334.7 | I46: =ROUND(ROUND(G46,2)*ROUND(H46,2),2) -> 0 | K46: =I46/$I$1 -> #N/A | L46: =K46+L45 -> #N/A | M46: =IF(L46<=80%,"A",IF(L46<=95%,"B","C")) -> #N/A
B47: 7004 | C47: CDHU | D47: 97.05.130 | E47: =VLOOKUP($B47,'Plan. Orçamentária'!$D$17:$L$1570,4,FALSE) -> Colocação de placa em suporte de madeira / metálico - solo | F47: =VLOOKUP($B47,'Plan. Orçamentária'!$D$17:$L$1517,5,FALSE) -> M2 | G47: =SUMIF('Plan. Orçamentária'!$F$17:$F$1517,D47,'Plan. Orçamentária'!$I$17:$I$1517) -> 3 | H47: =IF(D47<>0,INDEX('Plan. Orçamentária'!$F$17:$K$1517,MATCH(D47,'Plan. Orçamentária'!$F$17:$F$1517,0),6),0) -> 88.97 | I47: =ROUND(ROUND(G47,2)*ROUND(H47,2),2) -> 266.91 | K47: =I47/$I$1 -> #N/A | L47: =K47+L46 -> #N/A | M47: =IF(L47<=80%,"A",IF(L47<=95%,"B","C")) -> #N/A

Sheet ATESTADOS
A1: Dados da Obra
A2: Cliente | B2: ='CLIENTE-OBJETO'!B2 -> PREFEITURA MUNICIPAL DE SANTA BRANCA
A3: Objeto | B3: ='CLIENTE-OBJETO'!B3 -> PROJETO DE INFRAESTRUTURA - RUA LARANJEIRAS
A4: Local | B4: ='CLIENTE-OBJETO'!B4 -> RUA LARANJEIRAS - SANTA BRANCA/SP
A5: ='CLIENTE-OBJETO'!A10 -> Data: | B5: ='CLIENTE-OBJETO'!B10 -> 45947
B8: ATESTADOS
D10: CONTRATADO - ORIGINAL
A11: ITEM | B11: DESCRIÇÃO DOS SERVIÇOS | C11: Unid. | D11: VALOR GLOBAL | G11: =RESUMO!E11 -> 1038925.4 | H11: EXIGÊNCIA ATESTADOS
D13: Quant. | E13: Custo Unitário | F13: Preço Unitário | G13: Preço Total | H13: QTDE
A14: ='CURVA ABC'!B3 -> 5003 | B14: ='CURVA ABC'!E3 -> Base de brita graduada | C14: ='CURVA ABC'!F3 -> M3 | D14: ='CURVA ABC'!G3 -> 656 | E14: =VLOOKUP('CURVA ABC'!B3,'Plan. Orçamentária'!$D$15:$L$75,7,FALSE) -> 271.34 | F14: ='CURVA ABC'!H3 -> 327.59 | G14: ='CURVA ABC'!I3 -> 214899.04 | H14: =IF(G14/$G$11>0.0399,D14/2,0) -> 328 | L14: ='CURVA ABC'!K3 -> #N/A
A15: ='CURVA ABC'!B4 -> 5006 | B15: ='CURVA ABC'!E4 -> Camada de rolamento em concreto betuminoso usinado quente - CBUQ | C15: ='CURVA ABC'!F4 -> M3 | D15: ='CURVA ABC'!G4 -> 104.96 | E15: =VLOOKUP('CURVA ABC'!B4,'Plan. Orçamentária'!$D$15:$L$75,7,FALSE) -> 1583.39 | F15: ='CURVA ABC'!H4 -> 1911.63 | G15: ='CURVA ABC'!I4 -> 200644.68 | H15: =IF(G15/$G$11>0.0399,D15/2,0) -> 52.48 | L15: ='CURVA ABC'!K4 -> #N/A
A16: ='CURVA ABC'!B5 -> 6003 | B16: ='CURVA ABC'!E5 -> Concreto usinado, fck = 20 MPa - para bombeamento | C16: ='CURVA ABC'!F5 -> M3 | D16: ='CURVA ABC'!G5 -> 149.44 | E16: =VLOOKUP('CURVA ABC'!B5,'Plan. Orçamentária'!$D$15:$L$75,7,FALSE) -> 543.1 | F16: ='CURVA ABC'!H5 -> 655.68 | G16: ='CURVA ABC'!I5 -> 97984.82 | H16: =IF(G16/$G$11>0.0399,D16/2,0) -> 74.72 | L16: ='CURVA ABC'!K5 -> #N/A
A17: ='CURVA ABC'!B6 -> 7002 | B17: ='CURVA ABC'!E6 -> Sinalização horizontal em massa termoplástica à quente por aspersão, espessura de 1,5 mm, para faixas | C17: ='CURVA ABC'!F6 -> M2 | D17: ='CURVA ABC'!G6 -> 0 | E17: =VLOOKUP('CURVA ABC'!B6,'Plan. Orçamentária'!$D$15:$L$75,7,FALSE) -> #N/A | F17: ='CURVA ABC'!H6 -> 102.45 | G17: ='CURVA ABC'!I6 -> 0 | H17: =IF(G17/$G$11>0.0399,D17/2,0) -> 0 | L17: ='CURVA ABC'!K6 -> #N/A
A18: ='CURVA ABC'!B7 -> 6001 | B18: ='CURVA ABC'!E7 -> Execução de perfil extrusado no local, sem concreto | C18: ='CURVA ABC'!F7 -> M3 | D18: ='CURVA ABC'!G7 -> 149.44 | E18: =VLOOKUP('CURVA ABC'!B7,'Plan. Orçamentária'!$D$15:$L$75,7,FALSE) -> 446.55 | F18: ='CURVA ABC'!H7 -> 539.12 | G18: ='CURVA ABC'!I7 -> 80566.09 | H18: =IF(G18/$G$11>0.0399,D18/2,0) -> 74.72 | L18: ='CURVA ABC'!K7 -> #N/A
A19: ='CURVA ABC'!B8 -> 6002 | B19: ='CURVA ABC'!E8 -> Base em concreto com fck de 20 MPa, para guias, sarjetas ou sarjetões | C19: ='CURVA ABC'!F8 -> M3 | D19: ='CURVA ABC'!G8 -> 88.02 | E19: =VLOOKUP('CURVA ABC'!B8,'Plan. Orçamentária'!$D$15:$L$75,7,FALSE) -> 603.31 | F19: ='CURVA ABC'!H8 -> 728.38 | G19: ='CURVA ABC'!I8 -> 64112.01 | H19: =IF(G19/$G$11>0.0399,D19/2,0) -> 44.01 | L19: ='CURVA ABC'!K8 -> #N/A
A20: ='CURVA ABC'!B9 -> 10001 | B20: ='CURVA ABC'!E9 -> PROJETO EXECUTIVO (PRANCHA A1) | C20: ='CURVA ABC'!F9 -> UN | D20: ='CURVA ABC'!G9 -> 0 | E20: =VLOOKUP('CURVA ABC'!B9,'Plan. Orçamentária'!$D$15:$L$75,7,FALSE) -> #N/A | F20: ='CURVA ABC'!H9 -> 6573.8 | G20: ='CURVA ABC'!I9 -> 0 | H20: =IF(G20/$G$11>0.0399,D20/2,0) -> 0 | L20: ='CURVA ABC'!K9 -> #N/A
A21: ='CURVA ABC'!#REF! -> #REF! | B21: ='CURVA ABC'!#REF! -> #REF! | C21: ='CURVA ABC'!#REF! -> #REF! | D21: ='CURVA ABC'!#REF! -> #REF! | E21: =VLOOKUP('CURVA ABC'!#REF!,'Plan. Orçamentária'!$D$15:$L$75,7,FALSE) -> #REF! | F21: ='CURVA ABC'!#REF! -> #REF! | G21: ='CURVA ABC'!#REF! -> #REF! | H21: =IF(G21/$G$11>0.0399,D21/2,0) -> #REF! | L21: ='CURVA ABC'!#REF! -> #REF!
A22: ='CURVA ABC'!#REF! -> #REF! | B22: ='CURVA ABC'!#REF! -> #REF! | C22: ='CURVA ABC'!#REF! -> #REF! | D22: ='CURVA ABC'!#REF! -> #REF! | E22: =VLOOKUP('CURVA ABC'!#REF!,'Plan. Orçamentária'!$D$15:$L$75,7,FALSE) -> #REF! | F22: ='CURVA ABC'!#REF! -> #REF! | G22: ='CURVA ABC'!#REF! -> #REF! | H22: =IF(G22/$G$11>0.0399,D22/2,0) -> #REF! | L22: ='CURVA ABC'!#REF! -> #REF!
